Workbook
Name Afectación_Económica: '3 PROBABIL E IMPACTO INHERENTE'!$X$10:$X$15
Name Definicion_tratamiento: '11 FORMULAS'!#REF!
Name E_Relaciones_Laborales: '11 FORMULAS'!$C$12:$C$17
Name Ejecución_administración_de_procesos: Tabla2[Ejecución_administración_de_procesos]
Name Evento_externo: '11 FORMULAS'!$F$39:$F$42
Name F_Usuarios_Productos_y_Prácticas_Organizacionales: '11 FORMULAS'!$C$18:$C$23
Name Fiscal: '11 FORMULAS'!$B$32:$B$35
Name Fiscal_A: '11 FORMULAS'!#REF!
Name Fiscal_B: '11 FORMULAS'!#REF!
Name G_Daños_Activos_Físicos: '11 FORMULAS'!$C$24:$C$26
Name Gestión: '11 FORMULAS'!$A$32:$A$34
Name Gestiòn: '11 FORMULAS'!#REF!
Name Gestión_A: '11 FORMULAS'!#REF!
Name Gestión_B: '11 FORMULAS'!#REF!
Name IMPACTO_PROCESOS: '[1]LISTAS FORMULAS'!$C$3:$C$7
Name IMPACTO_PROCESOS: '[1]LISTAS FORMULAS'!$C$3:$C$7
Name IMPACTO_PROCESOS: '[1]LISTAS FORMULAS'!$C$3:$C$7
Name IMPACTO_PROCESOS: '[1]LISTAS FORMULAS'!$C$3:$C$7
Name IMPACTO_PROCESOS: '[1]LISTAS FORMULAS'!$C$3:$C$7
Name IMPACTO_PROCESOS: '[1]LISTAS FORMULAS'!$C$3:$C$7
Name Infraestructura: '11 FORMULAS'!$E$39:$E$42
Name Integridad_Pública_Corrupción: '11 FORMULAS'!$D$32:$D$34
Name Integridad_Pública_LA_FT_FP: '11 FORMULAS'!$E$32:$E$34
Name IntegridadPública_Corrupción: '11 FORMULAS'!#REF!
Name IntegridadPública_LA_FT_FP: '11 FORMULAS'!#REF!
Name opciones: '[1]LISTAS FORMULAS'!$F$3:$F$4
Name opciones: '[1]LISTAS FORMULAS'!$F$3:$F$4
Name opciones: '[1]LISTAS FORMULAS'!$F$3:$F$4
Name opciones: '[1]LISTAS FORMULAS'!$F$3:$F$4
Name opciones: '[1]LISTAS FORMULAS'!$F$3:$F$4
Name opciones: '[1]LISTAS FORMULAS'!$F$3:$F$4
Name opciones2: '[1]LISTAS FORMULAS'!$G$3:$G$5
Name opciones2: '[1]LISTAS FORMULAS'!$G$3:$G$5
Name opciones2: '[1]LISTAS FORMULAS'!$G$3:$G$5
Name opciones2: '[1]LISTAS FORMULAS'!$G$3:$G$5
Name opciones2: '[1]LISTAS FORMULAS'!$G$3:$G$5
Name opciones2: '[1]LISTAS FORMULAS'!$G$3:$G$5
Name Plan_accion: '11 FORMULAS'!#REF!
Name Plan_acción: '11 FORMULAS'!#REF!
Name Plan_de_acción: '11 FORMULAS'!#REF!
Name Posibilidad__de_efecto_dañoso_sobre_el_interes_patrimonial: '11 FORMULAS'!#REF!
Name Posibilidad_de_pérdida_Económica: '11 FORMULAS'!#REF!
Name Quince_Cero: '[1]LISTAS FORMULAS'!$F$14:$F$15
Name Quince_Cero: '[1]LISTAS FORMULAS'!$F$14:$F$15
Name Quince_Cero: '[1]LISTAS FORMULAS'!$F$14:$F$15
Name Quince_Cero: '[1]LISTAS FORMULAS'!$F$14:$F$15
Name Quince_Cero: '[1]LISTAS FORMULAS'!$F$14:$F$15
Name Quince_Cero: '[1]LISTAS FORMULAS'!$F$14:$F$15
Name Rango_Calificacion_Ejecucion: '[1]LISTAS FORMULAS'!$H$3:$H$5
Name Rango_Calificacion_Ejecucion: '[1]LISTAS FORMULAS'!$H$3:$H$5
Name Rango_Calificacion_Ejecucion: '[1]LISTAS FORMULAS'!$H$3:$H$5
Name Rango_Calificacion_Ejecucion: '[1]LISTAS FORMULAS'!$H$3:$H$5
Name Rango_Calificacion_Ejecucion: '[1]LISTAS FORMULAS'!$H$3:$H$5
Name Rango_Calificacion_Ejecucion: '[1]LISTAS FORMULAS'!$H$3:$H$5
Name Reducir_mitigar_Transferir_Evitar: '8 MAPA RIESGOS'!$AF$20:$AF$22
Name Reputacional: '3 PROBABIL E IMPACTO INHERENTE'!$Y$10:$Y$15
Name Requiere_Plan_de_Acción: '8 MAPA RIESGOS'!$AF$20:$AF$22
Name Seg.Información: '11 FORMULAS'!#REF!
Name Seguridad_Información: '11 FORMULAS'!$C$32:$C$34
Name Talento_Humano: '11 FORMULAS'!$C$39:$C$42

Sheet 1 INSTRUCTIVO
B2: Matriz Mapa de Riesgos Integrales
B4: Con la expedición del Decreto 1499 de 2017 “Por medio del cual se modifica el Decreto 1083 de 2015, Decreto Único Reglamentario del Sector Función Pública, en lo relacionado con el Sistema de Gestión establecido en el artículo 133 de la Ley 1753 de 2015”, se crea un solo Sistema de Gestión y se alinea con el Sistema de Control Interno, hoy todas las entidades públicas requieren actualizar y/o implementar el Modelo Integrado de Planeación y Gestión MIPG, modelo que incorpora el Modelo Estándar de Control Interno MECI a través de la 7a dimensión del mismo. En este marco general, el proceso de administración del riesgo es un esfuerzo conjunto entre la Alta Dirección y los servidores en todos sus niveles, ejercicio que inicia con la formulación de la política de Administración del Riesgo, la cual incluye los niveles de responsabilidad frente al seguimiento y evaluación, aspectos que deberán definirse acorde con el Esquema de Líneas de Defensa vinculado a la Dimensión 7. Teniendo en cuenta lo anterior y dada la necesidad de las entidades frente a la estructuración de los mapas de riesgos, como herramienta fundamental frente a la gestión del riesgo, el presente formato desarrolla un esquema completo acorde con los contenidos metodológicos de la Guía para la Administración del Riesgo y el diseño de controles V5. El formato cuenta con celdas parametrizadas y permite contar con los respectivos mapas de calor para riesgo inherente y riesgo residual.
B6: Orientaciones Generales
B7: Antes de iniciar con el diligenciamiento de la información en la matriz, se requiere haber avanzado en el análisis del proceso, su objetivo, alcance, actividades clave, considere los lineamientos establecidos en el Paso 2: identificación del riesgo, donde se explica ampliamente las bases para adelantar este análisis. Así mismo, considere en el Paso 3: valoración del riesgo los lineamientos para definir el No. de veces que se hace la actividad con la cual se relaciona el riesgo y su impacto en términos económicos o reputacionales. En este mismo paso se analizan los controles que deben responder a los atributos de eficiencia e informativos.
B9: Las hojas se encuentran protegidas para evidar dañar las formulas, para desprotegerlas no se requiere contraseña
B11: Se debe ingresar información solo en las celdas identificadas con color NARANJA CLARO, las demás contienen formulas de autollenado
B13: El formato de fecha es: DD/MM/AAAA
B15: El archivo contiene las siguientes hojas:
B17: 1 INSTRUCTIVO: Identifica el contenido del archivo y su funcionalidad
B19: 2 CONTEXTO E IDENTIFICACIÓN: Se establece el Número, Descripción y Factor del riesgo
C21: Columna | E21: Descripción - Lineamientos para el diligenciamiento
C22: Proceso | E22: Diligencie el nombre del proceso al cual se le identificarán y valorarán los riesgos.
C23: Objetivo del Proceso | E23: Diligencie el objetivo del proceso.
C24: Alcance del Proceso | E24: Diligencie el alcance del proceso.
C25: Vigencia: | E25: Vigencia que tiene el mapa de riesgos fecha inicio fecha final, formato (DD/MM/AAAA)
C26: No. de Riesgo | E26: Permite definir unl consecutivo de riesgos. Una entidad puede ir en el riesgo 150, pero tener 70 riesgos, lo que permite llevar una traza de los riesgos. Esta información la debe administrar la oficina asesora de planeación o gerencia de riesgos. Cuando un el riesgo salga del mapa no existirá otro riesgo con el mismo número.
C27: ¿QUÉ? IMPACTO | E27: Analice las consecuencias que puede ocasionar a la organización la materialización del riesgo, Seleccione de la lista desplegable entre: Posibilidad de pérdida Económica Posibilidad de pérdida Reputacional Posibilidad de pérdida Económica y Reputacional
C28: ¿CÓMO? CAUSA INMEDIATA | E28: Circunstancias bajo las cuales se presenta el riesgo, es la situación más evidente frente al riesgo, redacte de la forma más concreta posible. (Iniciar con la palabra por)
C29: ¿PORQUÉ? CAUSA RAÍZ | E29: Causa principal o básica, corresponde a las razones por la cuales se puede presentar el riesgo, redacte de la forma más concreta posible. (Iniciar con debido a)
C30: DESCRIPCIÓN DEL RIESGO | E30: Consolida o resume los análisis sobre impacto + causa inmediata + causa raíz, permitiendo contar con una redacción clara y concreta del riesgo indentificado. Tenga en cuenta la estructura de alto nivel establecida en al guía, inicia con POSIBILIDAD DE + Impacto para la entidad (Qué) + Causa Inmediata (Cómo) + Causa Raíz (Por qué) (Se genera automáticamente)
C31: FACTOR DEL RIESGO / TIPO | E31: Seleccione de la lista desplegable entre las opiciones: A_Ejecución_y_Administración_de_procesos B_Fraude_Externo C_Fraude_Interno D_Fallas_Tecnológicas E_Relaciones_Laborales F_Usuarios_Productos_y_Prácticas_Organizacionales G_Daños_Activos_Físicos
C32: FACTOR DEL RIESGO / SELECCIONE FUENTE GENERADORA DEL EVENTO PARA TIPO E,F,G | E32: Si en TIPO seleccioneó las opiciones: E_Relaciones_Laborales F_Usuarios_Productos_y_Prácticas_Organizacionales G_Daños_Activos_Físicos Debe definir la fuente generadora de la lista desplegable
C33: RESULTADO FUENTE GENERADORA DEL EVENTO | E33: Se rellena automáticamente según lo seleccinado de FACTOR DEL RIESGO
B35: 3 PROBABIL E IMPACTO INHERENTE:
C37: Columna | E37: Descripción - Lineamientos para el diligenciamiento
C38: No. veces que realiza la actividad al año | E38: Defina el número de veces que se ejecuta la actividad durante el año, (Recuerde la probabilidad e ocurrencia del riesgo se define como el No. de veces que se pasa por el punto de riesgo en el periodo de 1 año). La matriz automáticamente hará el cálculo para el nivel de probabilidad inherente. La matriz calcula automáticamente: Frecuencia de la Actividad % Probabilidad Nivel Probabilidad
C39: Afectación Económica | E39: Selecciona de la lista desplegable el rango de afectación económica y la matriz calcula: % Nivel
C40: Reputacional | E40: Selecciona de la lista desplegable el rango de afectación reputacional y la matriz calcula: % Nivel
C41: Resultado / Porcentaje de Impacto / Nivel de Impacto | E41: Se calcula automáticamente según la información de afectación económica y reputacional
B43: 4 MAPA CALOR INHERENTE: Representación gráfica de la ubicación de cada riesgo inherente en el mapa de calor (En esta hoja no se ingresan datos)
B45: 5 VALORACIÓN DEL CONTROL: Se realiza la descripción y atributos del control, calcula automáticamente el Valor Total del Control, Probabilidad residual e Impacto Residual
C47: Columna | E47: Descripción - Lineamientos para el diligenciamiento
C48: Descripción del Control | E48: Recuerde que el control se define como la medida que permite reducir o mitigar un riesgo. Defina el control (es) que atacan la causa raíz del riesgo, considere la estructura explicada en la guía: Responsable de ejecutar el control + Acción + Complemento
C49: Tipo de control | E49: Debe seleccionar de lista desplegable entre: Preventivo Detectivo Correctivo
C50: Peso del Control | E50: Se calcula automáticamente según lo seleccionado en Tipo de Control Preventivo: 25 % Detectivo: 15 % Correctivo: 10 %
C51: Afectación o Desplazamiento en la Matriz | E51: Se calcula automáticamente según lo seleccionado en Tipo de Control Preventivo: 25 % Detectivo: 15 % Correctivo: 10 %
C52: Implementación | E52: Debe seleccionar de lista desplegable entre: Automático: 25 % Manual: 15 %
C53: Peso de la implementación | E53: Se calcula automáticamente según lo seleccionado en Implementación Manual Automático
C54: Informativos | E54: Debe seleccionar de listas desplegables Documentación: Documentado - Sin Documentar Frecuencia: Continua - Aleatoria Evidencia: Con registro - Sin registro
C55: Valor Total del Control | E55: Se calcula automáticamente: Peso del Control + Peso de la implementación
C56: Probabilidad residual | E56: Se calcula automáticamente: % Probabilidad Riesgo Inherente-(% Probabilidad Riesgo Inherente*Valor Total del Control)
C57: Impacto Residual | E57: % Impacto Riesgo Inherente-(% Impacto Riesgo Inherente*Valor Total del Control)
B59: 6 MAPA CALOR RESIDUAL: Representación gráfica de la ubicación de cada riesgo residual en el mapa de calor (En esta hoja no se ingresan datos)
B61: 7 MAPA CALOR INHEREN Y RESIDUAL: Comparación gráfica de la ubicación de cada riesgo inherente y residual en el mapa de calor (En esta hoja no se ingresan dados)
B63: 8 MAPA RIESGOS: Establece el Tratamiento, Plan de Acción, Seguimientos por parte del Líder del Proceso, Verificación por parte de segunda línea de defensa o quien haga sus veces, Verificación por parte de la Oficina de Control Interno o quien haga sus veces y el estado de la acción.
C65: Columna | E65: Descripción - Lineamientos para el diligenciamiento
C66: SEVERIDAD (NIVEL DE RIESGO) | E66: Se calcula automáticamente según CALIFICACIÓN RIESGO RESIDUAL / PROBABILIDAD E IMPACTO
C67: Tratamiento | E67: Se calcula automáticamente según SEVERIDAD (NIVEL DE RIESGO): Extremo, Alto, Moderado: Reducir, mitigar, Transferir, Evitar Bajo: Aceptar
C68: ¿Requiere Plan de Acción? | E68: Se calcula automáticamente según Tratamiento Reducir, mitigar, Transferir, Evitar: Requiere plan de acción Aceptar: No requiere plan de acción
C69: Plan de Acción Descripción de la Acción, basado en el análisis de causas Responsable (Cargo) Soporte Fecha de Inicio Fecha de Finalización | E69: Esta casilla dependerá del tratamiento establecido, si es Aceptar no se requieren acciones adicionales, en caso de escoger Reducir (mitigar) se deben diligenciar las acciones que se adelantarán como complemento a los controles establecidos, no necesariamente son controles adicionales. Para Reducir (compartir), es viable diligenciar la acción que deriva de esta (ejemplo póliza seguros, terceración), indicando información relevante. Se registra las evidencias que soporta la ejecución de la acción
B71: 9 RIESGO DEL PROCESO: Calcula el nivel de riesgo del proceso (En esta hoja no se ingresan datos)
B73: 10 CONTROL DE CAMBIOS: En ella se debe registrar los cambios al formato y al contenido del mismo
B75: 11 FORMULAS: La información que contiene se utiliza para realizar operaciones en las demás hojas (En esta hoja no se ingresan datos)
B78: Lista de datos de la matriz:
B81: Hoja | C81: Columna | E81: Descripción - Lineamientos para el diligenciamiento
B82: 2 | C82: Proceso | E82: Diligencie el nombre del proceso al cual se le identificarán y valorarán los riesgos.
B83: 2 | C83: Objetivo del Proceso | E83: Diligencie el objetivo del proceso.
B84: 2 | C84: Alcance del Proceso | E84: Diligencie el alcance del proceso.
B85: 2 | C85: Vigencia: | E85: Vigencia que tiene el mapa de riesgos fecha inicio fecha final, formato (DD/MM/AAAA)
B86: 2 | C86: No. de Riesgo | E86: Permite definir unl consecutivo de riesgos. Una entidad puede ir en el riesgo 150, pero tener 70 riesgos, lo que permite llevar una traza de los riesgos. Esta información la debe administrar la oficina asesora de planeación o gerencia de riesgos. Cuando un el riesgo salga del mapa no existirá otro riesgo con el mismo número.
B87: 2 | C87: ¿QUÉ? IMPACTO | E87: Analice las consecuencias que puede ocasionar a la organización la materialización del riesgo, Seleccione de la lista desplegable entre: Posibilidad de pérdida Económica Posibilidad de pérdida Reputacional Posibilidad de pérdida Económica y Reputacional
B88: 2 | C88: ¿CÓMO? CAUSA INMEDIATA | E88: Circunstancias bajo las cuales se presenta el riesgo, es la situación más evidente frente al riesgo, redacte de la forma más concreta posible. (Iniciar con la palabra por)
B89: 2 | C89: ¿PORQUÉ? CAUSA RAÍZ | E89: Causa principal o básica, corresponde a las razones por la cuales se puede presentar el riesgo, redacte de la forma más concreta posible. (Iniciar con debido a)
B90: 2 | C90: DESCRIPCIÓN DEL RIESGO | E90: Consolida o resume los análisis sobre impacto + causa inmediata + causa raíz, permitiendo contar con una redacción clara y concreta del riesgo indentificado. Tenga en cuenta la estructura de alto nivel establecida en al guía, inicia con POSIBILIDAD DE + Impacto para la entidad (Qué) + Causa Inmediata (Cómo) + Causa Raíz (Por qué) (Se genera automáticamente)
B91: 2 | C91: FACTOR DEL RIESGO / TIPO | E91: Seleccione de la lista desplegable entre las opiciones: A_Ejecución_y_Administración_de_procesos B_Fraude_Externo C_Fraude_Interno D_Fallas_Tecnológicas E_Relaciones_Laborales F_Usuarios_Productos_y_Prácticas_Organizacionales G_Daños_Activos_Físicos
B92: 2 | C92: FACTOR DEL RIESGO / SELECCIONE FUENTE GENERADORA DEL EVENTO PARA TIPO E,F,G | E92: Si en TIPO seleccioneó las opiciones: E_Relaciones_Laborales F_Usuarios_Productos_y_Prácticas_Organizacionales G_Daños_Activos_Físicos Debe definir la fuente generadora de la lista desplegable
B93: 2 | C93: RESULTADO FUENTE GENERADORA DEL EVENTO | E93: Se rellena automáticamente según lo seleccinado de FACTOR DEL RIESGO
... B111: 8 | C111: Plan de Acción Descripción de la Acción, basado en el análisis de causas Responsable (Cargo) Soporte Fecha de Inicio Fecha de Finalización | E111: Esta casilla dependerá del tratamiento establecido, si es Aceptar no se requieren acciones adicionales, en caso de escoger Reducir (mitigar) se deben diligenciar las acciones que se adelantarán como complemento a los controles establecidos, no necesariamente son controles adicionales. Para Reducir (compartir), es viable diligenciar la acción que deriva de esta (ejemplo póliza seguros, terceración), indicando información relevante. Se registra las evidencias que soporta la ejecución de la acción
B116: CONTROL DE CAMBIOS
B117: VERSIÓN | C117: FECHA | E117: DESCRIPCIÓN | G117: RESPONSABLE
B118: 0.0 | C118: 46163 | E118: Creación del documento. Este documento estará en prueba durante 3 meses, pasado este tiempo, se ajustará de versión con los cambios respectivos o se deja en firme, pero con cambio de versión. | G118: Profesional Especializado

Sheet 2 IDENTIFICACIÓN
B1: PROCESO PLANEACIÓN ESTRATÉGICA | J1: Código: F-DPM-10100-238,37-068
J2: Fecha: 21-05-2026
B3: MAPA DE RIESGOS INTEGRALES | J3: Versión: 0.0
A5: ENTIDAD: | B5: ALCALDÍA DE BUCARAMANGA | F5: PROCESO: | G5: GESTIÓN DE SERVICIOS DE LA EDUCACIÓN PÚBLICA | I5: VIGENCIA: | J5: 2026
A6: OBJETIVO DEL PROCESO: | B6: Proveer a la comunidad de Bucaramanga de un servicio educativo pertinente, universal y equitativo, a través de sus Instituciones Educativas, desarrollando en la Secretaría de Educación de Bucaramanga procesos innovadores de planeación, ejecución, control e inspección basados en las tecnologías de información y comunicaciones con el fin de lograr un excelente servicio al cliente, aplicando el mejoramiento continuo y la prevención de riesgos operativos. | F6: ALCANCE: | G6: Inicia con un análisis estratégico del sector educativo, que abarca la evaluación de los recursos humanos y la infraestructura física disponible. Esto permite desarrollar una oferta educativa adaptada a las necesidades de la comunidad, asegurando la calidad del servicio y la prevención del riesgo operativo, en la permanencia de los estudiantes y el adecuado mantenimiento de las instalaciones. Finaliza asegurando la trayectoria educativa hasta la educación media.
A8: No. de Riesgo (Mismo consecutivo para toda la entidad) | B8: FACTOR DEL RIESGO
B9: FACTOR DE RIESGO | C9: SELECCIONE FUENTE GENERADORA DEL EVENTO PARA TIPO E,F,G | D9: VALIDACIÓN FUENTE GENERADORA DEL EVENTO PARA TIPO A,B,C,D | E9: DESCRIPCIÓN DEL TIPO DE FACTOR DE RIESGO | F9: TIPOLOGÍA | G9: ¿QUÉ? IMPACTO | H9: ¿CÓMO? CAUSA INMEDIATA (Iniciar con la palabra por) | I9: ¿PORQUÉ? CAUSA RAÍZ (Iniciar con debido a/a causa de) | J9: DESCRIPCIÓN DEL RIESGO | K9: SUB CAUSAS (Si aplica)
A10: R1 | B10: Ejecución_administración_de_procesos | C10: Falta de aplicación de los procedimientos | D10: =+IF(B10='11 FORMULAS'!$B$4,'11 FORMULAS'!$C$4,IF(B10='11 FORMULAS'!$B$6,'11 FORMULAS'!$C$6,IF(B10='11 FORMULAS'!$B$8,'11 FORMULAS'!$C$8,IF(B10='11 FORMULAS'!$B$10,'11 FORMULAS'!$C$10,"")))) | E10: =+IFERROR(VLOOKUP(B10,Tabla3[],2,0),"") -> Eventos relacionados con la ejecución de los procesos y procedimientos determinados para la operación de la entidad, uso de sistemas de información, por errores en las actividades que deben realizar los servidores de la organización. Estructura organizacional que afecta la capacidad organizacional | F10: Gestión | G10: Posibilidad de afectación económica y reputacional | H10: inconsistencias en la caracterización y registro de la información de los estudiantes en el SIMAT, | I10: deficiencias en el suministro, actualización y validación de la información reportada por las Instituciones Educativas, generando disminución en la asignación de recursos del Sistema General de Participaciones para la prestación del servicio educativo. | J10: =(CONCATENATE(Tabla1[[#This Row],[¿QUÉ? IMPACTO]]," ","por ",Tabla1[[#This Row],[¿CÓMO? CAUSA INMEDIATA (Iniciar con la palabra por)]]," ","debido a"," ",Tabla1[[#This Row],[¿PORQUÉ? CAUSA RAÍZ (Iniciar con debido a/a causa de)]])) -> Posibilidad de afectación económica y reputacional por inconsistencias en la caracterización y registro de la información de los estudiantes en el SIMAT, debido a deficiencias en el suministro, actualización y validación de la información reportada por las Instituciones Educativas, generando disminución en la asignación de recursos del Sistema General de Participaciones para la prestación del servicio educativo.
A11: R2 | B11: Ejecución_administración_de_procesos | C11: Falta de aplicación de los procedimientos | D11: =+IF(B11='11 FORMULAS'!$B$4,'11 FORMULAS'!$C$4,IF(B11='11 FORMULAS'!$B$6,'11 FORMULAS'!$C$6,IF(B11='11 FORMULAS'!$B$8,'11 FORMULAS'!$C$8,IF(B11='11 FORMULAS'!$B$10,'11 FORMULAS'!$C$10,"")))) | E11: =+IFERROR(VLOOKUP(B11,Tabla3[],2,0),"") -> Eventos relacionados con la ejecución de los procesos y procedimientos determinados para la operación de la entidad, uso de sistemas de información, por errores en las actividades que deben realizar los servidores de la organización. Estructura organizacional que afecta la capacidad organizacional | F11: Gestión | G11: Posibilidad de afectación reputacional | H11: publicaciones extemporáneas en el SECOP, | I11: demoras en la entrega y remisión de la información requerida para la gestión contractual. | J11: =(CONCATENATE(Tabla1[[#This Row],[¿QUÉ? IMPACTO]]," ","por ",Tabla1[[#This Row],[¿CÓMO? CAUSA INMEDIATA (Iniciar con la palabra por)]]," ","debido a"," ",Tabla1[[#This Row],[¿PORQUÉ? CAUSA RAÍZ (Iniciar con debido a/a causa de)]])) -> Posibilidad de afectación reputacional por publicaciones extemporáneas en el SECOP, debido a demoras en la entrega y remisión de la información requerida para la gestión contractual.
A12: R3 | B12: Ejecución_administración_de_procesos | C12: Falta de aplicación de los procedimientos | D12: =+IF(B12='11 FORMULAS'!$B$4,'11 FORMULAS'!$C$4,IF(B12='11 FORMULAS'!$B$6,'11 FORMULAS'!$C$6,IF(B12='11 FORMULAS'!$B$8,'11 FORMULAS'!$C$8,IF(B12='11 FORMULAS'!$B$10,'11 FORMULAS'!$C$10,"")))) | E12: =+IFERROR(VLOOKUP(B12,Tabla3[],2,0),"") -> Eventos relacionados con la ejecución de los procesos y procedimientos determinados para la operación de la entidad, uso de sistemas de información, por errores en las actividades que deben realizar los servidores de la organización. Estructura organizacional que afecta la capacidad organizacional | F12: Gestión | G12: Posibilidad de afectación reputacional | H12: posibles investigaciones y sanciones disciplinarias por entes de control, | I12: incumplimiento de la Ley 594 del 2000 en los documentos generados por la Secretaría de Educación. | J12: =(CONCATENATE(Tabla1[[#This Row],[¿QUÉ? IMPACTO]]," ","por ",Tabla1[[#This Row],[¿CÓMO? CAUSA INMEDIATA (Iniciar con la palabra por)]]," ","debido a"," ",Tabla1[[#This Row],[¿PORQUÉ? CAUSA RAÍZ (Iniciar con debido a/a causa de)]])) -> Posibilidad de afectación reputacional por posibles investigaciones y sanciones disciplinarias por entes de control, debido a incumplimiento de la Ley 594 del 2000 en los documentos generados por la Secretaría de Educación.
A13: R4 | B13: Ejecución_administración_de_procesos | C13: Falta de aplicación de los procedimientos | D13: =+IF(B13='11 FORMULAS'!$B$4,'11 FORMULAS'!$C$4,IF(B13='11 FORMULAS'!$B$6,'11 FORMULAS'!$C$6,IF(B13='11 FORMULAS'!$B$8,'11 FORMULAS'!$C$8,IF(B13='11 FORMULAS'!$B$10,'11 FORMULAS'!$C$10,"")))) | E13: =+IFERROR(VLOOKUP(B13,Tabla3[],2,0),"") -> Eventos relacionados con la ejecución de los procesos y procedimientos determinados para la operación de la entidad, uso de sistemas de información, por errores en las actividades que deben realizar los servidores de la organización. Estructura organizacional que afecta la capacidad organizacional | F13: Gestión | G13: Posibilidad de afectación reputacional | H13: incumplimiento de las acciones establecidas en los planes de mejoramiento derivados de auditorías internas y externas, | I13: debilidades en el seguimiento y cumplimiento de los tiempos definidos para su ejecución. | J13: =(CONCATENATE(Tabla1[[#This Row],[¿QUÉ? IMPACTO]]," ","por ",Tabla1[[#This Row],[¿CÓMO? CAUSA INMEDIATA (Iniciar con la palabra por)]]," ","debido a"," ",Tabla1[[#This Row],[¿PORQUÉ? CAUSA RAÍZ (Iniciar con debido a/a causa de)]])) -> Posibilidad de afectación reputacional por incumplimiento de las acciones establecidas en los planes de mejoramiento derivados de auditorías internas y externas, debido a debilidades en el seguimiento y cumplimiento de los tiempos definidos para su ejecución.
A14: R5 | B14: Ejecución_administración_de_procesos | C14: Falta de aplicación de los procedimientos | D14: =+IF(B14='11 FORMULAS'!$B$4,'11 FORMULAS'!$C$4,IF(B14='11 FORMULAS'!$B$6,'11 FORMULAS'!$C$6,IF(B14='11 FORMULAS'!$B$8,'11 FORMULAS'!$C$8,IF(B14='11 FORMULAS'!$B$10,'11 FORMULAS'!$C$10,"")))) | E14: =+IFERROR(VLOOKUP(B14,Tabla3[],2,0),"") -> Eventos relacionados con la ejecución de los procesos y procedimientos determinados para la operación de la entidad, uso de sistemas de información, por errores en las actividades que deben realizar los servidores de la organización. Estructura organizacional que afecta la capacidad organizacional | F14: Gestión | G14: Posibilidad de afectación reputacional | H14: debilidades en la publicación y actualización de la información obligatoria en la página web institucional, | I14: incumplimiento de los lineamientos establecidos en la Ley 1712 de 2014 y la Resolución 1519 de 2020 del MINTIC. | J14: =(CONCATENATE(Tabla1[[#This Row],[¿QUÉ? IMPACTO]]," ","por ",Tabla1[[#This Row],[¿CÓMO? CAUSA INMEDIATA (Iniciar con la palabra por)]]," ","debido a"," ",Tabla1[[#This Row],[¿PORQUÉ? CAUSA RAÍZ (Iniciar con debido a/a causa de)]])) -> Posibilidad de afectación reputacional por debilidades en la publicación y actualización de la información obligatoria en la página web institucional, debido a incumplimiento de los lineamientos establecidos en la Ley 1712 de 2014 y la Resolución 1519 de 2020 del MINTIC.
A15: R6 | B15: Ejecución_administración_de_procesos | C15: Falta de aplicación de los procedimientos | D15: =+IF(B15='11 FORMULAS'!$B$4,'11 FORMULAS'!$C$4,IF(B15='11 FORMULAS'!$B$6,'11 FORMULAS'!$C$6,IF(B15='11 FORMULAS'!$B$8,'11 FORMULAS'!$C$8,IF(B15='11 FORMULAS'!$B$10,'11 FORMULAS'!$C$10,"")))) | E15: =+IFERROR(VLOOKUP(B15,Tabla3[],2,0),"") -> Eventos relacionados con la ejecución de los procesos y procedimientos determinados para la operación de la entidad, uso de sistemas de información, por errores en las actividades que deben realizar los servidores de la organización. Estructura organizacional que afecta la capacidad organizacional | F15: Gestión | G15: Posibilidad de afectación reputacional | H15: investigaciones y sanciones disciplinarias por entes de control, | I15: la falta de seguimiento al cumplimiento de metas del Plan de Desarrollo Municipal programadas para la vigencia. | J15: =(CONCATENATE(Tabla1[[#This Row],[¿QUÉ? IMPACTO]]," ","por ",Tabla1[[#This Row],[¿CÓMO? CAUSA INMEDIATA (Iniciar con la palabra por)]]," ","debido a"," ",Tabla1[[#This Row],[¿PORQUÉ? CAUSA RAÍZ (Iniciar con debido a/a causa de)]])) -> Posibilidad de afectación reputacional por investigaciones y sanciones disciplinarias por entes de control, debido a la falta de seguimiento al cumplimiento de metas del Plan de Desarrollo Municipal programadas para la vigencia.
A16: R7 | B16: Ejecución_administración_de_procesos | C16: Falta de aplicación de los procedimientos | D16: =+IF(B16='11 FORMULAS'!$B$4,'11 FORMULAS'!$C$4,IF(B16='11 FORMULAS'!$B$6,'11 FORMULAS'!$C$6,IF(B16='11 FORMULAS'!$B$8,'11 FORMULAS'!$C$8,IF(B16='11 FORMULAS'!$B$10,'11 FORMULAS'!$C$10,"")))) | E16: =+IFERROR(VLOOKUP(B16,Tabla3[],2,0),"") -> Eventos relacionados con la ejecución de los procesos y procedimientos determinados para la operación de la entidad, uso de sistemas de información, por errores en las actividades que deben realizar los servidores de la organización. Estructura organizacional que afecta la capacidad organizacional | F16: Fiscal | G16: Posibilidad de efecto dañoso sobre bienes de uso público | H16: pérdida, extravío, hurto o faltantes en inventario de bienes muebles de la entidad, | I16: deficiencias en la actualización, verificación y control del inventario de bienes muebles. | J16: =(CONCATENATE(Tabla1[[#This Row],[¿QUÉ? IMPACTO]]," ","por ",Tabla1[[#This Row],[¿CÓMO? CAUSA INMEDIATA (Iniciar con la palabra por)]]," ","debido a"," ",Tabla1[[#This Row],[¿PORQUÉ? CAUSA RAÍZ (Iniciar con debido a/a causa de)]])) -> Posibilidad de efecto dañoso sobre bienes de uso público por pérdida, extravío, hurto o faltantes en inventario de bienes muebles de la entidad, debido a deficiencias en la actualización, verificación y control del inventario de bienes muebles.
A17: R8 | B17: Ejecución_administración_de_procesos | C17: Falta de aplicación de los procedimientos | D17: =+IF(B17='11 FORMULAS'!$B$4,'11 FORMULAS'!$C$4,IF(B17='11 FORMULAS'!$B$6,'11 FORMULAS'!$C$6,IF(B17='11 FORMULAS'!$B$8,'11 FORMULAS'!$C$8,IF(B17='11 FORMULAS'!$B$10,'11 FORMULAS'!$C$10,"")))) | E17: =+IFERROR(VLOOKUP(B17,Tabla3[],2,0),"") -> Eventos relacionados con la ejecución de los procesos y procedimientos determinados para la operación de la entidad, uso de sistemas de información, por errores en las actividades que deben realizar los servidores de la organización. Estructura organizacional que afecta la capacidad organizacional | F17: Fiscal | G17: Posibilidad de efecto dañoso sobre el recurso público | H17: deficiencias en la gestión de las etapas precontractual, contractual y postcontractual, | I17: incumplimiento de los lineamientos, requisitos y obligaciones establecidos en la normatividad vigente y en los documentos contractuales, generando pagos sobre obligaciones parcialmente ejecutadas o no cumplidas. | J17: =(CONCATENATE(Tabla1[[#This Row],[¿QUÉ? IMPACTO]]," ","por ",Tabla1[[#This Row],[¿CÓMO? CAUSA INMEDIATA (Iniciar con la palabra por)]]," ","debido a"," ",Tabla1[[#This Row],[¿PORQUÉ? CAUSA RAÍZ (Iniciar con debido a/a causa de)]])) -> Posibilidad de efecto dañoso sobre el recurso público por deficiencias en la gestión de las etapas precontractual, contractual y postcontractual, debido a incumplimiento de los lineamientos, requisitos y obligaciones establecidos en la normatividad vigente y en los documentos contractuales, generando pagos sobre obligaciones parcialmente ejecutadas o no cumplidas.
A18: R9 | B18: Ejecución_administración_de_procesos | C18: Falta de aplicación de los procedimientos | D18: =+IF(B18='11 FORMULAS'!$B$4,'11 FORMULAS'!$C$4,IF(B18='11 FORMULAS'!$B$6,'11 FORMULAS'!$C$6,IF(B18='11 FORMULAS'!$B$8,'11 FORMULAS'!$C$8,IF(B18='11 FORMULAS'!$B$10,'11 FORMULAS'!$C$10,"")))) | E18: =+IFERROR(VLOOKUP(B18,Tabla3[],2,0),"") -> Eventos relacionados con la ejecución de los procesos y procedimientos determinados para la operación de la entidad, uso de sistemas de información, por errores en las actividades que deben realizar los servidores de la organización. Estructura organizacional que afecta la capacidad organizacional | F18: Fiscal | G18: Posibilidad de efecto dañoso sobre el recurso público | H18: pago de sanción e intereses moratorios, | I18: trámite inoportuno a los requerimientos de los entes de control y vigilancia, de acuerdo con sus lineamientos y términos de ley. | J18: =(CONCATENATE(Tabla1[[#This Row],[¿QUÉ? IMPACTO]]," ","por ",Tabla1[[#This Row],[¿CÓMO? CAUSA INMEDIATA (Iniciar con la palabra por)]]," ","debido a"," ",Tabla1[[#This Row],[¿PORQUÉ? CAUSA RAÍZ (Iniciar con debido a/a causa de)]])) -> Posibilidad de efecto dañoso sobre el recurso público por pago de sanción e intereses moratorios, debido a trámite inoportuno a los requerimientos de los entes de control y vigilancia, de acuerdo con sus lineamientos y términos de ley.
A19: R10 | B19: Ejecución_administración_de_procesos | C19: Falta de aplicación de los procedimientos | D19: =+IF(B19='11 FORMULAS'!$B$4,'11 FORMULAS'!$C$4,IF(B19='11 FORMULAS'!$B$6,'11 FORMULAS'!$C$6,IF(B19='11 FORMULAS'!$B$8,'11 FORMULAS'!$C$8,IF(B19='11 FORMULAS'!$B$10,'11 FORMULAS'!$C$10,"")))) | E19: =+IFERROR(VLOOKUP(B19,Tabla3[],2,0),"") -> Eventos relacionados con la ejecución de los procesos y procedimientos determinados para la operación de la entidad, uso de sistemas de información, por errores en las actividades que deben realizar los servidores de la organización. Estructura organizacional que afecta la capacidad organizacional | F19: Gestión | G19: Posibilidad de afectación económica y reputacional | H19: afectaciones en la disponibilidad y ejecución de los recursos del Sistema General de Participaciones (SGP) administrados por la Secretaría de Educación, | I19: inconsistencias en los procesos financieros y de tesorería relacionados con el manejo de pagos y descuentos efectuados sobre dichos recursos. | J19: =(CONCATENATE(Tabla1[[#This Row],[¿QUÉ? IMPACTO]]," ","por ",Tabla1[[#This Row],[¿CÓMO? CAUSA INMEDIATA (Iniciar con la palabra por)]]," ","debido a"," ",Tabla1[[#This Row],[¿PORQUÉ? CAUSA RAÍZ (Iniciar con debido a/a causa de)]])) -> Posibilidad de afectación económica y reputacional por afectaciones en la disponibilidad y ejecución de los recursos del Sistema General de Participaciones (SGP) administrados por la Secretaría de Educación, debido a inconsistencias en los procesos financieros y de tesorería relacionados con el manejo de pagos y descuentos efectuados sobre dichos recursos.
A20: R11 | B20: Ejecución_administración_de_procesos | C20: Falta de aplicación de los procedimientos | D20: =+IF(B20='11 FORMULAS'!$B$4,'11 FORMULAS'!$C$4,IF(B20='11 FORMULAS'!$B$6,'11 FORMULAS'!$C$6,IF(B20='11 FORMULAS'!$B$8,'11 FORMULAS'!$C$8,IF(B20='11 FORMULAS'!$B$10,'11 FORMULAS'!$C$10,"")))) | E20: =+IFERROR(VLOOKUP(B20,Tabla3[],2,0),"") -> Eventos relacionados con la ejecución de los procesos y procedimientos determinados para la operación de la entidad, uso de sistemas de información, por errores en las actividades que deben realizar los servidores de la organización. Estructura organizacional que afecta la capacidad organizacional | F20: Gestión | G20: Posibilidad de afectación reputacional | H20: demoras en el trámite de novedades de retiro y liquidación derivadas del fallecimiento del personal docente, directivo docente y administrativo de las Instituciones Educativas Oficiales, | I20: falencias en los procesos de gestión y actualización de la información administrativa y de nómina. | J20: =(CONCATENATE(Tabla1[[#This Row],[¿QUÉ? IMPACTO]]," ","por ",Tabla1[[#This Row],[¿CÓMO? CAUSA INMEDIATA (Iniciar con la palabra por)]]," ","debido a"," ",Tabla1[[#This Row],[¿PORQUÉ? CAUSA RAÍZ (Iniciar con debido a/a causa de)]])) -> Posibilidad de afectación reputacional por demoras en el trámite de novedades de retiro y liquidación derivadas del fallecimiento del personal docente, directivo docente y administrativo de las Instituciones Educativas Oficiales, debido a falencias en los procesos de gestión y actualización de la información administrativa y de nómina.
A21: R12 | B21: Talento_Humano | C21: Soborno | D21: =+IF(B21='11 FORMULAS'!$B$4,'11 FORMULAS'!$C$4,IF(B21='11 FORMULAS'!$B$6,'11 FORMULAS'!$C$6,IF(B21='11 FORMULAS'!$B$8,'11 FORMULAS'!$C$8,IF(B21='11 FORMULAS'!$B$10,'11 FORMULAS'!$C$10,"")))) | E21: =+IFERROR(VLOOKUP(B21,Tabla3[],2,0),"") -> Eventos relacionados con las conductas o comportamientos de los empleados que afectan la Integridad Pública | F21: Integridad_Pública_Corrupción | G21: Posibilidad de pérdida reputacional | H21: soborno entrante en los trámites administrativos del personal docente, directivo docente y administrativo, al recibir o solicitar ventajas indebidas en actuaciones relacionadas con traslados, permutas, nombramientos en vacancias temporales, ascensos o mejoramientos salariales, | I21: al incumplimiento de los requisitos y lineamientos establecidos. | J21: =(CONCATENATE(Tabla1[[#This Row],[¿QUÉ? IMPACTO]]," ","por ",Tabla1[[#This Row],[¿CÓMO? CAUSA INMEDIATA (Iniciar con la palabra por)]]," ","debido a"," ",Tabla1[[#This Row],[¿PORQUÉ? CAUSA RAÍZ (Iniciar con debido a/a causa de)]])) -> Posibilidad de pérdida reputacional por soborno entrante en los trámites administrativos del personal docente, directivo docente y administrativo, al recibir o solicitar ventajas indebidas en actuaciones relacionadas con traslados, permutas, nombramientos en vacancias temporales, ascensos o mejoramientos salariales, debido a al incumplimiento de los requisitos y lineamientos establecidos.
... A26: R17 | B26: Transacción_u_Operación_aplica_para_LA_FT_FP | C26: Contrapartes de la entidad (naturales o jurídicas) | D26: =+IF(B26='11 FORMULAS'!$B$4,'11 FORMULAS'!$C$4,IF(B26='11 FORMULAS'!$B$6,'11 FORMULAS'!$C$6,IF(B26='11 FORMULAS'!$B$8,'11 FORMULAS'!$C$8,IF(B26='11 FORMULAS'!$B$10,'11 FORMULAS'!$C$10,"")))) | E26: =+IFERROR(VLOOKUP(B26,Tabla3[],2,0),"") -> Eventos relacionados con transacciones y Operaciones realizadas por un cliente o usuario, que accede o entrega un bien o servicio a la entidad, a través de los canales dispuestos y en una jurisdicción específica. | F26: Integridad_Pública_LA_FT_FP | G26: Posibilidad de pérdida económica | H26: usar la entidad para dar apariencia de legalidad a los activos provenientes de actividades delictivas, para canalizar recursos hacia la realización de actividades terroristas o la proliferación de armas de destrucción masiva, | I26: fallas u omisiones en la verificación de la información declarada por los proponentes en los procesos de selección. | J26: =(CONCATENATE(Tabla1[[#This Row],[¿QUÉ? IMPACTO]]," ","por ",Tabla1[[#This Row],[¿CÓMO? CAUSA INMEDIATA (Iniciar con la palabra por)]]," ","debido a"," ",Tabla1[[#This Row],[¿PORQUÉ? CAUSA RAÍZ (Iniciar con debido a/a causa de)]])) -> Posibilidad de pérdida económica por usar la entidad para dar apariencia de legalidad a los activos provenientes de actividades delictivas, para canalizar recursos hacia la realización de actividades terroristas o la proliferación de armas de destrucción masiva, debido a fallas u omisiones en la verificación de la información declarada por los proponentes en los procesos de selección.
A27: R18 | D27: =+IF(B27='11 FORMULAS'!$B$4,'11 FORMULAS'!$C$4,IF(B27='11 FORMULAS'!$B$6,'11 FORMULAS'!$C$6,IF(B27='11 FORMULAS'!$B$8,'11 FORMULAS'!$C$8,IF(B27='11 FORMULAS'!$B$10,'11 FORMULAS'!$C$10,"")))) | E27: =+IFERROR(VLOOKUP(B27,Tabla3[],2,0),"") | J27: =(CONCATENATE(Tabla1[[#This Row],[¿QUÉ? IMPACTO]]," ","por ",Tabla1[[#This Row],[¿CÓMO? CAUSA INMEDIATA (Iniciar con la palabra por)]]," ","debido a"," ",Tabla1[[#This Row],[¿PORQUÉ? CAUSA RAÍZ (Iniciar con debido a/a causa de)]])) -> por debido a
A28: R19 | D28: =+IF(B28='11 FORMULAS'!$B$4,'11 FORMULAS'!$C$4,IF(B28='11 FORMULAS'!$B$6,'11 FORMULAS'!$C$6,IF(B28='11 FORMULAS'!$B$8,'11 FORMULAS'!$C$8,IF(B28='11 FORMULAS'!$B$10,'11 FORMULAS'!$C$10,"")))) | E28: =+IFERROR(VLOOKUP(B28,Tabla3[],2,0),"") | J28: =(CONCATENATE(Tabla1[[#This Row],[¿QUÉ? IMPACTO]]," ","por ",Tabla1[[#This Row],[¿CÓMO? CAUSA INMEDIATA (Iniciar con la palabra por)]]," ","debido a"," ",Tabla1[[#This Row],[¿PORQUÉ? CAUSA RAÍZ (Iniciar con debido a/a causa de)]])) -> por debido a
A29: R20 | E29: =+IFERROR(VLOOKUP(B29,Tabla3[],2,0),"") | J29: =(CONCATENATE(Tabla1[[#This Row],[¿QUÉ? IMPACTO]]," ","por ",Tabla1[[#This Row],[¿CÓMO? CAUSA INMEDIATA (Iniciar con la palabra por)]]," ","debido a"," ",Tabla1[[#This Row],[¿PORQUÉ? CAUSA RAÍZ (Iniciar con debido a/a causa de)]])) -> por debido a
A30: R21 | E30: =+IFERROR(VLOOKUP(B30,Tabla3[],2,0),"") | J30: =(CONCATENATE(Tabla1[[#This Row],[¿QUÉ? IMPACTO]]," ","por ",Tabla1[[#This Row],[¿CÓMO? CAUSA INMEDIATA (Iniciar con la palabra por)]]," ","debido a"," ",Tabla1[[#This Row],[¿PORQUÉ? CAUSA RAÍZ (Iniciar con debido a/a causa de)]])) -> por debido a
A31: R22 | E31: =+IFERROR(VLOOKUP(B31,Tabla3[],2,0),"") | J31: =(CONCATENATE(Tabla1[[#This Row],[¿QUÉ? IMPACTO]]," ","por ",Tabla1[[#This Row],[¿CÓMO? CAUSA INMEDIATA (Iniciar con la palabra por)]]," ","debido a"," ",Tabla1[[#This Row],[¿PORQUÉ? CAUSA RAÍZ (Iniciar con debido a/a causa de)]])) -> por debido a
A32: R23 | E32: =+IFERROR(VLOOKUP(B32,Tabla3[],2,0),"") | J32: =(CONCATENATE(Tabla1[[#This Row],[¿QUÉ? IMPACTO]]," ","por ",Tabla1[[#This Row],[¿CÓMO? CAUSA INMEDIATA (Iniciar con la palabra por)]]," ","debido a"," ",Tabla1[[#This Row],[¿PORQUÉ? CAUSA RAÍZ (Iniciar con debido a/a causa de)]])) -> por debido a
A33: R24 | E33: =+IFERROR(VLOOKUP(B33,Tabla3[],2,0),"") | J33: =(CONCATENATE(Tabla1[[#This Row],[¿QUÉ? IMPACTO]]," ","por ",Tabla1[[#This Row],[¿CÓMO? CAUSA INMEDIATA (Iniciar con la palabra por)]]," ","debido a"," ",Tabla1[[#This Row],[¿PORQUÉ? CAUSA RAÍZ (Iniciar con debido a/a causa de)]])) -> por debido a
A34: R25 | E34: =+IFERROR(VLOOKUP(B34,Tabla3[],2,0),"") | J34: =(CONCATENATE(Tabla1[[#This Row],[¿QUÉ? IMPACTO]]," ","por ",Tabla1[[#This Row],[¿CÓMO? CAUSA INMEDIATA (Iniciar con la palabra por)]]," ","debido a"," ",Tabla1[[#This Row],[¿PORQUÉ? CAUSA RAÍZ (Iniciar con debido a/a causa de)]])) -> por debido a
A35: R26 | E35: =+IFERROR(VLOOKUP(B35,Tabla3[],2,0),"") | J35: =(CONCATENATE(Tabla1[[#This Row],[¿QUÉ? IMPACTO]]," ","por ",Tabla1[[#This Row],[¿CÓMO? CAUSA INMEDIATA (Iniciar con la palabra por)]]," ","debido a"," ",Tabla1[[#This Row],[¿PORQUÉ? CAUSA RAÍZ (Iniciar con debido a/a causa de)]])) -> por debido a
A36: R27 | E36: =+IFERROR(VLOOKUP(B36,Tabla3[],2,0),"") | J36: =(CONCATENATE(Tabla1[[#This Row],[¿QUÉ? IMPACTO]]," ","por ",Tabla1[[#This Row],[¿CÓMO? CAUSA INMEDIATA (Iniciar con la palabra por)]]," ","debido a"," ",Tabla1[[#This Row],[¿PORQUÉ? CAUSA RAÍZ (Iniciar con debido a/a causa de)]])) -> por debido a
A37: R28 | E37: =+IFERROR(VLOOKUP(B37,Tabla3[],2,0),"") | J37: =(CONCATENATE(Tabla1[[#This Row],[¿QUÉ? IMPACTO]]," ","por ",Tabla1[[#This Row],[¿CÓMO? CAUSA INMEDIATA (Iniciar con la palabra por)]]," ","debido a"," ",Tabla1[[#This Row],[¿PORQUÉ? CAUSA RAÍZ (Iniciar con debido a/a causa de)]])) -> por debido a
A38: R29 | E38: =+IFERROR(VLOOKUP(B38,Tabla3[],2,0),"") | J38: =(CONCATENATE(Tabla1[[#This Row],[¿QUÉ? IMPACTO]]," ","por ",Tabla1[[#This Row],[¿CÓMO? CAUSA INMEDIATA (Iniciar con la palabra por)]]," ","debido a"," ",Tabla1[[#This Row],[¿PORQUÉ? CAUSA RAÍZ (Iniciar con debido a/a causa de)]])) -> por debido a
A39: R30 | D39: =+IF(B39='11 FORMULAS'!$B$4,'11 FORMULAS'!$C$4,IF(B39='11 FORMULAS'!$B$6,'11 FORMULAS'!$C$6,IF(B39='11 FORMULAS'!$B$8,'11 FORMULAS'!$C$8,IF(B39='11 FORMULAS'!$B$10,'11 FORMULAS'!$C$10,"")))) | E39: =+IFERROR(VLOOKUP(B39,Tabla3[],2,0),"") | J39: =(CONCATENATE(Tabla1[[#This Row],[¿QUÉ? IMPACTO]]," ","por ",Tabla1[[#This Row],[¿CÓMO? CAUSA INMEDIATA (Iniciar con la palabra por)]]," ","debido a"," ",Tabla1[[#This Row],[¿PORQUÉ? CAUSA RAÍZ (Iniciar con debido a/a causa de)]])) -> por debido a
A41: CONTROL DE CAMBIOS
A42: VERSIÓN | B42: FECHA | D42: DESCRIPCIÓN | F42: RESPONSABLE
A43: 0.0 | B43: 46163 | D43: Creación del documento. Este documento estará en prueba durante 3 meses, pasado este tiempo, se ajustará de versión con los cambios respectivos o se deja en firme, pero con cambio de versión. | F43: Profesional Especializado

Sheet 3 PROBABIL E IMPACTO INHERENTE
B1: PROCESO PLANEACIÓN ESTRATÉGICA | J1: Código: F-DPM-10100-238,37-068
J2: Fecha: 21-05-2026
B3: MAPA DE RIESGOS INTEGRALES | J3: Versión: 0.0
A5: ENTIDAD: | B5: ='2 IDENTIFICACIÓN'!B5 -> ALCALDÍA DE BUCARAMANGA | F5: PROCESO: | G5: ='2 IDENTIFICACIÓN'!G5 -> GESTIÓN DE SERVICIOS DE LA EDUCACIÓN PÚBLICA | I5: VIGENCIA: | J5: ='2 IDENTIFICACIÓN'!J5 -> 2026
G7: IMPACTO INHERENTE
C8: PROBABILIDAD INHERENTE | G8: Afectación Económica | J8: Reputacional | M8: Resultado | P8: PROBABILIDAD | V8: IMPACTO
A9: No. Riesgo | B9: Riesgo | C9: No. veces que realiza la actividad al año | D9: Frecuencia de la Actividad | E9: % Probabilidad | F9: Nivel Probabilidad | G9: Afectación Económica | H9: % | I9: Nivel | J9: Reputacional | K9: % | L9: Nivel | M9: Porcentaje de Impacto | N9: Nivel de Impacto | P9: Nivel | Q9: Frecuencia de la Actividad | R9: Mínimo | S9: Máximo | T9: Probabilidad | V9: Nivel | W9: % Impacto | X9: Afectación_Económica | Y9: Reputacional
A10: ='2 IDENTIFICACIÓN'!A10 -> R1 | B10: =+'2 IDENTIFICACIÓN'!J10 -> Posibilidad de afectación económica y reputacional por inconsistencias en la caracterización y registro de la información de los estudiantes en el SIMAT, debido a deficiencias en el suministro, actualización y validación de la información reportada por las Instituciones Educativas, generando disminución en la asignación de recursos del Sistema General de Participaciones para la prestación del servicio educativo. | C10: 68647 | D10: =+IF(C10="","",IF(C10<=$S$10,$Q$10,IF(C10<=$S$11,$Q$11,IF(C10<=$S$12,$Q$12,IF(C10<=$S$13,$Q$13,IF(C10>=$R$14,$Q$14,"")))))) -> La actividad que conlleva el riesgo se ejecuta más de 5.000 veces por año | E10: =+IF(D10="","",IF(D10=$Q$10,$T$10,IF(D10=$Q$11,$T$11,IF(D10=$Q$12,$T$12,IF(D10=$Q$13,$T$13,IF(D10=$Q$14,$T$14)))))) -> 1 | F10: =+IF(D10="","",IF(D10=$Q$10,$P$10,IF(D10=$Q$11,$P$11,IF(D10=$Q$12,$P$12,IF(D10=$Q$13,$P$13,IF(D10=$Q$14,$P$14)))))) -> Muy Alta | G10: Entre 100 y 500 SMLMV | H10: =+IF(G10="","",IF(G10="N/A","",IF(OR(G10=$X$10,G10=$Y$10),$W$10,IF(OR(G10=$X$11,G10=$Y$11),$W$11,IF(OR(G10=$X$12,G10=$Y$12),$W$12,IF(OR(G10=$X$13,G10=$Y$13),$W$13,IF(OR(G10=$X$14,G10=$Y$14),$W$14))))))) -> 0.8 | I10: =+IF(G10="","",IF(G10="N/A","",IF(OR(G10=$X$10,G10=$Y$10),$V$10,IF(OR(G10=$X$11,G10=$Y$11),$V$11,IF(OR(G10=$X$12,G10=$Y$12),$V$12,IF(OR(G10=$X$13,G10=$Y$13),$V$13,IF(OR(G10=$X$14,G10=$Y$14),$V$14))))))) -> Mayor | J10: El riesgo afecta la imagen de la entidad con algunos usuarios de relevancia frente al logro de los objetivos. | K10: =+IF(J10="","",IF(J10="N/A","",IF(OR(J10=$X$10,J10=$Y$10),$W$10,IF(OR(J10=$X$11,J10=$Y$11),$W$11,IF(OR(J10=$X$12,J10=$Y$12),$W$12,IF(OR(J10=$X$13,J10=$Y$13),$W$13,IF(OR(J10=$X$14,J10=$Y$14),$W$14))))))) -> 0.6 | L10: =+IF(J10="","",IF(J10="N/A","",IF(OR(J10=$X$10,J10=$Y$10),$V$10,IF(OR(J10=$X$11,J10=$Y$11),$V$11,IF(OR(J10=$X$12,J10=$Y$12),$V$12,IF(OR(J10=$X$13,J10=$Y$13),$V$13,IF(OR(J10=$X$14,J10=$Y$14),$V$14))))))) -> Moderado | M10: =+IF(H10="",K10,IF(K10="",H10,IF(H10>K10,H10,K10))) -> 0.8 | N10: =+IF(M10="","",IF(M10=$W$10,$V$10,IF(M10=$W$11,$V$11,IF(M10=$W$12,$V$12,IF(M10=$W$13,$V$13,IF(M10=$W$14,$V$14)))))) -> Mayor | P10: Muy Baja | Q10: La actividad que conlleva el riesgo se ejecuta como máximos 2 veces por año | R10: 0 | S10: 2 | T10: 0.2 | V10: Leve | W10: 0.2 | X10: Menor a 10 SMLMV | Y10: El riesgo afecta la imagen de algún área de la organización.
A11: ='2 IDENTIFICACIÓN'!A11 -> R2 | B11: =+'2 IDENTIFICACIÓN'!J11 -> Posibilidad de afectación reputacional por publicaciones extemporáneas en el SECOP, debido a demoras en la entrega y remisión de la información requerida para la gestión contractual. | C11: 439 | D11: =+IF(C11="","",IF(C11<=$S$10,$Q$10,IF(C11<=$S$11,$Q$11,IF(C11<=$S$12,$Q$12,IF(C11<=$S$13,$Q$13,IF(C11>=$R$14,$Q$14,"")))))) -> La actividad que conlleva el riesgo se ejecuta de 24 a 500 veces por año | E11: =+IF(D11="","",IF(D11=$Q$10,$T$10,IF(D11=$Q$11,$T$11,IF(D11=$Q$12,$T$12,IF(D11=$Q$13,$T$13,IF(D11=$Q$14,$T$14)))))) -> 0.6 | F11: =+IF(D11="","",IF(D11=$Q$10,$P$10,IF(D11=$Q$11,$P$11,IF(D11=$Q$12,$P$12,IF(D11=$Q$13,$P$13,IF(D11=$Q$14,$P$14)))))) -> Media | G11: N/A | H11: =+IF(G11="","",IF(G11="N/A","",IF(OR(G11=$X$10,G11=$Y$10),$W$10,IF(OR(G11=$X$11,G11=$Y$11),$W$11,IF(OR(G11=$X$12,G11=$Y$12),$W$12,IF(OR(G11=$X$13,G11=$Y$13),$W$13,IF(OR(G11=$X$14,G11=$Y$14),$W$14))))))) | I11: =+IF(G11="","",IF(G11="N/A","",IF(OR(G11=$X$10,G11=$Y$10),$V$10,IF(OR(G11=$X$11,G11=$Y$11),$V$11,IF(OR(G11=$X$12,G11=$Y$12),$V$12,IF(OR(G11=$X$13,G11=$Y$13),$V$13,IF(OR(G11=$X$14,G11=$Y$14),$V$14))))))) | J11: El riesgo afecta la imagen de algún área de la organización. | K11: =+IF(J11="","",IF(J11="N/A","",IF(OR(J11=$X$10,J11=$Y$10),$W$10,IF(OR(J11=$X$11,J11=$Y$11),$W$11,IF(OR(J11=$X$12,J11=$Y$12),$W$12,IF(OR(J11=$X$13,J11=$Y$13),$W$13,IF(OR(J11=$X$14,J11=$Y$14),$W$14))))))) -> 0.2 | L11: =+IF(J11="","",IF(J11="N/A","",IF(OR(J11=$X$10,J11=$Y$10),$V$10,IF(OR(J11=$X$11,J11=$Y$11),$V$11,IF(OR(J11=$X$12,J11=$Y$12),$V$12,IF(OR(J11=$X$13,J11=$Y$13),$V$13,IF(OR(J11=$X$14,J11=$Y$14),$V$14))))))) -> Leve | M11: =+IF(H11="",K11,IF(K11="",H11,IF(H11>K11,H11,K11))) -> 0.2 | N11: =+IF(M11="","",IF(M11=$W$10,$V$10,IF(M11=$W$11,$V$11,IF(M11=$W$12,$V$12,IF(M11=$W$13,$V$13,IF(M11=$W$14,$V$14)))))) -> Leve | P11: Baja | Q11: La actividad que conlleva el riesgo se ejecuta de 3 a 24 veces por año | R11: 3 | S11: 24 | T11: 0.4 | V11: Menor | W11: 0.4 | X11: Entre 10 y 50 SMLMV | Y11: El riesgo afecta la imagen de la entidad internamente, de conocimiento general nivel interno, de junta directiva y accionistas y/o de proveedores.
A12: ='2 IDENTIFICACIÓN'!A12 -> R3 | B12: =+'2 IDENTIFICACIÓN'!J12 -> Posibilidad de afectación reputacional por posibles investigaciones y sanciones disciplinarias por entes de control, debido a incumplimiento de la Ley 594 del 2000 en los documentos generados por la Secretaría de Educación. | C12: 360 | D12: =+IF(C12="","",IF(C12<=$S$10,$Q$10,IF(C12<=$S$11,$Q$11,IF(C12<=$S$12,$Q$12,IF(C12<=$S$13,$Q$13,IF(C12>=$R$14,$Q$14,"")))))) -> La actividad que conlleva el riesgo se ejecuta de 24 a 500 veces por año | E12: =+IF(D12="","",IF(D12=$Q$10,$T$10,IF(D12=$Q$11,$T$11,IF(D12=$Q$12,$T$12,IF(D12=$Q$13,$T$13,IF(D12=$Q$14,$T$14)))))) -> 0.6 | F12: =+IF(D12="","",IF(D12=$Q$10,$P$10,IF(D12=$Q$11,$P$11,IF(D12=$Q$12,$P$12,IF(D12=$Q$13,$P$13,IF(D12=$Q$14,$P$14)))))) -> Media | G12: N/A | H12: =+IF(G12="","",IF(G12="N/A","",IF(OR(G12=$X$10,G12=$Y$10),$W$10,IF(OR(G12=$X$11,G12=$Y$11),$W$11,IF(OR(G12=$X$12,G12=$Y$12),$W$12,IF(OR(G12=$X$13,G12=$Y$13),$W$13,IF(OR(G12=$X$14,G12=$Y$14),$W$14))))))) | I12: =+IF(G12="","",IF(G12="N/A","",IF(OR(G12=$X$10,G12=$Y$10),$V$10,IF(OR(G12=$X$11,G12=$Y$11),$V$11,IF(OR(G12=$X$12,G12=$Y$12),$V$12,IF(OR(G12=$X$13,G12=$Y$13),$V$13,IF(OR(G12=$X$14,G12=$Y$14),$V$14))))))) | J12: El riesgo afecta la imagen de la entidad con algunos usuarios de relevancia frente al logro de los objetivos. | K12: =+IF(J12="","",IF(J12="N/A","",IF(OR(J12=$X$10,J12=$Y$10),$W$10,IF(OR(J12=$X$11,J12=$Y$11),$W$11,IF(OR(J12=$X$12,J12=$Y$12),$W$12,IF(OR(J12=$X$13,J12=$Y$13),$W$13,IF(OR(J12=$X$14,J12=$Y$14),$W$14))))))) -> 0.6 | L12: =+IF(J12="","",IF(J12="N/A","",IF(OR(J12=$X$10,J12=$Y$10),$V$10,IF(OR(J12=$X$11,J12=$Y$11),$V$11,IF(OR(J12=$X$12,J12=$Y$12),$V$12,IF(OR(J12=$X$13,J12=$Y$13),$V$13,IF(OR(J12=$X$14,J12=$Y$14),$V$14))))))) -> Moderado | M12: =+IF(H12="",K12,IF(K12="",H12,IF(H12>K12,H12,K12))) -> 0.6 | N12: =+IF(M12="","",IF(M12=$W$10,$V$10,IF(M12=$W$11,$V$11,IF(M12=$W$12,$V$12,IF(M12=$W$13,$V$13,IF(M12=$W$14,$V$14)))))) -> Moderado | P12: Media | Q12: La actividad que conlleva el riesgo se ejecuta de 24 a 500 veces por año | R12: 25 | S12: 500 | T12: 0.6 | V12: Moderado | W12: 0.6 | X12: Entre 50 y 100 SMLMV | Y12: El riesgo afecta la imagen de la entidad con algunos usuarios de relevancia frente al logro de los objetivos.
A13: ='2 IDENTIFICACIÓN'!A13 -> R4 | B13: =+'2 IDENTIFICACIÓN'!J13 -> Posibilidad de afectación reputacional por incumplimiento de las acciones establecidas en los planes de mejoramiento derivados de auditorías internas y externas, debido a debilidades en el seguimiento y cumplimiento de los tiempos definidos para su ejecución. | C13: 2 | D13: =+IF(C13="","",IF(C13<=$S$10,$Q$10,IF(C13<=$S$11,$Q$11,IF(C13<=$S$12,$Q$12,IF(C13<=$S$13,$Q$13,IF(C13>=$R$14,$Q$14,"")))))) -> La actividad que conlleva el riesgo se ejecuta como máximos 2 veces por año | E13: =+IF(D13="","",IF(D13=$Q$10,$T$10,IF(D13=$Q$11,$T$11,IF(D13=$Q$12,$T$12,IF(D13=$Q$13,$T$13,IF(D13=$Q$14,$T$14)))))) -> 0.2 | F13: =+IF(D13="","",IF(D13=$Q$10,$P$10,IF(D13=$Q$11,$P$11,IF(D13=$Q$12,$P$12,IF(D13=$Q$13,$P$13,IF(D13=$Q$14,$P$14)))))) -> Muy Baja | G13: N/A | H13: =+IF(G13="","",IF(G13="N/A","",IF(OR(G13=$X$10,G13=$Y$10),$W$10,IF(OR(G13=$X$11,G13=$Y$11),$W$11,IF(OR(G13=$X$12,G13=$Y$12),$W$12,IF(OR(G13=$X$13,G13=$Y$13),$W$13,IF(OR(G13=$X$14,G13=$Y$14),$W$14))))))) | I13: =+IF(G13="","",IF(G13="N/A","",IF(OR(G13=$X$10,G13=$Y$10),$V$10,IF(OR(G13=$X$11,G13=$Y$11),$V$11,IF(OR(G13=$X$12,G13=$Y$12),$V$12,IF(OR(G13=$X$13,G13=$Y$13),$V$13,IF(OR(G13=$X$14,G13=$Y$14),$V$14))))))) | J13: El riesgo afecta la imagen de la entidad con algunos usuarios de relevancia frente al logro de los objetivos. | K13: =+IF(J13="","",IF(J13="N/A","",IF(OR(J13=$X$10,J13=$Y$10),$W$10,IF(OR(J13=$X$11,J13=$Y$11),$W$11,IF(OR(J13=$X$12,J13=$Y$12),$W$12,IF(OR(J13=$X$13,J13=$Y$13),$W$13,IF(OR(J13=$X$14,J13=$Y$14),$W$14))))))) -> 0.6 | L13: =+IF(J13="","",IF(J13="N/A","",IF(OR(J13=$X$10,J13=$Y$10),$V$10,IF(OR(J13=$X$11,J13=$Y$11),$V$11,IF(OR(J13=$X$12,J13=$Y$12),$V$12,IF(OR(J13=$X$13,J13=$Y$13),$V$13,IF(OR(J13=$X$14,J13=$Y$14),$V$14))))))) -> Moderado | M13: =+IF(H13="",K13,IF(K13="",H13,IF(H13>K13,H13,K13))) -> 0.6 | N13: =+IF(M13="","",IF(M13=$W$10,$V$10,IF(M13=$W$11,$V$11,IF(M13=$W$12,$V$12,IF(M13=$W$13,$V$13,IF(M13=$W$14,$V$14)))))) -> Moderado | P13: Alta | Q13: La actividad que conlleva el riesgo se ejecuta mínimo 500 veces al año y máximo 5.000 veces por año | R13: 501 | S13: 5000 | T13: 0.8 | V13: Mayor | W13: 0.8 | X13: Entre 100 y 500 SMLMV | Y13: El riesgo afecta la imagen de la entidad con efecto publicitario sostenido a nivel de sector administrativo, nivel departamental o municipal.
A14: ='2 IDENTIFICACIÓN'!A14 -> R5 | B14: =+'2 IDENTIFICACIÓN'!J14 -> Posibilidad de afectación reputacional por debilidades en la publicación y actualización de la información obligatoria en la página web institucional, debido a incumplimiento de los lineamientos establecidos en la Ley 1712 de 2014 y la Resolución 1519 de 2020 del MINTIC. | C14: 243 | D14: =+IF(C14="","",IF(C14<=$S$10,$Q$10,IF(C14<=$S$11,$Q$11,IF(C14<=$S$12,$Q$12,IF(C14<=$S$13,$Q$13,IF(C14>=$R$14,$Q$14,"")))))) -> La actividad que conlleva el riesgo se ejecuta de 24 a 500 veces por año | E14: =+IF(D14="","",IF(D14=$Q$10,$T$10,IF(D14=$Q$11,$T$11,IF(D14=$Q$12,$T$12,IF(D14=$Q$13,$T$13,IF(D14=$Q$14,$T$14)))))) -> 0.6 | F14: =+IF(D14="","",IF(D14=$Q$10,$P$10,IF(D14=$Q$11,$P$11,IF(D14=$Q$12,$P$12,IF(D14=$Q$13,$P$13,IF(D14=$Q$14,$P$14)))))) -> Media | G14: N/A | H14: =+IF(G14="","",IF(G14="N/A","",IF(OR(G14=$X$10,G14=$Y$10),$W$10,IF(OR(G14=$X$11,G14=$Y$11),$W$11,IF(OR(G14=$X$12,G14=$Y$12),$W$12,IF(OR(G14=$X$13,G14=$Y$13),$W$13,IF(OR(G14=$X$14,G14=$Y$14),$W$14))))))) | I14: =+IF(G14="","",IF(G14="N/A","",IF(OR(G14=$X$10,G14=$Y$10),$V$10,IF(OR(G14=$X$11,G14=$Y$11),$V$11,IF(OR(G14=$X$12,G14=$Y$12),$V$12,IF(OR(G14=$X$13,G14=$Y$13),$V$13,IF(OR(G14=$X$14,G14=$Y$14),$V$14))))))) | J14: El riesgo afecta la imagen de la entidad con algunos usuarios de relevancia frente al logro de los objetivos. | K14: =+IF(J14="","",IF(J14="N/A","",IF(OR(J14=$X$10,J14=$Y$10),$W$10,IF(OR(J14=$X$11,J14=$Y$11),$W$11,IF(OR(J14=$X$12,J14=$Y$12),$W$12,IF(OR(J14=$X$13,J14=$Y$13),$W$13,IF(OR(J14=$X$14,J14=$Y$14),$W$14))))))) -> 0.6 | L14: =+IF(J14="","",IF(J14="N/A","",IF(OR(J14=$X$10,J14=$Y$10),$V$10,IF(OR(J14=$X$11,J14=$Y$11),$V$11,IF(OR(J14=$X$12,J14=$Y$12),$V$12,IF(OR(J14=$X$13,J14=$Y$13),$V$13,IF(OR(J14=$X$14,J14=$Y$14),$V$14))))))) -> Moderado | M14: =+IF(H14="",K14,IF(K14="",H14,IF(H14>K14,H14,K14))) -> 0.6 | N14: =+IF(M14="","",IF(M14=$W$10,$V$10,IF(M14=$W$11,$V$11,IF(M14=$W$12,$V$12,IF(M14=$W$13,$V$13,IF(M14=$W$14,$V$14)))))) -> Moderado | P14: Muy Alta | Q14: La actividad que conlleva el riesgo se ejecuta más de 5.000 veces por año | R14: 5001 | T14: 1 | V14: Catastrófico | W14: 1 | X14: Mayor a 500 SMLMV | Y14: El riesgo afecta la imagen de la entidad a nivel nacional, con efecto publicitario sostenido a nivel país
A15: ='2 IDENTIFICACIÓN'!A15 -> R6 | B15: =+'2 IDENTIFICACIÓN'!J15 -> Posibilidad de afectación reputacional por investigaciones y sanciones disciplinarias por entes de control, debido a la falta de seguimiento al cumplimiento de metas del Plan de Desarrollo Municipal programadas para la vigencia. | C15: 24 | D15: =+IF(C15="","",IF(C15<=$S$10,$Q$10,IF(C15<=$S$11,$Q$11,IF(C15<=$S$12,$Q$12,IF(C15<=$S$13,$Q$13,IF(C15>=$R$14,$Q$14,"")))))) -> La actividad que conlleva el riesgo se ejecuta de 3 a 24 veces por año | E15: =+IF(D15="","",IF(D15=$Q$10,$T$10,IF(D15=$Q$11,$T$11,IF(D15=$Q$12,$T$12,IF(D15=$Q$13,$T$13,IF(D15=$Q$14,$T$14)))))) -> 0.4 | F15: =+IF(D15="","",IF(D15=$Q$10,$P$10,IF(D15=$Q$11,$P$11,IF(D15=$Q$12,$P$12,IF(D15=$Q$13,$P$13,IF(D15=$Q$14,$P$14)))))) -> Baja | G15: N/A | H15: =+IF(G15="","",IF(G15="N/A","",IF(OR(G15=$X$10,G15=$Y$10),$W$10,IF(OR(G15=$X$11,G15=$Y$11),$W$11,IF(OR(G15=$X$12,G15=$Y$12),$W$12,IF(OR(G15=$X$13,G15=$Y$13),$W$13,IF(OR(G15=$X$14,G15=$Y$14),$W$14))))))) | I15: =+IF(G15="","",IF(G15="N/A","",IF(OR(G15=$X$10,G15=$Y$10),$V$10,IF(OR(G15=$X$11,G15=$Y$11),$V$11,IF(OR(G15=$X$12,G15=$Y$12),$V$12,IF(OR(G15=$X$13,G15=$Y$13),$V$13,IF(OR(G15=$X$14,G15=$Y$14),$V$14))))))) | J15: El riesgo afecta la imagen de la entidad con algunos usuarios de relevancia frente al logro de los objetivos. | K15: =+IF(J15="","",IF(J15="N/A","",IF(OR(J15=$X$10,J15=$Y$10),$W$10,IF(OR(J15=$X$11,J15=$Y$11),$W$11,IF(OR(J15=$X$12,J15=$Y$12),$W$12,IF(OR(J15=$X$13,J15=$Y$13),$W$13,IF(OR(J15=$X$14,J15=$Y$14),$W$14))))))) -> 0.6 | L15: =+IF(J15="","",IF(J15="N/A","",IF(OR(J15=$X$10,J15=$Y$10),$V$10,IF(OR(J15=$X$11,J15=$Y$11),$V$11,IF(OR(J15=$X$12,J15=$Y$12),$V$12,IF(OR(J15=$X$13,J15=$Y$13),$V$13,IF(OR(J15=$X$14,J15=$Y$14),$V$14))))))) -> Moderado | M15: =+IF(H15="",K15,IF(K15="",H15,IF(H15>K15,H15,K15))) -> 0.6 | N15: =+IF(M15="","",IF(M15=$W$10,$V$10,IF(M15=$W$11,$V$11,IF(M15=$W$12,$V$12,IF(M15=$W$13,$V$13,IF(M15=$W$14,$V$14)))))) -> Moderado | X15: N/A | Y15: N/A
A16: ='2 IDENTIFICACIÓN'!A16 -> R7 | B16: =+'2 IDENTIFICACIÓN'!J16 -> Posibilidad de efecto dañoso sobre bienes de uso público por pérdida, extravío, hurto o faltantes en inventario de bienes muebles de la entidad, debido a deficiencias en la actualización, verificación y control del inventario de bienes muebles. | C16: 360 | D16: =+IF(C16="","",IF(C16<=$S$10,$Q$10,IF(C16<=$S$11,$Q$11,IF(C16<=$S$12,$Q$12,IF(C16<=$S$13,$Q$13,IF(C16>=$R$14,$Q$14,"")))))) -> La actividad que conlleva el riesgo se ejecuta de 24 a 500 veces por año | E16: =+IF(D16="","",IF(D16=$Q$10,$T$10,IF(D16=$Q$11,$T$11,IF(D16=$Q$12,$T$12,IF(D16=$Q$13,$T$13,IF(D16=$Q$14,$T$14)))))) -> 0.6 | F16: =+IF(D16="","",IF(D16=$Q$10,$P$10,IF(D16=$Q$11,$P$11,IF(D16=$Q$12,$P$12,IF(D16=$Q$13,$P$13,IF(D16=$Q$14,$P$14)))))) -> Media | G16: Mayor a 500 SMLMV | H16: =+IF(G16="","",IF(G16="N/A","",IF(OR(G16=$X$10,G16=$Y$10),$W$10,IF(OR(G16=$X$11,G16=$Y$11),$W$11,IF(OR(G16=$X$12,G16=$Y$12),$W$12,IF(OR(G16=$X$13,G16=$Y$13),$W$13,IF(OR(G16=$X$14,G16=$Y$14),$W$14))))))) -> 1 | I16: =+IF(G16="","",IF(G16="N/A","",IF(OR(G16=$X$10,G16=$Y$10),$V$10,IF(OR(G16=$X$11,G16=$Y$11),$V$11,IF(OR(G16=$X$12,G16=$Y$12),$V$12,IF(OR(G16=$X$13,G16=$Y$13),$V$13,IF(OR(G16=$X$14,G16=$Y$14),$V$14))))))) -> Catastrófico | J16: N/A | K16: =+IF(J16="","",IF(J16="N/A","",IF(OR(J16=$X$10,J16=$Y$10),$W$10,IF(OR(J16=$X$11,J16=$Y$11),$W$11,IF(OR(J16=$X$12,J16=$Y$12),$W$12,IF(OR(J16=$X$13,J16=$Y$13),$W$13,IF(OR(J16=$X$14,J16=$Y$14),$W$14))))))) | L16: =+IF(J16="","",IF(J16="N/A","",IF(OR(J16=$X$10,J16=$Y$10),$V$10,IF(OR(J16=$X$11,J16=$Y$11),$V$11,IF(OR(J16=$X$12,J16=$Y$12),$V$12,IF(OR(J16=$X$13,J16=$Y$13),$V$13,IF(OR(J16=$X$14,J16=$Y$14),$V$14))))))) | M16: =+IF(H16="",K16,IF(K16="",H16,IF(H16>K16,H16,K16))) -> 1 | N16: =+IF(M16="","",IF(M16=$W$10,$V$10,IF(M16=$W$11,$V$11,IF(M16=$W$12,$V$12,IF(M16=$W$13,$V$13,IF(M16=$W$14,$V$14)))))) -> Catastrófico
A17: ='2 IDENTIFICACIÓN'!A17 -> R8 | B17: =+'2 IDENTIFICACIÓN'!J17 -> Posibilidad de efecto dañoso sobre el recurso público por deficiencias en la gestión de las etapas precontractual, contractual y postcontractual, debido a incumplimiento de los lineamientos, requisitos y obligaciones establecidos en la normatividad vigente y en los documentos contractuales, generando pagos sobre obligaciones parcialmente ejecutadas o no cumplidas. | C17: 70 | D17: =+IF(C17="","",IF(C17<=$S$10,$Q$10,IF(C17<=$S$11,$Q$11,IF(C17<=$S$12,$Q$12,IF(C17<=$S$13,$Q$13,IF(C17>=$R$14,$Q$14,"")))))) -> La actividad que conlleva el riesgo se ejecuta de 24 a 500 veces por año | E17: =+IF(D17="","",IF(D17=$Q$10,$T$10,IF(D17=$Q$11,$T$11,IF(D17=$Q$12,$T$12,IF(D17=$Q$13,$T$13,IF(D17=$Q$14,$T$14)))))) -> 0.6 | F17: =+IF(D17="","",IF(D17=$Q$10,$P$10,IF(D17=$Q$11,$P$11,IF(D17=$Q$12,$P$12,IF(D17=$Q$13,$P$13,IF(D17=$Q$14,$P$14)))))) -> Media | G17: Mayor a 500 SMLMV | H17: =+IF(G17="","",IF(G17="N/A","",IF(OR(G17=$X$10,G17=$Y$10),$W$10,IF(OR(G17=$X$11,G17=$Y$11),$W$11,IF(OR(G17=$X$12,G17=$Y$12),$W$12,IF(OR(G17=$X$13,G17=$Y$13),$W$13,IF(OR(G17=$X$14,G17=$Y$14),$W$14))))))) -> 1 | I17: =+IF(G17="","",IF(G17="N/A","",IF(OR(G17=$X$10,G17=$Y$10),$V$10,IF(OR(G17=$X$11,G17=$Y$11),$V$11,IF(OR(G17=$X$12,G17=$Y$12),$V$12,IF(OR(G17=$X$13,G17=$Y$13),$V$13,IF(OR(G17=$X$14,G17=$Y$14),$V$14))))))) -> Catastrófico | J17: N/A | K17: =+IF(J17="","",IF(J17="N/A","",IF(OR(J17=$X$10,J17=$Y$10),$W$10,IF(OR(J17=$X$11,J17=$Y$11),$W$11,IF(OR(J17=$X$12,J17=$Y$12),$W$12,IF(OR(J17=$X$13,J17=$Y$13),$W$13,IF(OR(J17=$X$14,J17=$Y$14),$W$14))))))) | L17: =+IF(J17="","",IF(J17="N/A","",IF(OR(J17=$X$10,J17=$Y$10),$V$10,IF(OR(J17=$X$11,J17=$Y$11),$V$11,IF(OR(J17=$X$12,J17=$Y$12),$V$12,IF(OR(J17=$X$13,J17=$Y$13),$V$13,IF(OR(J17=$X$14,J17=$Y$14),$V$14))))))) | M17: =+IF(H17="",K17,IF(K17="",H17,IF(H17>K17,H17,K17))) -> 1 | N17: =+IF(M17="","",IF(M17=$W$10,$V$10,IF(M17=$W$11,$V$11,IF(M17=$W$12,$V$12,IF(M17=$W$13,$V$13,IF(M17=$W$14,$V$14)))))) -> Catastrófico
A18: ='2 IDENTIFICACIÓN'!A18 -> R9 | B18: =+'2 IDENTIFICACIÓN'!J18 -> Posibilidad de efecto dañoso sobre el recurso público por pago de sanción e intereses moratorios, debido a trámite inoportuno a los requerimientos de los entes de control y vigilancia, de acuerdo con sus lineamientos y términos de ley. | C18: 213 | D18: =+IF(C18="","",IF(C18<=$S$10,$Q$10,IF(C18<=$S$11,$Q$11,IF(C18<=$S$12,$Q$12,IF(C18<=$S$13,$Q$13,IF(C18>=$R$14,$Q$14,"")))))) -> La actividad que conlleva el riesgo se ejecuta de 24 a 500 veces por año | E18: =+IF(D18="","",IF(D18=$Q$10,$T$10,IF(D18=$Q$11,$T$11,IF(D18=$Q$12,$T$12,IF(D18=$Q$13,$T$13,IF(D18=$Q$14,$T$14)))))) -> 0.6 | F18: =+IF(D18="","",IF(D18=$Q$10,$P$10,IF(D18=$Q$11,$P$11,IF(D18=$Q$12,$P$12,IF(D18=$Q$13,$P$13,IF(D18=$Q$14,$P$14)))))) -> Media | G18: Entre 10 y 50 SMLMV | H18: =+IF(G18="","",IF(G18="N/A","",IF(OR(G18=$X$10,G18=$Y$10),$W$10,IF(OR(G18=$X$11,G18=$Y$11),$W$11,IF(OR(G18=$X$12,G18=$Y$12),$W$12,IF(OR(G18=$X$13,G18=$Y$13),$W$13,IF(OR(G18=$X$14,G18=$Y$14),$W$14))))))) -> 0.4 | I18: =+IF(G18="","",IF(G18="N/A","",IF(OR(G18=$X$10,G18=$Y$10),$V$10,IF(OR(G18=$X$11,G18=$Y$11),$V$11,IF(OR(G18=$X$12,G18=$Y$12),$V$12,IF(OR(G18=$X$13,G18=$Y$13),$V$13,IF(OR(G18=$X$14,G18=$Y$14),$V$14))))))) -> Menor | J18: N/A | K18: =+IF(J18="","",IF(J18="N/A","",IF(OR(J18=$X$10,J18=$Y$10),$W$10,IF(OR(J18=$X$11,J18=$Y$11),$W$11,IF(OR(J18=$X$12,J18=$Y$12),$W$12,IF(OR(J18=$X$13,J18=$Y$13),$W$13,IF(OR(J18=$X$14,J18=$Y$14),$W$14))))))) | L18: =+IF(J18="","",IF(J18="N/A","",IF(OR(J18=$X$10,J18=$Y$10),$V$10,IF(OR(J18=$X$11,J18=$Y$11),$V$11,IF(OR(J18=$X$12,J18=$Y$12),$V$12,IF(OR(J18=$X$13,J18=$Y$13),$V$13,IF(OR(J18=$X$14,J18=$Y$14),$V$14))))))) | M18: =+IF(H18="",K18,IF(K18="",H18,IF(H18>K18,H18,K18))) -> 0.4 | N18: =+IF(M18="","",IF(M18=$W$10,$V$10,IF(M18=$W$11,$V$11,IF(M18=$W$12,$V$12,IF(M18=$W$13,$V$13,IF(M18=$W$14,$V$14)))))) -> Menor
A19: ='2 IDENTIFICACIÓN'!A19 -> R10 | B19: =+'2 IDENTIFICACIÓN'!J19 -> Posibilidad de afectación económica y reputacional por afectaciones en la disponibilidad y ejecución de los recursos del Sistema General de Participaciones (SGP) administrados por la Secretaría de Educación, debido a inconsistencias en los procesos financieros y de tesorería relacionados con el manejo de pagos y descuentos efectuados sobre dichos recursos. | C19: 11 | D19: =+IF(C19="","",IF(C19<=$S$10,$Q$10,IF(C19<=$S$11,$Q$11,IF(C19<=$S$12,$Q$12,IF(C19<=$S$13,$Q$13,IF(C19>=$R$14,$Q$14,"")))))) -> La actividad que conlleva el riesgo se ejecuta de 3 a 24 veces por año | E19: =+IF(D19="","",IF(D19=$Q$10,$T$10,IF(D19=$Q$11,$T$11,IF(D19=$Q$12,$T$12,IF(D19=$Q$13,$T$13,IF(D19=$Q$14,$T$14)))))) -> 0.4 | F19: =+IF(D19="","",IF(D19=$Q$10,$P$10,IF(D19=$Q$11,$P$11,IF(D19=$Q$12,$P$12,IF(D19=$Q$13,$P$13,IF(D19=$Q$14,$P$14)))))) -> Baja | G19: Mayor a 500 SMLMV | H19: =+IF(G19="","",IF(G19="N/A","",IF(OR(G19=$X$10,G19=$Y$10),$W$10,IF(OR(G19=$X$11,G19=$Y$11),$W$11,IF(OR(G19=$X$12,G19=$Y$12),$W$12,IF(OR(G19=$X$13,G19=$Y$13),$W$13,IF(OR(G19=$X$14,G19=$Y$14),$W$14))))))) -> 1 | I19: =+IF(G19="","",IF(G19="N/A","",IF(OR(G19=$X$10,G19=$Y$10),$V$10,IF(OR(G19=$X$11,G19=$Y$11),$V$11,IF(OR(G19=$X$12,G19=$Y$12),$V$12,IF(OR(G19=$X$13,G19=$Y$13),$V$13,IF(OR(G19=$X$14,G19=$Y$14),$V$14))))))) -> Catastrófico | J19: El riesgo afecta la imagen de la entidad con algunos usuarios de relevancia frente al logro de los objetivos. | K19: =+IF(J19="","",IF(J19="N/A","",IF(OR(J19=$X$10,J19=$Y$10),$W$10,IF(OR(J19=$X$11,J19=$Y$11),$W$11,IF(OR(J19=$X$12,J19=$Y$12),$W$12,IF(OR(J19=$X$13,J19=$Y$13),$W$13,IF(OR(J19=$X$14,J19=$Y$14),$W$14))))))) -> 0.6 | L19: =+IF(J19="","",IF(J19="N/A","",IF(OR(J19=$X$10,J19=$Y$10),$V$10,IF(OR(J19=$X$11,J19=$Y$11),$V$11,IF(OR(J19=$X$12,J19=$Y$12),$V$12,IF(OR(J19=$X$13,J19=$Y$13),$V$13,IF(OR(J19=$X$14,J19=$Y$14),$V$14))))))) -> Moderado | M19: =+IF(H19="",K19,IF(K19="",H19,IF(H19>K19,H19,K19))) -> 1 | N19: =+IF(M19="","",IF(M19=$W$10,$V$10,IF(M19=$W$11,$V$11,IF(M19=$W$12,$V$12,IF(M19=$W$13,$V$13,IF(M19=$W$14,$V$14)))))) -> Catastrófico
A20: ='2 IDENTIFICACIÓN'!A20 -> R11 | B20: =+'2 IDENTIFICACIÓN'!J20 -> Posibilidad de afectación reputacional por demoras en el trámite de novedades de retiro y liquidación derivadas del fallecimiento del personal docente, directivo docente y administrativo de las Instituciones Educativas Oficiales, debido a falencias en los procesos de gestión y actualización de la información administrativa y de nómina. | C20: 2 | D20: =+IF(C20="","",IF(C20<=$S$10,$Q$10,IF(C20<=$S$11,$Q$11,IF(C20<=$S$12,$Q$12,IF(C20<=$S$13,$Q$13,IF(C20>=$R$14,$Q$14,"")))))) -> La actividad que conlleva el riesgo se ejecuta como máximos 2 veces por año | E20: =+IF(D20="","",IF(D20=$Q$10,$T$10,IF(D20=$Q$11,$T$11,IF(D20=$Q$12,$T$12,IF(D20=$Q$13,$T$13,IF(D20=$Q$14,$T$14)))))) -> 0.2 | F20: =+IF(D20="","",IF(D20=$Q$10,$P$10,IF(D20=$Q$11,$P$11,IF(D20=$Q$12,$P$12,IF(D20=$Q$13,$P$13,IF(D20=$Q$14,$P$14)))))) -> Muy Baja | G20: N/A | H20: =+IF(G20="","",IF(G20="N/A","",IF(OR(G20=$X$10,G20=$Y$10),$W$10,IF(OR(G20=$X$11,G20=$Y$11),$W$11,IF(OR(G20=$X$12,G20=$Y$12),$W$12,IF(OR(G20=$X$13,G20=$Y$13),$W$13,IF(OR(G20=$X$14,G20=$Y$14),$W$14))))))) | I20: =+IF(G20="","",IF(G20="N/A","",IF(OR(G20=$X$10,G20=$Y$10),$V$10,IF(OR(G20=$X$11,G20=$Y$11),$V$11,IF(OR(G20=$X$12,G20=$Y$12),$V$12,IF(OR(G20=$X$13,G20=$Y$13),$V$13,IF(OR(G20=$X$14,G20=$Y$14),$V$14))))))) | J20: El riesgo afecta la imagen de algún área de la organización. | K20: =+IF(J20="","",IF(J20="N/A","",IF(OR(J20=$X$10,J20=$Y$10),$W$10,IF(OR(J20=$X$11,J20=$Y$11),$W$11,IF(OR(J20=$X$12,J20=$Y$12),$W$12,IF(OR(J20=$X$13,J20=$Y$13),$W$13,IF(OR(J20=$X$14,J20=$Y$14),$W$14))))))) -> 0.2 | L20: =+IF(J20="","",IF(J20="N/A","",IF(OR(J20=$X$10,J20=$Y$10),$V$10,IF(OR(J20=$X$11,J20=$Y$11),$V$11,IF(OR(J20=$X$12,J20=$Y$12),$V$12,IF(OR(J20=$X$13,J20=$Y$13),$V$13,IF(OR(J20=$X$14,J20=$Y$14),$V$14))))))) -> Leve | M20: =+IF(H20="",K20,IF(K20="",H20,IF(H20>K20,H20,K20))) -> 0.2 | N20: =+IF(M20="","",IF(M20=$W$10,$V$10,IF(M20=$W$11,$V$11,IF(M20=$W$12,$V$12,IF(M20=$W$13,$V$13,IF(M20=$W$14,$V$14)))))) -> Leve
A21: ='2 IDENTIFICACIÓN'!A21 -> R12 | B21: =+'2 IDENTIFICACIÓN'!J21 -> Posibilidad de pérdida reputacional por soborno entrante en los trámites administrativos del personal docente, directivo docente y administrativo, al recibir o solicitar ventajas indebidas en actuaciones relacionadas con traslados, permutas, nombramientos en vacancias temporales, ascensos o mejoramientos salariales, debido a al incumplimiento de los requisitos y lineamientos establecidos. | C21: 3100 | D21: =+IF(C21="","",IF(C21<=$S$10,$Q$10,IF(C21<=$S$11,$Q$11,IF(C21<=$S$12,$Q$12,IF(C21<=$S$13,$Q$13,IF(C21>=$R$14,$Q$14,"")))))) -> La actividad que conlleva el riesgo se ejecuta mínimo 500 veces al año y máximo 5.000 veces por año | E21: =+IF(D21="","",IF(D21=$Q$10,$T$10,IF(D21=$Q$11,$T$11,IF(D21=$Q$12,$T$12,IF(D21=$Q$13,$T$13,IF(D21=$Q$14,$T$14)))))) -> 0.8 | F21: =+IF(D21="","",IF(D21=$Q$10,$P$10,IF(D21=$Q$11,$P$11,IF(D21=$Q$12,$P$12,IF(D21=$Q$13,$P$13,IF(D21=$Q$14,$P$14)))))) -> Alta | G21: N/A | H21: =+IF(G21="","",IF(G21="N/A","",IF(OR(G21=$X$10,G21=$Y$10),$W$10,IF(OR(G21=$X$11,G21=$Y$11),$W$11,IF(OR(G21=$X$12,G21=$Y$12),$W$12,IF(OR(G21=$X$13,G21=$Y$13),$W$13,IF(OR(G21=$X$14,G21=$Y$14),$W$14))))))) | I21: =+IF(G21="","",IF(G21="N/A","",IF(OR(G21=$X$10,G21=$Y$10),$V$10,IF(OR(G21=$X$11,G21=$Y$11),$V$11,IF(OR(G21=$X$12,G21=$Y$12),$V$12,IF(OR(G21=$X$13,G21=$Y$13),$V$13,IF(OR(G21=$X$14,G21=$Y$14),$V$14))))))) | J21: El riesgo afecta la imagen de algún área de la organización. | K21: =+IF(J21="","",IF(J21="N/A","",IF(OR(J21=$X$10,J21=$Y$10),$W$10,IF(OR(J21=$X$11,J21=$Y$11),$W$11,IF(OR(J21=$X$12,J21=$Y$12),$W$12,IF(OR(J21=$X$13,J21=$Y$13),$W$13,IF(OR(J21=$X$14,J21=$Y$14),$W$14))))))) -> 0.2 | L21: =+IF(J21="","",IF(J21="N/A","",IF(OR(J21=$X$10,J21=$Y$10),$V$10,IF(OR(J21=$X$11,J21=$Y$11),$V$11,IF(OR(J21=$X$12,J21=$Y$12),$V$12,IF(OR(J21=$X$13,J21=$Y$13),$V$13,IF(OR(J21=$X$14,J21=$Y$14),$V$14))))))) -> Leve | M21: =+IF(H21="",K21,IF(K21="",H21,IF(H21>K21,H21,K21))) -> 0.2 | N21: =+IF(M21="","",IF(M21=$W$10,$V$10,IF(M21=$W$11,$V$11,IF(M21=$W$12,$V$12,IF(M21=$W$13,$V$13,IF(M21=$W$14,$V$14)))))) -> Leve
A22: ='2 IDENTIFICACIÓN'!A22 -> R13 | B22: =+'2 IDENTIFICACIÓN'!J22 -> Posibilidad de pérdida reputacional por soborno entrante en la asignación de cupos a Instituciones Educativas, al recibir o solicitar ventajas indebidas para favorecer el acceso al servicio educativo, debido a incumplimiento de los criterios de priorización establecidos en la resolución expedida por el Área de Cobertura de la Secretaría de Educación de Bucaramanga. | C22: 68647 | D22: =+IF(C22="","",IF(C22<=$S$10,$Q$10,IF(C22<=$S$11,$Q$11,IF(C22<=$S$12,$Q$12,IF(C22<=$S$13,$Q$13,IF(C22>=$R$14,$Q$14,"")))))) -> La actividad que conlleva el riesgo se ejecuta más de 5.000 veces por año | E22: =+IF(D22="","",IF(D22=$Q$10,$T$10,IF(D22=$Q$11,$T$11,IF(D22=$Q$12,$T$12,IF(D22=$Q$13,$T$13,IF(D22=$Q$14,$T$14)))))) -> 1 | F22: =+IF(D22="","",IF(D22=$Q$10,$P$10,IF(D22=$Q$11,$P$11,IF(D22=$Q$12,$P$12,IF(D22=$Q$13,$P$13,IF(D22=$Q$14,$P$14)))))) -> Muy Alta | G22: N/A | H22: =+IF(G22="","",IF(G22="N/A","",IF(OR(G22=$X$10,G22=$Y$10),$W$10,IF(OR(G22=$X$11,G22=$Y$11),$W$11,IF(OR(G22=$X$12,G22=$Y$12),$W$12,IF(OR(G22=$X$13,G22=$Y$13),$W$13,IF(OR(G22=$X$14,G22=$Y$14),$W$14))))))) | I22: =+IF(G22="","",IF(G22="N/A","",IF(OR(G22=$X$10,G22=$Y$10),$V$10,IF(OR(G22=$X$11,G22=$Y$11),$V$11,IF(OR(G22=$X$12,G22=$Y$12),$V$12,IF(OR(G22=$X$13,G22=$Y$13),$V$13,IF(OR(G22=$X$14,G22=$Y$14),$V$14))))))) | J22: El riesgo afecta la imagen de la entidad con efecto publicitario sostenido a nivel de sector administrativo, nivel departamental o municipal. | K22: =+IF(J22="","",IF(J22="N/A","",IF(OR(J22=$X$10,J22=$Y$10),$W$10,IF(OR(J22=$X$11,J22=$Y$11),$W$11,IF(OR(J22=$X$12,J22=$Y$12),$W$12,IF(OR(J22=$X$13,J22=$Y$13),$W$13,IF(OR(J22=$X$14,J22=$Y$14),$W$14))))))) -> 0.8 | L22: =+IF(J22="","",IF(J22="N/A","",IF(OR(J22=$X$10,J22=$Y$10),$V$10,IF(OR(J22=$X$11,J22=$Y$11),$V$11,IF(OR(J22=$X$12,J22=$Y$12),$V$12,IF(OR(J22=$X$13,J22=$Y$13),$V$13,IF(OR(J22=$X$14,J22=$Y$14),$V$14))))))) -> Mayor | M22: =+IF(H22="",K22,IF(K22="",H22,IF(H22>K22,H22,K22))) -> 0.8 | N22: =+IF(M22="","",IF(M22=$W$10,$V$10,IF(M22=$W$11,$V$11,IF(M22=$W$12,$V$12,IF(M22=$W$13,$V$13,IF(M22=$W$14,$V$14)))))) -> Mayor
A23: ='2 IDENTIFICACIÓN'!A23 -> R14 | B23: =+'2 IDENTIFICACIÓN'!J23 -> Posibilidad de pérdida reputacional por soborno entrante en los procesos de liquidación y pago de nómina del personal docente, directivo docente y administrativo, al aceptar o solicitar ventajas indebidas para autorizar pagos de salarios u horas extras diferentes a las aprobadas, debido a deficiencias en la validación de requisitos, novedades y soportes establecidos. | C23: 2800 | D23: =+IF(C23="","",IF(C23<=$S$10,$Q$10,IF(C23<=$S$11,$Q$11,IF(C23<=$S$12,$Q$12,IF(C23<=$S$13,$Q$13,IF(C23>=$R$14,$Q$14,"")))))) -> La actividad que conlleva el riesgo se ejecuta mínimo 500 veces al año y máximo 5.000 veces por año | E23: =+IF(D23="","",IF(D23=$Q$10,$T$10,IF(D23=$Q$11,$T$11,IF(D23=$Q$12,$T$12,IF(D23=$Q$13,$T$13,IF(D23=$Q$14,$T$14)))))) -> 0.8 | F23: =+IF(D23="","",IF(D23=$Q$10,$P$10,IF(D23=$Q$11,$P$11,IF(D23=$Q$12,$P$12,IF(D23=$Q$13,$P$13,IF(D23=$Q$14,$P$14)))))) -> Alta | G23: N/A | H23: =+IF(G23="","",IF(G23="N/A","",IF(OR(G23=$X$10,G23=$Y$10),$W$10,IF(OR(G23=$X$11,G23=$Y$11),$W$11,IF(OR(G23=$X$12,G23=$Y$12),$W$12,IF(OR(G23=$X$13,G23=$Y$13),$W$13,IF(OR(G23=$X$14,G23=$Y$14),$W$14))))))) | I23: =+IF(G23="","",IF(G23="N/A","",IF(OR(G23=$X$10,G23=$Y$10),$V$10,IF(OR(G23=$X$11,G23=$Y$11),$V$11,IF(OR(G23=$X$12,G23=$Y$12),$V$12,IF(OR(G23=$X$13,G23=$Y$13),$V$13,IF(OR(G23=$X$14,G23=$Y$14),$V$14))))))) | J23: El riesgo afecta la imagen de la entidad con algunos usuarios de relevancia frente al logro de los objetivos. | K23: =+IF(J23="","",IF(J23="N/A","",IF(OR(J23=$X$10,J23=$Y$10),$W$10,IF(OR(J23=$X$11,J23=$Y$11),$W$11,IF(OR(J23=$X$12,J23=$Y$12),$W$12,IF(OR(J23=$X$13,J23=$Y$13),$W$13,IF(OR(J23=$X$14,J23=$Y$14),$W$14))))))) -> 0.6 | L23: =+IF(J23="","",IF(J23="N/A","",IF(OR(J23=$X$10,J23=$Y$10),$V$10,IF(OR(J23=$X$11,J23=$Y$11),$V$11,IF(OR(J23=$X$12,J23=$Y$12),$V$12,IF(OR(J23=$X$13,J23=$Y$13),$V$13,IF(OR(J23=$X$14,J23=$Y$14),$V$14))))))) -> Moderado | M23: =+IF(H23="",K23,IF(K23="",H23,IF(H23>K23,H23,K23))) -> 0.6 | N23: =+IF(M23="","",IF(M23=$W$10,$V$10,IF(M23=$W$11,$V$11,IF(M23=$W$12,$V$12,IF(M23=$W$13,$V$13,IF(M23=$W$14,$V$14)))))) -> Moderado
A24: ='2 IDENTIFICACIÓN'!A24 -> R15 | B24: =+'2 IDENTIFICACIÓN'!J24 -> Posibilidad de pérdida reputacional por corrupción en el trámite de licencias, registros y autorizaciones de funcionamiento de Instituciones Educativas y programas de Educación para el Trabajo y Desarrollo Humano (EDTH), debido a favorecimientos, priorización, agilización o aprobación indebida de solicitudes sin el cumplimiento de los requisitos, términos y criterios establecidos. | C24: 11 | D24: =+IF(C24="","",IF(C24<=$S$10,$Q$10,IF(C24<=$S$11,$Q$11,IF(C24<=$S$12,$Q$12,IF(C24<=$S$13,$Q$13,IF(C24>=$R$14,$Q$14,"")))))) -> La actividad que conlleva el riesgo se ejecuta de 3 a 24 veces por año | E24: =+IF(D24="","",IF(D24=$Q$10,$T$10,IF(D24=$Q$11,$T$11,IF(D24=$Q$12,$T$12,IF(D24=$Q$13,$T$13,IF(D24=$Q$14,$T$14)))))) -> 0.4 | F24: =+IF(D24="","",IF(D24=$Q$10,$P$10,IF(D24=$Q$11,$P$11,IF(D24=$Q$12,$P$12,IF(D24=$Q$13,$P$13,IF(D24=$Q$14,$P$14)))))) -> Baja | G24: N/A | H24: =+IF(G24="","",IF(G24="N/A","",IF(OR(G24=$X$10,G24=$Y$10),$W$10,IF(OR(G24=$X$11,G24=$Y$11),$W$11,IF(OR(G24=$X$12,G24=$Y$12),$W$12,IF(OR(G24=$X$13,G24=$Y$13),$W$13,IF(OR(G24=$X$14,G24=$Y$14),$W$14))))))) | I24: =+IF(G24="","",IF(G24="N/A","",IF(OR(G24=$X$10,G24=$Y$10),$V$10,IF(OR(G24=$X$11,G24=$Y$11),$V$11,IF(OR(G24=$X$12,G24=$Y$12),$V$12,IF(OR(G24=$X$13,G24=$Y$13),$V$13,IF(OR(G24=$X$14,G24=$Y$14),$V$14))))))) | J24: El riesgo afecta la imagen de la entidad con efecto publicitario sostenido a nivel de sector administrativo, nivel departamental o municipal. | K24: =+IF(J24="","",IF(J24="N/A","",IF(OR(J24=$X$10,J24=$Y$10),$W$10,IF(OR(J24=$X$11,J24=$Y$11),$W$11,IF(OR(J24=$X$12,J24=$Y$12),$W$12,IF(OR(J24=$X$13,J24=$Y$13),$W$13,IF(OR(J24=$X$14,J24=$Y$14),$W$14))))))) -> 0.8 | L24: =+IF(J24="","",IF(J24="N/A","",IF(OR(J24=$X$10,J24=$Y$10),$V$10,IF(OR(J24=$X$11,J24=$Y$11),$V$11,IF(OR(J24=$X$12,J24=$Y$12),$V$12,IF(OR(J24=$X$13,J24=$Y$13),$V$13,IF(OR(J24=$X$14,J24=$Y$14),$V$14))))))) -> Mayor | M24: =+IF(H24="",K24,IF(K24="",H24,IF(H24>K24,H24,K24))) -> 0.8 | N24: =+IF(M24="","",IF(M24=$W$10,$V$10,IF(M24=$W$11,$V$11,IF(M24=$W$12,$V$12,IF(M24=$W$13,$V$13,IF(M24=$W$14,$V$14)))))) -> Mayor
A25: ='2 IDENTIFICACIÓN'!A25 -> R16 | B25: =+'2 IDENTIFICACIÓN'!J25 -> Posibilidad de pérdida reputacional por soborno entrante en los procesos de contratación, al recibir o solicitar ventajas indebidas para favorecer la adjudicación de contratos, debido a incumplimiento de los principios y requisitos establecidos en la normatividad vigente. | C25: 439 | D25: =+IF(C25="","",IF(C25<=$S$10,$Q$10,IF(C25<=$S$11,$Q$11,IF(C25<=$S$12,$Q$12,IF(C25<=$S$13,$Q$13,IF(C25>=$R$14,$Q$14,"")))))) -> La actividad que conlleva el riesgo se ejecuta de 24 a 500 veces por año | E25: =+IF(D25="","",IF(D25=$Q$10,$T$10,IF(D25=$Q$11,$T$11,IF(D25=$Q$12,$T$12,IF(D25=$Q$13,$T$13,IF(D25=$Q$14,$T$14)))))) -> 0.6 | F25: =+IF(D25="","",IF(D25=$Q$10,$P$10,IF(D25=$Q$11,$P$11,IF(D25=$Q$12,$P$12,IF(D25=$Q$13,$P$13,IF(D25=$Q$14,$P$14)))))) -> Media | G25: N/A | H25: =+IF(G25="","",IF(G25="N/A","",IF(OR(G25=$X$10,G25=$Y$10),$W$10,IF(OR(G25=$X$11,G25=$Y$11),$W$11,IF(OR(G25=$X$12,G25=$Y$12),$W$12,IF(OR(G25=$X$13,G25=$Y$13),$W$13,IF(OR(G25=$X$14,G25=$Y$14),$W$14))))))) | I25: =+IF(G25="","",IF(G25="N/A","",IF(OR(G25=$X$10,G25=$Y$10),$V$10,IF(OR(G25=$X$11,G25=$Y$11),$V$11,IF(OR(G25=$X$12,G25=$Y$12),$V$12,IF(OR(G25=$X$13,G25=$Y$13),$V$13,IF(OR(G25=$X$14,G25=$Y$14),$V$14))))))) | J25: El riesgo afecta la imagen de la entidad con algunos usuarios de relevancia frente al logro de los objetivos. | K25: =+IF(J25="","",IF(J25="N/A","",IF(OR(J25=$X$10,J25=$Y$10),$W$10,IF(OR(J25=$X$11,J25=$Y$11),$W$11,IF(OR(J25=$X$12,J25=$Y$12),$W$12,IF(OR(J25=$X$13,J25=$Y$13),$W$13,IF(OR(J25=$X$14,J25=$Y$14),$W$14))))))) -> 0.6 | L25: =+IF(J25="","",IF(J25="N/A","",IF(OR(J25=$X$10,J25=$Y$10),$V$10,IF(OR(J25=$X$11,J25=$Y$11),$V$11,IF(OR(J25=$X$12,J25=$Y$12),$V$12,IF(OR(J25=$X$13,J25=$Y$13),$V$13,IF(OR(J25=$X$14,J25=$Y$14),$V$14))))))) -> Moderado | M25: =+IF(H25="",K25,IF(K25="",H25,IF(H25>K25,H25,K25))) -> 0.6 | N25: =+IF(M25="","",IF(M25=$W$10,$V$10,IF(M25=$W$11,$V$11,IF(M25=$W$12,$V$12,IF(M25=$W$13,$V$13,IF(M25=$W$14,$V$14)))))) -> Moderado
A26: ='2 IDENTIFICACIÓN'!A26 -> R17 | B26: =+'2 IDENTIFICACIÓN'!J26 -> Posibilidad de pérdida económica por usar la entidad para dar apariencia de legalidad a los activos provenientes de actividades delictivas, para canalizar recursos hacia la realización de actividades terroristas o la proliferación de armas de destrucción masiva, debido a fallas u omisiones en la verificación de la información declarada por los proponentes en los procesos de selección. | C26: 10 | D26: =+IF(C26="","",IF(C26<=$S$10,$Q$10,IF(C26<=$S$11,$Q$11,IF(C26<=$S$12,$Q$12,IF(C26<=$S$13,$Q$13,IF(C26>=$R$14,$Q$14,"")))))) -> La actividad que conlleva el riesgo se ejecuta de 3 a 24 veces por año | E26: =+IF(D26="","",IF(D26=$Q$10,$T$10,IF(D26=$Q$11,$T$11,IF(D26=$Q$12,$T$12,IF(D26=$Q$13,$T$13,IF(D26=$Q$14,$T$14)))))) -> 0.4 | F26: =+IF(D26="","",IF(D26=$Q$10,$P$10,IF(D26=$Q$11,$P$11,IF(D26=$Q$12,$P$12,IF(D26=$Q$13,$P$13,IF(D26=$Q$14,$P$14)))))) -> Baja | G26: Entre 50 y 100 SMLMV | H26: =+IF(G26="","",IF(G26="N/A","",IF(OR(G26=$X$10,G26=$Y$10),$W$10,IF(OR(G26=$X$11,G26=$Y$11),$W$11,IF(OR(G26=$X$12,G26=$Y$12),$W$12,IF(OR(G26=$X$13,G26=$Y$13),$W$13,IF(OR(G26=$X$14,G26=$Y$14),$W$14))))))) -> 0.6 | I26: =+IF(G26="","",IF(G26="N/A","",IF(OR(G26=$X$10,G26=$Y$10),$V$10,IF(OR(G26=$X$11,G26=$Y$11),$V$11,IF(OR(G26=$X$12,G26=$Y$12),$V$12,IF(OR(G26=$X$13,G26=$Y$13),$V$13,IF(OR(G26=$X$14,G26=$Y$14),$V$14))))))) -> Moderado | K26: =+IF(J26="","",IF(J26="N/A","",IF(OR(J26=$X$10,J26=$Y$10),$W$10,IF(OR(J26=$X$11,J26=$Y$11),$W$11,IF(OR(J26=$X$12,J26=$Y$12),$W$12,IF(OR(J26=$X$13,J26=$Y$13),$W$13,IF(OR(J26=$X$14,J26=$Y$14),$W$14))))))) | L26: =+IF(J26="","",IF(J26="N/A","",IF(OR(J26=$X$10,J26=$Y$10),$V$10,IF(OR(J26=$X$11,J26=$Y$11),$V$11,IF(OR(J26=$X$12,J26=$Y$12),$V$12,IF(OR(J26=$X$13,J26=$Y$13),$V$13,IF(OR(J26=$X$14,J26=$Y$14),$V$14))))))) | M26: =+IF(H26="",K26,IF(K26="",H26,IF(H26>K26,H26,K26))) -> 0.6 | N26: =+IF(M26="","",IF(M26=$W$10,$V$10,IF(M26=$W$11,$V$11,IF(M26=$W$12,$V$12,IF(M26=$W$13,$V$13,IF(M26=$W$14,$V$14)))))) -> Moderado
A27: ='2 IDENTIFICACIÓN'!A27 -> R18 | B27: =+'2 IDENTIFICACIÓN'!J27 -> por debido a | D27: =+IF(C27="","",IF(C27<=$S$10,$Q$10,IF(C27<=$S$11,$Q$11,IF(C27<=$S$12,$Q$12,IF(C27<=$S$13,$Q$13,IF(C27>=$R$14,$Q$14,"")))))) | E27: =+IF(D27="","",IF(D27=$Q$10,$T$10,IF(D27=$Q$11,$T$11,IF(D27=$Q$12,$T$12,IF(D27=$Q$13,$T$13,IF(D27=$Q$14,$T$14)))))) | F27: =+IF(D27="","",IF(D27=$Q$10,$P$10,IF(D27=$Q$11,$P$11,IF(D27=$Q$12,$P$12,IF(D27=$Q$13,$P$13,IF(D27=$Q$14,$P$14)))))) | H27: =+IF(G27="","",IF(G27="N/A","",IF(OR(G27=$X$10,G27=$Y$10),$W$10,IF(OR(G27=$X$11,G27=$Y$11),$W$11,IF(OR(G27=$X$12,G27=$Y$12),$W$12,IF(OR(G27=$X$13,G27=$Y$13),$W$13,IF(OR(G27=$X$14,G27=$Y$14),$W$14))))))) | I27: =+IF(G27="","",IF(G27="N/A","",IF(OR(G27=$X$10,G27=$Y$10),$V$10,IF(OR(G27=$X$11,G27=$Y$11),$V$11,IF(OR(G27=$X$12,G27=$Y$12),$V$12,IF(OR(G27=$X$13,G27=$Y$13),$V$13,IF(OR(G27=$X$14,G27=$Y$14),$V$14))))))) | K27: =+IF(J27="","",IF(J27="N/A","",IF(OR(J27=$X$10,J27=$Y$10),$W$10,IF(OR(J27=$X$11,J27=$Y$11),$W$11,IF(OR(J27=$X$12,J27=$Y$12),$W$12,IF(OR(J27=$X$13,J27=$Y$13),$W$13,IF(OR(J27=$X$14,J27=$Y$14),$W$14))))))) | L27: =+IF(J27="","",IF(J27="N/A","",IF(OR(J27=$X$10,J27=$Y$10),$V$10,IF(OR(J27=$X$11,J27=$Y$11),$V$11,IF(OR(J27=$X$12,J27=$Y$12),$V$12,IF(OR(J27=$X$13,J27=$Y$13),$V$13,IF(OR(J27=$X$14,J27=$Y$14),$V$14))))))) | M27: =+IF(H27="",K27,IF(K27="",H27,IF(H27>K27,H27,K27))) | N27: =+IF(M27="","",IF(M27=$W$10,$V$10,IF(M27=$W$11,$V$11,IF(M27=$W$12,$V$12,IF(M27=$W$13,$V$13,IF(M27=$W$14,$V$14))))))
A28: ='2 IDENTIFICACIÓN'!A28 -> R19 | B28: =+'2 IDENTIFICACIÓN'!J28 -> por debido a | D28: =+IF(C28="","",IF(C28<=$S$10,$Q$10,IF(C28<=$S$11,$Q$11,IF(C28<=$S$12,$Q$12,IF(C28<=$S$13,$Q$13,IF(C28>=$R$14,$Q$14,"")))))) | E28: =+IF(D28="","",IF(D28=$Q$10,$T$10,IF(D28=$Q$11,$T$11,IF(D28=$Q$12,$T$12,IF(D28=$Q$13,$T$13,IF(D28=$Q$14,$T$14)))))) | F28: =+IF(D28="","",IF(D28=$Q$10,$P$10,IF(D28=$Q$11,$P$11,IF(D28=$Q$12,$P$12,IF(D28=$Q$13,$P$13,IF(D28=$Q$14,$P$14)))))) | H28: =+IF(G28="","",IF(G28="N/A","",IF(OR(G28=$X$10,G28=$Y$10),$W$10,IF(OR(G28=$X$11,G28=$Y$11),$W$11,IF(OR(G28=$X$12,G28=$Y$12),$W$12,IF(OR(G28=$X$13,G28=$Y$13),$W$13,IF(OR(G28=$X$14,G28=$Y$14),$W$14))))))) | I28: =+IF(G28="","",IF(G28="N/A","",IF(OR(G28=$X$10,G28=$Y$10),$V$10,IF(OR(G28=$X$11,G28=$Y$11),$V$11,IF(OR(G28=$X$12,G28=$Y$12),$V$12,IF(OR(G28=$X$13,G28=$Y$13),$V$13,IF(OR(G28=$X$14,G28=$Y$14),$V$14))))))) | K28: =+IF(J28="","",IF(J28="N/A","",IF(OR(J28=$X$10,J28=$Y$10),$W$10,IF(OR(J28=$X$11,J28=$Y$11),$W$11,IF(OR(J28=$X$12,J28=$Y$12),$W$12,IF(OR(J28=$X$13,J28=$Y$13),$W$13,IF(OR(J28=$X$14,J28=$Y$14),$W$14))))))) | L28: =+IF(J28="","",IF(J28="N/A","",IF(OR(J28=$X$10,J28=$Y$10),$V$10,IF(OR(J28=$X$11,J28=$Y$11),$V$11,IF(OR(J28=$X$12,J28=$Y$12),$V$12,IF(OR(J28=$X$13,J28=$Y$13),$V$13,IF(OR(J28=$X$14,J28=$Y$14),$V$14))))))) | M28: =+IF(H28="",K28,IF(K28="",H28,IF(H28>K28,H28,K28))) | N28: =+IF(M28="","",IF(M28=$W$10,$V$10,IF(M28=$W$11,$V$11,IF(M28=$W$12,$V$12,IF(M28=$W$13,$V$13,IF(M28=$W$14,$V$14))))))
A29: ='2 IDENTIFICACIÓN'!A29 -> R20 | B29: =+'2 IDENTIFICACIÓN'!J29 -> por debido a | D29: =+IF(C29="","",IF(C29<=$S$10,$Q$10,IF(C29<=$S$11,$Q$11,IF(C29<=$S$12,$Q$12,IF(C29<=$S$13,$Q$13,IF(C29>=$R$14,$Q$14,"")))))) | E29: =+IF(D29="","",IF(D29=$Q$10,$T$10,IF(D29=$Q$11,$T$11,IF(D29=$Q$12,$T$12,IF(D29=$Q$13,$T$13,IF(D29=$Q$14,$T$14)))))) | F29: =+IF(D29="","",IF(D29=$Q$10,$P$10,IF(D29=$Q$11,$P$11,IF(D29=$Q$12,$P$12,IF(D29=$Q$13,$P$13,IF(D29=$Q$14,$P$14)))))) | H29: =+IF(G29="","",IF(G29="N/A","",IF(OR(G29=$X$10,G29=$Y$10),$W$10,IF(OR(G29=$X$11,G29=$Y$11),$W$11,IF(OR(G29=$X$12,G29=$Y$12),$W$12,IF(OR(G29=$X$13,G29=$Y$13),$W$13,IF(OR(G29=$X$14,G29=$Y$14),$W$14))))))) | I29: =+IF(G29="","",IF(G29="N/A","",IF(OR(G29=$X$10,G29=$Y$10),$V$10,IF(OR(G29=$X$11,G29=$Y$11),$V$11,IF(OR(G29=$X$12,G29=$Y$12),$V$12,IF(OR(G29=$X$13,G29=$Y$13),$V$13,IF(OR(G29=$X$14,G29=$Y$14),$V$14))))))) | K29: =+IF(J29="","",IF(J29="N/A","",IF(OR(J29=$X$10,J29=$Y$10),$W$10,IF(OR(J29=$X$11,J29=$Y$11),$W$11,IF(OR(J29=$X$12,J29=$Y$12),$W$12,IF(OR(J29=$X$13,J29=$Y$13),$W$13,IF(OR(J29=$X$14,J29=$Y$14),$W$14))))))) | L29: =+IF(J29="","",IF(J29="N/A","",IF(OR(J29=$X$10,J29=$Y$10),$V$10,IF(OR(J29=$X$11,J29=$Y$11),$V$11,IF(OR(J29=$X$12,J29=$Y$12),$V$12,IF(OR(J29=$X$13,J29=$Y$13),$V$13,IF(OR(J29=$X$14,J29=$Y$14),$V$14))))))) | M29: =+IF(H29="",K29,IF(K29="",H29,IF(H29>K29,H29,K29))) | N29: =+IF(M29="","",IF(M29=$W$10,$V$10,IF(M29=$W$11,$V$11,IF(M29=$W$12,$V$12,IF(M29=$W$13,$V$13,IF(M29=$W$14,$V$14))))))
A30: ='2 IDENTIFICACIÓN'!A30 -> R21 | B30: =+'2 IDENTIFICACIÓN'!J30 -> por debido a | D30: =+IF(C30="","",IF(C30<=$S$10,$Q$10,IF(C30<=$S$11,$Q$11,IF(C30<=$S$12,$Q$12,IF(C30<=$S$13,$Q$13,IF(C30>=$R$14,$Q$14,"")))))) | E30: =+IF(D30="","",IF(D30=$Q$10,$T$10,IF(D30=$Q$11,$T$11,IF(D30=$Q$12,$T$12,IF(D30=$Q$13,$T$13,IF(D30=$Q$14,$T$14)))))) | F30: =+IF(D30="","",IF(D30=$Q$10,$P$10,IF(D30=$Q$11,$P$11,IF(D30=$Q$12,$P$12,IF(D30=$Q$13,$P$13,IF(D30=$Q$14,$P$14)))))) | H30: =+IF(G30="","",IF(G30="N/A","",IF(OR(G30=$X$10,G30=$Y$10),$W$10,IF(OR(G30=$X$11,G30=$Y$11),$W$11,IF(OR(G30=$X$12,G30=$Y$12),$W$12,IF(OR(G30=$X$13,G30=$Y$13),$W$13,IF(OR(G30=$X$14,G30=$Y$14),$W$14))))))) | I30: =+IF(G30="","",IF(G30="N/A","",IF(OR(G30=$X$10,G30=$Y$10),$V$10,IF(OR(G30=$X$11,G30=$Y$11),$V$11,IF(OR(G30=$X$12,G30=$Y$12),$V$12,IF(OR(G30=$X$13,G30=$Y$13),$V$13,IF(OR(G30=$X$14,G30=$Y$14),$V$14))))))) | K30: =+IF(J30="","",IF(J30="N/A","",IF(OR(J30=$X$10,J30=$Y$10),$W$10,IF(OR(J30=$X$11,J30=$Y$11),$W$11,IF(OR(J30=$X$12,J30=$Y$12),$W$12,IF(OR(J30=$X$13,J30=$Y$13),$W$13,IF(OR(J30=$X$14,J30=$Y$14),$W$14))))))) | L30: =+IF(J30="","",IF(J30="N/A","",IF(OR(J30=$X$10,J30=$Y$10),$V$10,IF(OR(J30=$X$11,J30=$Y$11),$V$11,IF(OR(J30=$X$12,J30=$Y$12),$V$12,IF(OR(J30=$X$13,J30=$Y$13),$V$13,IF(OR(J30=$X$14,J30=$Y$14),$V$14))))))) | M30: =+IF(H30="",K30,IF(K30="",H30,IF(H30>K30,H30,K30))) | N30: =+IF(M30="","",IF(M30=$W$10,$V$10,IF(M30=$W$11,$V$11,IF(M30=$W$12,$V$12,IF(M30=$W$13,$V$13,IF(M30=$W$14,$V$14))))))
A31: ='2 IDENTIFICACIÓN'!A31 -> R22 | B31: =+'2 IDENTIFICACIÓN'!J31 -> por debido a | D31: =+IF(C31="","",IF(C31<=$S$10,$Q$10,IF(C31<=$S$11,$Q$11,IF(C31<=$S$12,$Q$12,IF(C31<=$S$13,$Q$13,IF(C31>=$R$14,$Q$14,"")))))) | E31: =+IF(D31="","",IF(D31=$Q$10,$T$10,IF(D31=$Q$11,$T$11,IF(D31=$Q$12,$T$12,IF(D31=$Q$13,$T$13,IF(D31=$Q$14,$T$14)))))) | F31: =+IF(D31="","",IF(D31=$Q$10,$P$10,IF(D31=$Q$11,$P$11,IF(D31=$Q$12,$P$12,IF(D31=$Q$13,$P$13,IF(D31=$Q$14,$P$14)))))) | H31: =+IF(G31="","",IF(G31="N/A","",IF(OR(G31=$X$10,G31=$Y$10),$W$10,IF(OR(G31=$X$11,G31=$Y$11),$W$11,IF(OR(G31=$X$12,G31=$Y$12),$W$12,IF(OR(G31=$X$13,G31=$Y$13),$W$13,IF(OR(G31=$X$14,G31=$Y$14),$W$14))))))) | I31: =+IF(G31="","",IF(G31="N/A","",IF(OR(G31=$X$10,G31=$Y$10),$V$10,IF(OR(G31=$X$11,G31=$Y$11),$V$11,IF(OR(G31=$X$12,G31=$Y$12),$V$12,IF(OR(G31=$X$13,G31=$Y$13),$V$13,IF(OR(G31=$X$14,G31=$Y$14),$V$14))))))) | K31: =+IF(J31="","",IF(J31="N/A","",IF(OR(J31=$X$10,J31=$Y$10),$W$10,IF(OR(J31=$X$11,J31=$Y$11),$W$11,IF(OR(J31=$X$12,J31=$Y$12),$W$12,IF(OR(J31=$X$13,J31=$Y$13),$W$13,IF(OR(J31=$X$14,J31=$Y$14),$W$14))))))) | L31: =+IF(J31="","",IF(J31="N/A","",IF(OR(J31=$X$10,J31=$Y$10),$V$10,IF(OR(J31=$X$11,J31=$Y$11),$V$11,IF(OR(J31=$X$12,J31=$Y$12),$V$12,IF(OR(J31=$X$13,J31=$Y$13),$V$13,IF(OR(J31=$X$14,J31=$Y$14),$V$14))))))) | M31: =+IF(H31="",K31,IF(K31="",H31,IF(H31>K31,H31,K31))) | N31: =+IF(M31="","",IF(M31=$W$10,$V$10,IF(M31=$W$11,$V$11,IF(M31=$W$12,$V$12,IF(M31=$W$13,$V$13,IF(M31=$W$14,$V$14))))))
A32: ='2 IDENTIFICACIÓN'!A32 -> R23 | B32: =+'2 IDENTIFICACIÓN'!J32 -> por debido a | D32: =+IF(C32="","",IF(C32<=$S$10,$Q$10,IF(C32<=$S$11,$Q$11,IF(C32<=$S$12,$Q$12,IF(C32<=$S$13,$Q$13,IF(C32>=$R$14,$Q$14,"")))))) | E32: =+IF(D32="","",IF(D32=$Q$10,$T$10,IF(D32=$Q$11,$T$11,IF(D32=$Q$12,$T$12,IF(D32=$Q$13,$T$13,IF(D32=$Q$14,$T$14)))))) | F32: =+IF(D32="","",IF(D32=$Q$10,$P$10,IF(D32=$Q$11,$P$11,IF(D32=$Q$12,$P$12,IF(D32=$Q$13,$P$13,IF(D32=$Q$14,$P$14)))))) | H32: =+IF(G32="","",IF(G32="N/A","",IF(OR(G32=$X$10,G32=$Y$10),$W$10,IF(OR(G32=$X$11,G32=$Y$11),$W$11,IF(OR(G32=$X$12,G32=$Y$12),$W$12,IF(OR(G32=$X$13,G32=$Y$13),$W$13,IF(OR(G32=$X$14,G32=$Y$14),$W$14))))))) | I32: =+IF(G32="","",IF(G32="N/A","",IF(OR(G32=$X$10,G32=$Y$10),$V$10,IF(OR(G32=$X$11,G32=$Y$11),$V$11,IF(OR(G32=$X$12,G32=$Y$12),$V$12,IF(OR(G32=$X$13,G32=$Y$13),$V$13,IF(OR(G32=$X$14,G32=$Y$14),$V$14))))))) | K32: =+IF(J32="","",IF(J32="N/A","",IF(OR(J32=$X$10,J32=$Y$10),$W$10,IF(OR(J32=$X$11,J32=$Y$11),$W$11,IF(OR(J32=$X$12,J32=$Y$12),$W$12,IF(OR(J32=$X$13,J32=$Y$13),$W$13,IF(OR(J32=$X$14,J32=$Y$14),$W$14))))))) | L32: =+IF(J32="","",IF(J32="N/A","",IF(OR(J32=$X$10,J32=$Y$10),$V$10,IF(OR(J32=$X$11,J32=$Y$11),$V$11,IF(OR(J32=$X$12,J32=$Y$12),$V$12,IF(OR(J32=$X$13,J32=$Y$13),$V$13,IF(OR(J32=$X$14,J32=$Y$14),$V$14))))))) | M32: =+IF(H32="",K32,IF(K32="",H32,IF(H32>K32,H32,K32))) | N32: =+IF(M32="","",IF(M32=$W$10,$V$10,IF(M32=$W$11,$V$11,IF(M32=$W$12,$V$12,IF(M32=$W$13,$V$13,IF(M32=$W$14,$V$14))))))
A33: ='2 IDENTIFICACIÓN'!A33 -> R24 | B33: =+'2 IDENTIFICACIÓN'!J33 -> por debido a | D33: =+IF(C33="","",IF(C33<=$S$10,$Q$10,IF(C33<=$S$11,$Q$11,IF(C33<=$S$12,$Q$12,IF(C33<=$S$13,$Q$13,IF(C33>=$R$14,$Q$14,"")))))) | E33: =+IF(D33="","",IF(D33=$Q$10,$T$10,IF(D33=$Q$11,$T$11,IF(D33=$Q$12,$T$12,IF(D33=$Q$13,$T$13,IF(D33=$Q$14,$T$14)))))) | F33: =+IF(D33="","",IF(D33=$Q$10,$P$10,IF(D33=$Q$11,$P$11,IF(D33=$Q$12,$P$12,IF(D33=$Q$13,$P$13,IF(D33=$Q$14,$P$14)))))) | H33: =+IF(G33="","",IF(G33="N/A","",IF(OR(G33=$X$10,G33=$Y$10),$W$10,IF(OR(G33=$X$11,G33=$Y$11),$W$11,IF(OR(G33=$X$12,G33=$Y$12),$W$12,IF(OR(G33=$X$13,G33=$Y$13),$W$13,IF(OR(G33=$X$14,G33=$Y$14),$W$14))))))) | I33: =+IF(G33="","",IF(G33="N/A","",IF(OR(G33=$X$10,G33=$Y$10),$V$10,IF(OR(G33=$X$11,G33=$Y$11),$V$11,IF(OR(G33=$X$12,G33=$Y$12),$V$12,IF(OR(G33=$X$13,G33=$Y$13),$V$13,IF(OR(G33=$X$14,G33=$Y$14),$V$14))))))) | K33: =+IF(J33="","",IF(J33="N/A","",IF(OR(J33=$X$10,J33=$Y$10),$W$10,IF(OR(J33=$X$11,J33=$Y$11),$W$11,IF(OR(J33=$X$12,J33=$Y$12),$W$12,IF(OR(J33=$X$13,J33=$Y$13),$W$13,IF(OR(J33=$X$14,J33=$Y$14),$W$14))))))) | L33: =+IF(J33="","",IF(J33="N/A","",IF(OR(J33=$X$10,J33=$Y$10),$V$10,IF(OR(J33=$X$11,J33=$Y$11),$V$11,IF(OR(J33=$X$12,J33=$Y$12),$V$12,IF(OR(J33=$X$13,J33=$Y$13),$V$13,IF(OR(J33=$X$14,J33=$Y$14),$V$14))))))) | M33: =+IF(H33="",K33,IF(K33="",H33,IF(H33>K33,H33,K33))) | N33: =+IF(M33="","",IF(M33=$W$10,$V$10,IF(M33=$W$11,$V$11,IF(M33=$W$12,$V$12,IF(M33=$W$13,$V$13,IF(M33=$W$14,$V$14))))))
A34: ='2 IDENTIFICACIÓN'!A34 -> R25 | B34: =+'2 IDENTIFICACIÓN'!J34 -> por debido a | D34: =+IF(C34="","",IF(C34<=$S$10,$Q$10,IF(C34<=$S$11,$Q$11,IF(C34<=$S$12,$Q$12,IF(C34<=$S$13,$Q$13,IF(C34>=$R$14,$Q$14,"")))))) | E34: =+IF(D34="","",IF(D34=$Q$10,$T$10,IF(D34=$Q$11,$T$11,IF(D34=$Q$12,$T$12,IF(D34=$Q$13,$T$13,IF(D34=$Q$14,$T$14)))))) | F34: =+IF(D34="","",IF(D34=$Q$10,$P$10,IF(D34=$Q$11,$P$11,IF(D34=$Q$12,$P$12,IF(D34=$Q$13,$P$13,IF(D34=$Q$14,$P$14)))))) | H34: =+IF(G34="","",IF(G34="N/A","",IF(OR(G34=$X$10,G34=$Y$10),$W$10,IF(OR(G34=$X$11,G34=$Y$11),$W$11,IF(OR(G34=$X$12,G34=$Y$12),$W$12,IF(OR(G34=$X$13,G34=$Y$13),$W$13,IF(OR(G34=$X$14,G34=$Y$14),$W$14))))))) | I34: =+IF(G34="","",IF(G34="N/A","",IF(OR(G34=$X$10,G34=$Y$10),$V$10,IF(OR(G34=$X$11,G34=$Y$11),$V$11,IF(OR(G34=$X$12,G34=$Y$12),$V$12,IF(OR(G34=$X$13,G34=$Y$13),$V$13,IF(OR(G34=$X$14,G34=$Y$14),$V$14))))))) | K34: =+IF(J34="","",IF(J34="N/A","",IF(OR(J34=$X$10,J34=$Y$10),$W$10,IF(OR(J34=$X$11,J34=$Y$11),$W$11,IF(OR(J34=$X$12,J34=$Y$12),$W$12,IF(OR(J34=$X$13,J34=$Y$13),$W$13,IF(OR(J34=$X$14,J34=$Y$14),$W$14))))))) | L34: =+IF(J34="","",IF(J34="N/A","",IF(OR(J34=$X$10,J34=$Y$10),$V$10,IF(OR(J34=$X$11,J34=$Y$11),$V$11,IF(OR(J34=$X$12,J34=$Y$12),$V$12,IF(OR(J34=$X$13,J34=$Y$13),$V$13,IF(OR(J34=$X$14,J34=$Y$14),$V$14))))))) | M34: =+IF(H34="",K34,IF(K34="",H34,IF(H34>K34,H34,K34))) | N34: =+IF(M34="","",IF(M34=$W$10,$V$10,IF(M34=$W$11,$V$11,IF(M34=$W$12,$V$12,IF(M34=$W$13,$V$13,IF(M34=$W$14,$V$14))))))
A35: ='2 IDENTIFICACIÓN'!A35 -> R26 | B35: =+'2 IDENTIFICACIÓN'!J35 -> por debido a | D35: =+IF(C35="","",IF(C35<=$S$10,$Q$10,IF(C35<=$S$11,$Q$11,IF(C35<=$S$12,$Q$12,IF(C35<=$S$13,$Q$13,IF(C35>=$R$14,$Q$14,"")))))) | E35: =+IF(D35="","",IF(D35=$Q$10,$T$10,IF(D35=$Q$11,$T$11,IF(D35=$Q$12,$T$12,IF(D35=$Q$13,$T$13,IF(D35=$Q$14,$T$14)))))) | F35: =+IF(D35="","",IF(D35=$Q$10,$P$10,IF(D35=$Q$11,$P$11,IF(D35=$Q$12,$P$12,IF(D35=$Q$13,$P$13,IF(D35=$Q$14,$P$14)))))) | H35: =+IF(G35="","",IF(G35="N/A","",IF(OR(G35=$X$10,G35=$Y$10),$W$10,IF(OR(G35=$X$11,G35=$Y$11),$W$11,IF(OR(G35=$X$12,G35=$Y$12),$W$12,IF(OR(G35=$X$13,G35=$Y$13),$W$13,IF(OR(G35=$X$14,G35=$Y$14),$W$14))))))) | I35: =+IF(G35="","",IF(G35="N/A","",IF(OR(G35=$X$10,G35=$Y$10),$V$10,IF(OR(G35=$X$11,G35=$Y$11),$V$11,IF(OR(G35=$X$12,G35=$Y$12),$V$12,IF(OR(G35=$X$13,G35=$Y$13),$V$13,IF(OR(G35=$X$14,G35=$Y$14),$V$14))))))) | K35: =+IF(J35="","",IF(J35="N/A","",IF(OR(J35=$X$10,J35=$Y$10),$W$10,IF(OR(J35=$X$11,J35=$Y$11),$W$11,IF(OR(J35=$X$12,J35=$Y$12),$W$12,IF(OR(J35=$X$13,J35=$Y$13),$W$13,IF(OR(J35=$X$14,J35=$Y$14),$W$14))))))) | L35: =+IF(J35="","",IF(J35="N/A","",IF(OR(J35=$X$10,J35=$Y$10),$V$10,IF(OR(J35=$X$11,J35=$Y$11),$V$11,IF(OR(J35=$X$12,J35=$Y$12),$V$12,IF(OR(J35=$X$13,J35=$Y$13),$V$13,IF(OR(J35=$X$14,J35=$Y$14),$V$14))))))) | M35: =+IF(H35="",K35,IF(K35="",H35,IF(H35>K35,H35,K35))) | N35: =+IF(M35="","",IF(M35=$W$10,$V$10,IF(M35=$W$11,$V$11,IF(M35=$W$12,$V$12,IF(M35=$W$13,$V$13,IF(M35=$W$14,$V$14))))))
A36: ='2 IDENTIFICACIÓN'!A36 -> R27 | B36: =+'2 IDENTIFICACIÓN'!J36 -> por debido a | D36: =+IF(C36="","",IF(C36<=$S$10,$Q$10,IF(C36<=$S$11,$Q$11,IF(C36<=$S$12,$Q$12,IF(C36<=$S$13,$Q$13,IF(C36>=$R$14,$Q$14,"")))))) | E36: =+IF(D36="","",IF(D36=$Q$10,$T$10,IF(D36=$Q$11,$T$11,IF(D36=$Q$12,$T$12,IF(D36=$Q$13,$T$13,IF(D36=$Q$14,$T$14)))))) | F36: =+IF(D36="","",IF(D36=$Q$10,$P$10,IF(D36=$Q$11,$P$11,IF(D36=$Q$12,$P$12,IF(D36=$Q$13,$P$13,IF(D36=$Q$14,$P$14)))))) | H36: =+IF(G36="","",IF(G36="N/A","",IF(OR(G36=$X$10,G36=$Y$10),$W$10,IF(OR(G36=$X$11,G36=$Y$11),$W$11,IF(OR(G36=$X$12,G36=$Y$12),$W$12,IF(OR(G36=$X$13,G36=$Y$13),$W$13,IF(OR(G36=$X$14,G36=$Y$14),$W$14))))))) | I36: =+IF(G36="","",IF(G36="N/A","",IF(OR(G36=$X$10,G36=$Y$10),$V$10,IF(OR(G36=$X$11,G36=$Y$11),$V$11,IF(OR(G36=$X$12,G36=$Y$12),$V$12,IF(OR(G36=$X$13,G36=$Y$13),$V$13,IF(OR(G36=$X$14,G36=$Y$14),$V$14))))))) | K36: =+IF(J36="","",IF(J36="N/A","",IF(OR(J36=$X$10,J36=$Y$10),$W$10,IF(OR(J36=$X$11,J36=$Y$11),$W$11,IF(OR(J36=$X$12,J36=$Y$12),$W$12,IF(OR(J36=$X$13,J36=$Y$13),$W$13,IF(OR(J36=$X$14,J36=$Y$14),$W$14))))))) | L36: =+IF(J36="","",IF(J36="N/A","",IF(OR(J36=$X$10,J36=$Y$10),$V$10,IF(OR(J36=$X$11,J36=$Y$11),$V$11,IF(OR(J36=$X$12,J36=$Y$12),$V$12,IF(OR(J36=$X$13,J36=$Y$13),$V$13,IF(OR(J36=$X$14,J36=$Y$14),$V$14))))))) | M36: =+IF(H36="",K36,IF(K36="",H36,IF(H36>K36,H36,K36))) | N36: =+IF(M36="","",IF(M36=$W$10,$V$10,IF(M36=$W$11,$V$11,IF(M36=$W$12,$V$12,IF(M36=$W$13,$V$13,IF(M36=$W$14,$V$14))))))
A37: ='2 IDENTIFICACIÓN'!A37 -> R28 | B37: =+'2 IDENTIFICACIÓN'!J37 -> por debido a | D37: =+IF(C37="","",IF(C37<=$S$10,$Q$10,IF(C37<=$S$11,$Q$11,IF(C37<=$S$12,$Q$12,IF(C37<=$S$13,$Q$13,IF(C37>=$R$14,$Q$14,"")))))) | E37: =+IF(D37="","",IF(D37=$Q$10,$T$10,IF(D37=$Q$11,$T$11,IF(D37=$Q$12,$T$12,IF(D37=$Q$13,$T$13,IF(D37=$Q$14,$T$14)))))) | F37: =+IF(D37="","",IF(D37=$Q$10,$P$10,IF(D37=$Q$11,$P$11,IF(D37=$Q$12,$P$12,IF(D37=$Q$13,$P$13,IF(D37=$Q$14,$P$14)))))) | H37: =+IF(G37="","",IF(G37="N/A","",IF(OR(G37=$X$10,G37=$Y$10),$W$10,IF(OR(G37=$X$11,G37=$Y$11),$W$11,IF(OR(G37=$X$12,G37=$Y$12),$W$12,IF(OR(G37=$X$13,G37=$Y$13),$W$13,IF(OR(G37=$X$14,G37=$Y$14),$W$14))))))) | I37: =+IF(G37="","",IF(G37="N/A","",IF(OR(G37=$X$10,G37=$Y$10),$V$10,IF(OR(G37=$X$11,G37=$Y$11),$V$11,IF(OR(G37=$X$12,G37=$Y$12),$V$12,IF(OR(G37=$X$13,G37=$Y$13),$V$13,IF(OR(G37=$X$14,G37=$Y$14),$V$14))))))) | K37: =+IF(J37="","",IF(J37="N/A","",IF(OR(J37=$X$10,J37=$Y$10),$W$10,IF(OR(J37=$X$11,J37=$Y$11),$W$11,IF(OR(J37=$X$12,J37=$Y$12),$W$12,IF(OR(J37=$X$13,J37=$Y$13),$W$13,IF(OR(J37=$X$14,J37=$Y$14),$W$14))))))) | L37: =+IF(J37="","",IF(J37="N/A","",IF(OR(J37=$X$10,J37=$Y$10),$V$10,IF(OR(J37=$X$11,J37=$Y$11),$V$11,IF(OR(J37=$X$12,J37=$Y$12),$V$12,IF(OR(J37=$X$13,J37=$Y$13),$V$13,IF(OR(J37=$X$14,J37=$Y$14),$V$14))))))) | M37: =+IF(H37="",K37,IF(K37="",H37,IF(H37>K37,H37,K37))) | N37: =+IF(M37="","",IF(M37=$W$10,$V$10,IF(M37=$W$11,$V$11,IF(M37=$W$12,$V$12,IF(M37=$W$13,$V$13,IF(M37=$W$14,$V$14))))))
A38: ='2 IDENTIFICACIÓN'!A38 -> R29 | B38: =+'2 IDENTIFICACIÓN'!J38 -> por debido a | D38: =+IF(C38="","",IF(C38<=$S$10,$Q$10,IF(C38<=$S$11,$Q$11,IF(C38<=$S$12,$Q$12,IF(C38<=$S$13,$Q$13,IF(C38>=$R$14,$Q$14,"")))))) | E38: =+IF(D38="","",IF(D38=$Q$10,$T$10,IF(D38=$Q$11,$T$11,IF(D38=$Q$12,$T$12,IF(D38=$Q$13,$T$13,IF(D38=$Q$14,$T$14)))))) | F38: =+IF(D38="","",IF(D38=$Q$10,$P$10,IF(D38=$Q$11,$P$11,IF(D38=$Q$12,$P$12,IF(D38=$Q$13,$P$13,IF(D38=$Q$14,$P$14)))))) | H38: =+IF(G38="","",IF(G38="N/A","",IF(OR(G38=$X$10,G38=$Y$10),$W$10,IF(OR(G38=$X$11,G38=$Y$11),$W$11,IF(OR(G38=$X$12,G38=$Y$12),$W$12,IF(OR(G38=$X$13,G38=$Y$13),$W$13,IF(OR(G38=$X$14,G38=$Y$14),$W$14))))))) | I38: =+IF(G38="","",IF(G38="N/A","",IF(OR(G38=$X$10,G38=$Y$10),$V$10,IF(OR(G38=$X$11,G38=$Y$11),$V$11,IF(OR(G38=$X$12,G38=$Y$12),$V$12,IF(OR(G38=$X$13,G38=$Y$13),$V$13,IF(OR(G38=$X$14,G38=$Y$14),$V$14))))))) | K38: =+IF(J38="","",IF(J38="N/A","",IF(OR(J38=$X$10,J38=$Y$10),$W$10,IF(OR(J38=$X$11,J38=$Y$11),$W$11,IF(OR(J38=$X$12,J38=$Y$12),$W$12,IF(OR(J38=$X$13,J38=$Y$13),$W$13,IF(OR(J38=$X$14,J38=$Y$14),$W$14))))))) | L38: =+IF(J38="","",IF(J38="N/A","",IF(OR(J38=$X$10,J38=$Y$10),$V$10,IF(OR(J38=$X$11,J38=$Y$11),$V$11,IF(OR(J38=$X$12,J38=$Y$12),$V$12,IF(OR(J38=$X$13,J38=$Y$13),$V$13,IF(OR(J38=$X$14,J38=$Y$14),$V$14))))))) | M38: =+IF(H38="",K38,IF(K38="",H38,IF(H38>K38,H38,K38))) | N38: =+IF(M38="","",IF(M38=$W$10,$V$10,IF(M38=$W$11,$V$11,IF(M38=$W$12,$V$12,IF(M38=$W$13,$V$13,IF(M38=$W$14,$V$14))))))
A39: ='2 IDENTIFICACIÓN'!A39 -> R30 | B39: =+'2 IDENTIFICACIÓN'!J39 -> por debido a | D39: =+IF(C39="","",IF(C39<=$S$10,$Q$10,IF(C39<=$S$11,$Q$11,IF(C39<=$S$12,$Q$12,IF(C39<=$S$13,$Q$13,IF(C39>=$R$14,$Q$14,"")))))) | E39: =+IF(D39="","",IF(D39=$Q$10,$T$10,IF(D39=$Q$11,$T$11,IF(D39=$Q$12,$T$12,IF(D39=$Q$13,$T$13,IF(D39=$Q$14,$T$14)))))) | F39: =+IF(D39="","",IF(D39=$Q$10,$P$10,IF(D39=$Q$11,$P$11,IF(D39=$Q$12,$P$12,IF(D39=$Q$13,$P$13,IF(D39=$Q$14,$P$14)))))) | H39: =+IF(G39="","",IF(G39="N/A","",IF(OR(G39=$X$10,G39=$Y$10),$W$10,IF(OR(G39=$X$11,G39=$Y$11),$W$11,IF(OR(G39=$X$12,G39=$Y$12),$W$12,IF(OR(G39=$X$13,G39=$Y$13),$W$13,IF(OR(G39=$X$14,G39=$Y$14),$W$14))))))) | I39: =+IF(G39="","",IF(G39="N/A","",IF(OR(G39=$X$10,G39=$Y$10),$V$10,IF(OR(G39=$X$11,G39=$Y$11),$V$11,IF(OR(G39=$X$12,G39=$Y$12),$V$12,IF(OR(G39=$X$13,G39=$Y$13),$V$13,IF(OR(G39=$X$14,G39=$Y$14),$V$14))))))) | K39: =+IF(J39="","",IF(J39="N/A","",IF(OR(J39=$X$10,J39=$Y$10),$W$10,IF(OR(J39=$X$11,J39=$Y$11),$W$11,IF(OR(J39=$X$12,J39=$Y$12),$W$12,IF(OR(J39=$X$13,J39=$Y$13),$W$13,IF(OR(J39=$X$14,J39=$Y$14),$W$14))))))) | L39: =+IF(J39="","",IF(J39="N/A","",IF(OR(J39=$X$10,J39=$Y$10),$V$10,IF(OR(J39=$X$11,J39=$Y$11),$V$11,IF(OR(J39=$X$12,J39=$Y$12),$V$12,IF(OR(J39=$X$13,J39=$Y$13),$V$13,IF(OR(J39=$X$14,J39=$Y$14),$V$14))))))) | M39: =+IF(H39="",K39,IF(K39="",H39,IF(H39>K39,H39,K39))) | N39: =+IF(M39="","",IF(M39=$W$10,$V$10,IF(M39=$W$11,$V$11,IF(M39=$W$12,$V$12,IF(M39=$W$13,$V$13,IF(M39=$W$14,$V$14))))))
A41: CONTROL DE CAMBIOS
A42: VERSIÓN | B42: FECHA | D42: DESCRIPCIÓN | F42: RESPONSABLE
A43: 0.0 | B43: 46163 | D43: Creación del documento. Este documento estará en prueba durante 3 meses, pasado este tiempo, se ajustará de versión con los cambios respectivos o se deja en firme, pero con cambio de versión. | F43: Profesional Especializado

Sheet 4 MAPA CALOR INHERENTE
B1: PROCESO PLANEACIÓN ESTRATÉGICA | J1: Código: F-DPM-10100-238,37-068
J2: Fecha: 21-05-2026
B3: MAPA DE RIESGOS INTEGRALES | J3: Versión: 0.0
A5: ENTIDAD: | B5: ='2 IDENTIFICACIÓN'!B5 -> ALCALDÍA DE BUCARAMANGA | F5: PROCESO: | G5: ='2 IDENTIFICACIÓN'!G5 -> GESTIÓN DE SERVICIOS DE LA EDUCACIÓN PÚBLICA | I5: VIGENCIA: | J5: ='2 IDENTIFICACIÓN'!J5 -> 2026
G7: MAPA DE CALOR RIESGO INHERENTE | R7: Impacto
C8: CALIFICACIÓN RIESGO INHERENTE | I8: Impacto | R8: 0.2 | S8: 0.4 | T8: 0.6 | U8: 0.8 | V8: 1
A9: No. DEL RIESGO | B9: RIESGO | C9: PROBABILIDAD | D9: IMPACTO | E9: SEVERIDAD (NIVEL DE RIESGO) | I9: Leve | J9: Menor | K9: Moderado | L9: Mayor | M9: Catastrófico | R9: Leve | S9: Menor | T9: Moderado | U9: Mayor | V9: Catastrófico
A10: ='2 IDENTIFICACIÓN'!A10 -> R1 | B10: =+'2 IDENTIFICACIÓN'!J10 -> Posibilidad de afectación económica y reputacional por inconsistencias en la caracterización y registro de la información de los estudiantes en el SIMAT, debido a deficiencias en el suministro, actualización y validación de la información reportada por las Instituciones Educativas, generando disminución en la asignación de recursos del Sistema General de Participaciones para la prestación del servicio educativo. | C10: =+'3 PROBABIL E IMPACTO INHERENTE'!F10 -> Muy Alta | D10: =+'3 PROBABIL E IMPACTO INHERENTE'!N10 -> Mayor | E10: =+IF(C10=$Q$10,IF(D10=$R$9,$R$10,IF(D10=$S$9,$S$10,IF(D10=$T$9,$T$10,IF(D10=$U$9,$U$10,IF(D10=$V$9,$V$10))))),IF(C10=$Q$11,IF(D10=$R$9,$R$11,IF(D10=$S$9,$S$11,IF(D10=$T$9,$T$11,IF(D10=$U$9,$U$11,IF(D10=$V$9,$V$11))))),IF(C10=$Q$12,IF(D10=$R$9,$R$12,IF(D10=$S$9,$S$12,IF(D10=$T$9,$T$12,IF(D10=$U$9,$U$12,IF(D10=$V$9,$V$12))))),IF(C10=$Q$13,IF(D10=$R$9,$R$13,IF(D10=$S$9,$S$13,IF(D10=$T$9,$T$13,IF(D10=$U$9,$U$13,IF(D10=$V$9,$V$13))))),IF(C10=$Q$14,IF(D10=$R$9,$R$14,IF(D10=$S$9,$S$14,IF(D10=$T$9,$T$14,IF(D10=$U$9,$U$14,IF(D10=$V$9,$V$14))))),""))))) -> Alto | G10: Probabilidad | H10: Muy Alta | I10: =+IF(AND(C10=$Q$10,D10=$R$9),A10,"")&" "&IF(AND(C11=$Q$10,D11=$R$9),A11,"")&" "&IF(AND(C12=$Q$10,D12=$R$9),A12,"")&" "&IF(AND(C13=$Q$10,D13=$R$9),A13,"")&" "&IF(AND(C14=$Q$10,D14=$R$9),A14,"")&" "&IF(AND(C15=$Q$10,D15=$R$9),A15,"")&" "&IF(AND(C16=$Q$10,D16=$R$9),A16,"")&" "&IF(AND(C17=$Q$10,D17=$R$9),A17,"")&" "&IF(AND(C18=$Q$10,D18=$R$9),A18,"")&" "&IF(AND(C19=$Q$10,D19=$R$9),A19,"")&" "&IF(AND(C20=$Q$10,D20=$R$9),A20,"")&" "&IF(AND(C21=$Q$10,D21=$R$9),A21,"")&" "&IF(AND(C22=$Q$10,D22=$R$9),A22,"")&" "&IF(AND(C23=$Q$10,D23=$R$9),A23,"")&" "&IF(AND(C24=$Q$10,D24=$R$9),A24,"")&" "&IF(AND(C25=$Q$10,D25=$R$9),A25,"")&" "&IF(AND(C26=$Q$10,D26=$R$9),A26,"")&" "&IF(AND(C27=$Q$10,D27=$R$9),A27,"")&" "&IF(AND(C28=$Q$10,D28=$R$9),A28,"")&" "&IF(AND(C39=$Q$10,D39=$R$9),A39,"") | J10: =+IF(AND(C10=$Q$10,D10=$S$9),A10,"")&" "&IF(AND(C11=$Q$10,D11=$S$9),A11,"")&" "&IF(AND(C12=$Q$10,D12=$S$9),A12,"")&" "&IF(AND(C13=$Q$10,D13=$S$9),A13,"")&" "&IF(AND(C14=$Q$10,D14=$S$9),A14,"")&" "&IF(AND(C15=$Q$10,D15=$S$9),A15,"")&" "&IF(AND(C16=$Q$10,D16=$S$9),A16,"")&" "&IF(AND(C17=$Q$10,D17=$S$9),A17,"")&" "&IF(AND(C18=$Q$10,D18=$S$9),A18,"")&" "&IF(AND(C19=$Q$10,D19=$S$9),A19,"")&" "&IF(AND(C20=$Q$10,D20=$S$9),A20,"")&" "&IF(AND(C21=$Q$10,D21=$S$9),A21,"")&" "&IF(AND(C22=$Q$10,D22=$S$9),A22,"")&" "&IF(AND(C23=$Q$10,D23=$S$9),A23,"")&" "&IF(AND(C24=$Q$10,D24=$S$9),A24,"")&" "&IF(AND(C25=$Q$10,D25=$S$9),A25,"")&" "&IF(AND(C26=$Q$10,D26=$S$9),A26,"")&" "&IF(AND(C27=$Q$10,D27=$S$9),A27,"")&" "&IF(AND(C28=$Q$10,D28=$S$9),A28,"")&" "&IF(AND(C39=$Q$10,D39=$S$9),A39,"") | K10: =+IF(AND(C10=$Q$10,D10=$T$9),A10,"")&" "&IF(AND(C11=$Q$10,D11=$T$9),A11,"")&" "&IF(AND(C12=$Q$10,D12=$T$9),A12,"")&" "&IF(AND(C13=$Q$10,D13=$T$9),A13,"")&" "&IF(AND(C14=$Q$10,D14=$T$9),A14,"")&" "&IF(AND(C15=$Q$10,D15=$T$9),A15,"")&" "&IF(AND(C16=$Q$10,D16=$T$9),A16,"")&" "&IF(AND(C17=$Q$10,D17=$T$9),A17,"")&" "&IF(AND(C18=$Q$10,D18=$T$9),A18,"")&" "&IF(AND(C19=$Q$10,D19=$T$9),A19,"")&" "&IF(AND(C20=$Q$10,D20=$T$9),A20,"")&" "&IF(AND(C21=$Q$10,D21=$T$9),A21,"")&" "&IF(AND(C22=$Q$10,D22=$T$9),A22,"")&" "&IF(AND(C23=$Q$10,D23=$T$9),A23,"")&" "&IF(AND(C24=$Q$10,D24=$T$9),A24,"")&" "&IF(AND(C25=$Q$10,D25=$T$9),A25,"")&" "&IF(AND(C26=$Q$10,D26=$T$9),A26,"")&" "&IF(AND(C27=$Q$10,D27=$T$9),A27,"")&" "&IF(AND(C28=$Q$10,D28=$T$9),A28,"")&" "&IF(AND(C39=$Q$10,D39=$T$9),A39,"") | L10: =+IF(AND(C10=$Q$10,D10=$U$9),A10,"")&" "&IF(AND(C11=$Q$10,D11=$U$9),A11,"")&" "&IF(AND(C12=$Q$10,D12=$U$9),A12,"")&" "&IF(AND(C13=$Q$10,D13=$U$9),A13,"")&" "&IF(AND(C14=$Q$10,D14=$U$9),A14,"")&" "&IF(AND(C15=$Q$10,D15=$U$9),A15,"")&" "&IF(AND(C16=$Q$10,D16=$U$9),A16,"")&" "&IF(AND(C17=$Q$10,D17=$U$9),A17,"")&" "&IF(AND(C18=$Q$10,D18=$U$9),A18,"")&" "&IF(AND(C19=$Q$10,D19=$U$9),A19,"")&" "&IF(AND(C20=$Q$10,D20=$U$9),A20,"")&" "&IF(AND(C21=$Q$10,D21=$U$9),A21,"")&" "&IF(AND(C22=$Q$10,D22=$U$9),A22,"")&" "&IF(AND(C23=$Q$10,D23=$U$9),A23,"")&" "&IF(AND(C24=$Q$10,D24=$U$9),A24,"")&" "&IF(AND(C25=$Q$10,D25=$U$9),A25,"")&" "&IF(AND(C26=$Q$10,D26=$U$9),A26,"")&" "&IF(AND(C27=$Q$10,D27=$U$9),A27,"")&" "&IF(AND(C28=$Q$10,D28=$U$9),A28,"")&" "&IF(AND(C39=$Q$10,D39=$U$9),A39,"") -> R1 R13 | M10: =+IF(AND(C10=$Q$10,D10=$V$9),A10,"")&" "&IF(AND(C11=$Q$10,D11=$V$9),A11,"")&" "&IF(AND(C12=$Q$10,D12=$V$9),A12,"")&" "&IF(AND(C13=$Q$10,D13=$V$9),A13,"")&" "&IF(AND(C14=$Q$10,D14=$V$9),A14,"")&" "&IF(AND(C15=$Q$10,D15=$V$9),A15,"")&" "&IF(AND(C16=$Q$10,D16=$V$9),A16,"")&" "&IF(AND(C17=$Q$10,D17=$V$9),A17,"")&" "&IF(AND(C18=$Q$10,D18=$V$9),A18,"")&" "&IF(AND(C19=$Q$10,D19=$V$9),A19,"")&" "&IF(AND(C20=$Q$10,D20=$V$9),A20,"")&" "&IF(AND(C21=$Q$10,D21=$V$9),A21,"")&" "&IF(AND(C22=$Q$10,D22=$V$9),A22,"")&" "&IF(AND(C23=$Q$10,D23=$V$9),A23,"")&" "&IF(AND(C24=$Q$10,D24=$V$9),A24,"")&" "&IF(AND(C25=$Q$10,D25=$V$9),A25,"")&" "&IF(AND(C26=$Q$10,D26=$V$9),A26,"")&" "&IF(AND(C27=$Q$10,D27=$V$9),A27,"")&" "&IF(AND(C28=$Q$10,D28=$V$9),A28,"")&" "&IF(AND(C39=$Q$10,D39=$V$9),A39,"") | O10: Probabilidad | P10: 1 | Q10: Muy Alta | R10: Alto | S10: Alto | T10: Alto | U10: Alto | V10: Extremo
A11: ='2 IDENTIFICACIÓN'!A11 -> R2 | B11: =+'2 IDENTIFICACIÓN'!J11 -> Posibilidad de afectación reputacional por publicaciones extemporáneas en el SECOP, debido a demoras en la entrega y remisión de la información requerida para la gestión contractual. | C11: =+'3 PROBABIL E IMPACTO INHERENTE'!F11 -> Media | D11: =+'3 PROBABIL E IMPACTO INHERENTE'!N11 -> Leve | E11: =+IF(C11=$Q$10,IF(D11=$R$9,$R$10,IF(D11=$S$9,$S$10,IF(D11=$T$9,$T$10,IF(D11=$U$9,$U$10,IF(D11=$V$9,$V$10))))),IF(C11=$Q$11,IF(D11=$R$9,$R$11,IF(D11=$S$9,$S$11,IF(D11=$T$9,$T$11,IF(D11=$U$9,$U$11,IF(D11=$V$9,$V$11))))),IF(C11=$Q$12,IF(D11=$R$9,$R$12,IF(D11=$S$9,$S$12,IF(D11=$T$9,$T$12,IF(D11=$U$9,$U$12,IF(D11=$V$9,$V$12))))),IF(C11=$Q$13,IF(D11=$R$9,$R$13,IF(D11=$S$9,$S$13,IF(D11=$T$9,$T$13,IF(D11=$U$9,$U$13,IF(D11=$V$9,$V$13))))),IF(C11=$Q$14,IF(D11=$R$9,$R$14,IF(D11=$S$9,$S$14,IF(D11=$T$9,$T$14,IF(D11=$U$9,$U$14,IF(D11=$V$9,$V$14))))),""))))) -> Moderado | H11: Alta | I11: =+IF(AND(C10=$Q$11,D10=$R$9),A10,"")&" "&IF(AND(C11=$Q$11,D11=$R$9),A11,"")&" "&IF(AND(C12=$Q$11,D12=$R$9),A12,"")&" "&IF(AND(C13=$Q$11,D13=$R$9),A13,"")&" "&IF(AND(C14=$Q$11,D14=$R$9),A14,"")&" "&IF(AND(C15=$Q$11,D15=$R$9),A15,"")&" "&IF(AND(C16=$Q$11,D16=$R$9),A16,"")&" "&IF(AND(C17=$Q$11,D17=$R$9),A17,"")&" "&IF(AND(C18=$Q$11,D18=$R$9),A18,"")&" "&IF(AND(C19=$Q$11,D19=$R$9),A19,"")&" "&IF(AND(C20=$Q$11,D20=$R$9),A20,"")&" "&IF(AND(C21=$Q$11,D21=$R$9),A21,"")&" "&IF(AND(C22=$Q$11,D22=$R$9),A22,"")&" "&IF(AND(C23=$Q$11,D23=$R$9),A23,"")&" "&IF(AND(C24=$Q$11,D24=$R$9),A24,"")&" "&IF(AND(C25=$Q$11,D25=$R$9),A25,"")&" "&IF(AND(C26=$Q$11,D26=$R$9),A26,"")&" "&IF(AND(C27=$Q$11,D27=$R$9),A27,"")&" "&IF(AND(C28=$Q$11,D28=$R$9),A28,"")&" "&IF(AND(C39=$Q$11,D39=$R$9),A39,"") -> R12 | J11: =+IF(AND(C10=$Q$11,D10=$S$9),A10,"")&" "&IF(AND(C11=$Q$11,D11=$S$9),A11,"")&" "&IF(AND(C12=$Q$11,D12=$S$9),A12,"")&" "&IF(AND(C13=$Q$11,D13=$S$9),A13,"")&" "&IF(AND(C14=$Q$11,D14=$S$9),A14,"")&" "&IF(AND(C15=$Q$11,D15=$S$9),A15,"")&" "&IF(AND(C16=$Q$11,D16=$S$9),A16,"")&" "&IF(AND(C17=$Q$11,D17=$S$9),A17,"")&" "&IF(AND(C18=$Q$11,D18=$S$9),A18,"")&" "&IF(AND(C19=$Q$11,D19=$S$9),A19,"")&" "&IF(AND(C20=$Q$11,D20=$S$9),A20,"")&" "&IF(AND(C21=$Q$11,D21=$S$9),A21,"")&" "&IF(AND(C22=$Q$11,D22=$S$9),A22,"")&" "&IF(AND(C23=$Q$11,D23=$S$9),A23,"")&" "&IF(AND(C24=$Q$11,D24=$S$9),A24,"")&" "&IF(AND(C25=$Q$11,D25=$S$9),A25,"")&" "&IF(AND(C26=$Q$11,D26=$S$9),A26,"")&" "&IF(AND(C27=$Q$11,D27=$S$9),A27,"")&" "&IF(AND(C28=$Q$11,D28=$S$9),A28,"")&" "&IF(AND(C39=$Q$11,D39=$S$9),A39,"") | K11: =+IF(AND(C10=$Q$11,D10=$T$9),A10,"")&" "&IF(AND(C11=$Q$11,D11=$T$9),A11,"")&" "&IF(AND(C12=$Q$11,D12=$T$9),A12,"")&" "&IF(AND(C13=$Q$11,D13=$T$9),A13,"")&" "&IF(AND(C14=$Q$11,D14=$T$9),A14,"")&" "&IF(AND(C15=$Q$11,D15=$T$9),A15,"")&" "&IF(AND(C16=$Q$11,D16=$T$9),A16,"")&" "&IF(AND(C17=$Q$11,D17=$T$9),A17,"")&" "&IF(AND(C18=$Q$11,D18=$T$9),A18,"")&" "&IF(AND(C19=$Q$11,D19=$T$9),A19,"")&" "&IF(AND(C20=$Q$11,D20=$T$9),A20,"")&" "&IF(AND(C21=$Q$11,D21=$T$9),A21,"")&" "&IF(AND(C22=$Q$11,D22=$T$9),A22,"")&" "&IF(AND(C23=$Q$11,D23=$T$9),A23,"")&" "&IF(AND(C24=$Q$11,D24=$T$9),A24,"")&" "&IF(AND(C25=$Q$11,D25=$T$9),A25,"")&" "&IF(AND(C26=$Q$11,D26=$T$9),A26,"")&" "&IF(AND(C27=$Q$11,D27=$T$9),A27,"")&" "&IF(AND(C28=$Q$11,D28=$T$9),A28,"")&" "&IF(AND(C39=$Q$11,D39=$T$9),A39,"") -> R14 | L11: =+IF(AND(C10=$Q$11,D10=$U$9),A10,"")&" "&IF(AND(C11=$Q$11,D11=$U$9),A11,"")&" "&IF(AND(C12=$Q$11,D12=$U$9),A12,"")&" "&IF(AND(C13=$Q$11,D13=$U$9),A13,"")&" "&IF(AND(C14=$Q$11,D14=$U$9),A14,"")&" "&IF(AND(C15=$Q$11,D15=$U$9),A15,"")&" "&IF(AND(C16=$Q$11,D16=$U$9),A16,"")&" "&IF(AND(C17=$Q$11,D17=$U$9),A17,"")&" "&IF(AND(C18=$Q$11,D18=$U$9),A18,"")&" "&IF(AND(C19=$Q$11,D19=$U$9),A19,"")&" "&IF(AND(C20=$Q$11,D20=$U$9),A20,"")&" "&IF(AND(C21=$Q$11,D21=$U$9),A21,"")&" "&IF(AND(C22=$Q$11,D22=$U$9),A22,"")&" "&IF(AND(C23=$Q$11,D23=$U$9),A23,"")&" "&IF(AND(C24=$Q$11,D24=$U$9),A24,"")&" "&IF(AND(C25=$Q$11,D25=$U$9),A25,"")&" "&IF(AND(C26=$Q$11,D26=$U$9),A26,"")&" "&IF(AND(C27=$Q$11,D27=$U$9),A27,"")&" "&IF(AND(C28=$Q$11,D28=$U$9),A28,"")&" "&IF(AND(C39=$Q$11,D39=$U$9),A39,"") | M11: =+IF(AND(C10=$Q$11,D10=$V$9),A10,"")&" "&IF(AND(C11=$Q$11,D11=$V$9),A11,"")&" "&IF(AND(C12=$Q$11,D12=$V$9),A12,"")&" "&IF(AND(C13=$Q$11,D13=$V$9),A13,"")&" "&IF(AND(C14=$Q$11,D14=$V$9),A14,"")&" "&IF(AND(C15=$Q$11,D15=$V$9),A15,"")&" "&IF(AND(C16=$Q$11,D16=$V$9),A16,"")&" "&IF(AND(C17=$Q$11,D17=$V$9),A17,"")&" "&IF(AND(C18=$Q$11,D18=$V$9),A18,"")&" "&IF(AND(C19=$Q$11,D19=$V$9),A19,"")&" "&IF(AND(C20=$Q$11,D20=$V$9),A20,"")&" "&IF(AND(C21=$Q$11,D21=$V$9),A21,"")&" "&IF(AND(C22=$Q$11,D22=$V$9),A22,"")&" "&IF(AND(C23=$Q$11,D23=$V$9),A23,"")&" "&IF(AND(C24=$Q$11,D24=$V$9),A24,"")&" "&IF(AND(C25=$Q$11,D25=$V$9),A25,"")&" "&IF(AND(C26=$Q$11,D26=$V$9),A26,"")&" "&IF(AND(C27=$Q$11,D27=$V$9),A27,"")&" "&IF(AND(C28=$Q$11,D28=$V$9),A28,"")&" "&IF(AND(C39=$Q$11,D39=$V$9),A39,"") | P11: 0.8 | Q11: Alta | R11: Moderado | S11: Moderado | T11: Alto | U11: Alto | V11: Extremo
A12: ='2 IDENTIFICACIÓN'!A12 -> R3 | B12: =+'2 IDENTIFICACIÓN'!J12 -> Posibilidad de afectación reputacional por posibles investigaciones y sanciones disciplinarias por entes de control, debido a incumplimiento de la Ley 594 del 2000 en los documentos generados por la Secretaría de Educación. | C12: =+'3 PROBABIL E IMPACTO INHERENTE'!F12 -> Media | D12: =+'3 PROBABIL E IMPACTO INHERENTE'!N12 -> Moderado | E12: =+IF(C12=$Q$10,IF(D12=$R$9,$R$10,IF(D12=$S$9,$S$10,IF(D12=$T$9,$T$10,IF(D12=$U$9,$U$10,IF(D12=$V$9,$V$10))))),IF(C12=$Q$11,IF(D12=$R$9,$R$11,IF(D12=$S$9,$S$11,IF(D12=$T$9,$T$11,IF(D12=$U$9,$U$11,IF(D12=$V$9,$V$11))))),IF(C12=$Q$12,IF(D12=$R$9,$R$12,IF(D12=$S$9,$S$12,IF(D12=$T$9,$T$12,IF(D12=$U$9,$U$12,IF(D12=$V$9,$V$12))))),IF(C12=$Q$13,IF(D12=$R$9,$R$13,IF(D12=$S$9,$S$13,IF(D12=$T$9,$T$13,IF(D12=$U$9,$U$13,IF(D12=$V$9,$V$13))))),IF(C12=$Q$14,IF(D12=$R$9,$R$14,IF(D12=$S$9,$S$14,IF(D12=$T$9,$T$14,IF(D12=$U$9,$U$14,IF(D12=$V$9,$V$14))))),""))))) -> Moderado | H12: Media | I12: =+IF(AND(C10=$Q$12,D10=$R$9),A10,"")&" "&IF(AND(C11=$Q$12,D11=$R$9),A11,"")&" "&IF(AND(C12=$Q$12,D12=$R$9),A12,"")&" "&IF(AND(C13=$Q$12,D13=$R$9),A13,"")&" "&IF(AND(C14=$Q$12,D14=$R$9),A14,"")&" "&IF(AND(C15=$Q$12,D15=$R$9),A15,"")&" "&IF(AND(C16=$Q$12,D16=$R$9),A16,"")&" "&IF(AND(C17=$Q$12,D17=$R$9),A17,"")&" "&IF(AND(C18=$Q$12,D18=$R$9),A18,"")&" "&IF(AND(C19=$Q$12,D19=$R$9),A19,"")&" "&IF(AND(C20=$Q$12,D20=$R$9),A20,"")&" "&IF(AND(C21=$Q$12,D21=$R$9),A21,"")&" "&IF(AND(C22=$Q$12,D22=$R$9),A22,"")&" "&IF(AND(C23=$Q$12,D23=$R$9),A23,"")&" "&IF(AND(C24=$Q$12,D24=$R$9),A24,"")&" "&IF(AND(C25=$Q$12,D25=$R$9),A25,"")&" "&IF(AND(C26=$Q$12,D26=$R$9),A26,"")&" "&IF(AND(C27=$Q$12,D27=$R$9),A27,"")&" "&IF(AND(C28=$Q$12,D28=$R$9),A28,"")&" "&IF(AND(C39=$Q$12,D39=$R$9),A39,"") -> R2 | J12: =+IF(AND(C10=$Q$12,D10=$S$9),A10,"")&" "&IF(AND(C11=$Q$12,D11=$S$9),A11,"")&" "&IF(AND(C12=$Q$12,D12=$S$9),A12,"")&" "&IF(AND(C13=$Q$12,D13=$S$9),A13,"")&" "&IF(AND(C14=$Q$12,D14=$S$9),A14,"")&" "&IF(AND(C15=$Q$12,D15=$S$9),A15,"")&" "&IF(AND(C16=$Q$12,D16=$S$9),A16,"")&" "&IF(AND(C17=$Q$12,D17=$S$9),A17,"")&" "&IF(AND(C18=$Q$12,D18=$S$9),A18,"")&" "&IF(AND(C19=$Q$12,D19=$S$9),A19,"")&" "&IF(AND(C20=$Q$12,D20=$S$9),A20,"")&" "&IF(AND(C21=$Q$12,D21=$S$9),A21,"")&" "&IF(AND(C22=$Q$12,D22=$S$9),A22,"")&" "&IF(AND(C23=$Q$12,D23=$S$9),A23,"")&" "&IF(AND(C24=$Q$12,D24=$S$9),A24,"")&" "&IF(AND(C25=$Q$12,D25=$S$9),A25,"")&" "&IF(AND(C26=$Q$12,D26=$S$9),A26,"")&" "&IF(AND(C27=$Q$12,D27=$S$9),A27,"")&" "&IF(AND(C28=$Q$12,D28=$S$9),A28,"")&" "&IF(AND(C39=$Q$12,D39=$S$9),A39,"") -> R9 | K12: =+IF(AND(C10=$Q$12,D10=$T$9),A10,"")&" "&IF(AND(C11=$Q$12,D11=$T$9),A11,"")&" "&IF(AND(C12=$Q$12,D12=$T$9),A12,"")&" "&IF(AND(C13=$Q$12,D13=$T$9),A13,"")&" "&IF(AND(C14=$Q$12,D14=$T$9),A14,"")&" "&IF(AND(C15=$Q$12,D15=$T$9),A15,"")&" "&IF(AND(C16=$Q$12,D16=$T$9),A16,"")&" "&IF(AND(C17=$Q$12,D17=$T$9),A17,"")&" "&IF(AND(C18=$Q$12,D18=$T$9),A18,"")&" "&IF(AND(C19=$Q$12,D19=$T$9),A19,"")&" "&IF(AND(C20=$Q$12,D20=$T$9),A20,"")&" "&IF(AND(C21=$Q$12,D21=$T$9),A21,"")&" "&IF(AND(C22=$Q$12,D22=$T$9),A22,"")&" "&IF(AND(C23=$Q$12,D23=$T$9),A23,"")&" "&IF(AND(C24=$Q$12,D24=$T$9),A24,"")&" "&IF(AND(C25=$Q$12,D25=$T$9),A25,"")&" "&IF(AND(C26=$Q$12,D26=$T$9),A26,"")&" "&IF(AND(C27=$Q$12,D27=$T$9),A27,"")&" "&IF(AND(C28=$Q$12,D28=$T$9),A28,"")&" "&IF(AND(C39=$Q$12,D39=$T$9),A39,"") -> R3 R5 R16 | L12: =+IF(AND(C10=$Q$12,D10=$U$9),A10,"")&" "&IF(AND(C11=$Q$12,D11=$U$9),A11,"")&" "&IF(AND(C12=$Q$12,D12=$U$9),A12,"")&" "&IF(AND(C13=$Q$12,D13=$U$9),A13,"")&" "&IF(AND(C14=$Q$12,D14=$U$9),A14,"")&" "&IF(AND(C15=$Q$12,D15=$U$9),A15,"")&" "&IF(AND(C16=$Q$12,D16=$U$9),A16,"")&" "&IF(AND(C17=$Q$12,D17=$U$9),A17,"")&" "&IF(AND(C18=$Q$12,D18=$U$9),A18,"")&" "&IF(AND(C19=$Q$12,D19=$U$9),A19,"")&" "&IF(AND(C20=$Q$12,D20=$U$9),A20,"")&" "&IF(AND(C21=$Q$12,D21=$U$9),A21,"")&" "&IF(AND(C22=$Q$12,D22=$U$9),A22,"")&" "&IF(AND(C23=$Q$12,D23=$U$9),A23,"")&" "&IF(AND(C24=$Q$12,D24=$U$9),A24,"")&" "&IF(AND(C25=$Q$12,D25=$U$9),A25,"")&" "&IF(AND(C26=$Q$12,D26=$U$9),A26,"")&" "&IF(AND(C27=$Q$12,D27=$U$9),A27,"")&" "&IF(AND(C28=$Q$12,D28=$U$9),A28,"")&" "&IF(AND(C39=$Q$12,D39=$U$9),A39,"") | M12: =+IF(AND(C10=$Q$12,D10=$V$9),A10,"")&" "&IF(AND(C11=$Q$12,D11=$V$9),A11,"")&" "&IF(AND(C12=$Q$12,D12=$V$9),A12,"")&" "&IF(AND(C13=$Q$12,D13=$V$9),A13,"")&" "&IF(AND(C14=$Q$12,D14=$V$9),A14,"")&" "&IF(AND(C15=$Q$12,D15=$V$9),A15,"")&" "&IF(AND(C16=$Q$12,D16=$V$9),A16,"")&" "&IF(AND(C17=$Q$12,D17=$V$9),A17,"")&" "&IF(AND(C18=$Q$12,D18=$V$9),A18,"")&" "&IF(AND(C19=$Q$12,D19=$V$9),A19,"")&" "&IF(AND(C20=$Q$12,D20=$V$9),A20,"")&" "&IF(AND(C21=$Q$12,D21=$V$9),A21,"")&" "&IF(AND(C22=$Q$12,D22=$V$9),A22,"")&" "&IF(AND(C23=$Q$12,D23=$V$9),A23,"")&" "&IF(AND(C24=$Q$12,D24=$V$9),A24,"")&" "&IF(AND(C25=$Q$12,D25=$V$9),A25,"")&" "&IF(AND(C26=$Q$12,D26=$V$9),A26,"")&" "&IF(AND(C27=$Q$12,D27=$V$9),A27,"")&" "&IF(AND(C28=$Q$12,D28=$V$9),A28,"")&" "&IF(AND(C39=$Q$12,D39=$V$9),A39,"") -> R7 R8 | P12: 0.6 | Q12: Media | R12: Moderado | S12: Moderado | T12: Moderado | U12: Alto | V12: Extremo
A13: ='2 IDENTIFICACIÓN'!A13 -> R4 | B13: =+'2 IDENTIFICACIÓN'!J13 -> Posibilidad de afectación reputacional por incumplimiento de las acciones establecidas en los planes de mejoramiento derivados de auditorías internas y externas, debido a debilidades en el seguimiento y cumplimiento de los tiempos definidos para su ejecución. | C13: =+'3 PROBABIL E IMPACTO INHERENTE'!F13 -> Muy Baja | D13: =+'3 PROBABIL E IMPACTO INHERENTE'!N13 -> Moderado | E13: =+IF(C13=$Q$10,IF(D13=$R$9,$R$10,IF(D13=$S$9,$S$10,IF(D13=$T$9,$T$10,IF(D13=$U$9,$U$10,IF(D13=$V$9,$V$10))))),IF(C13=$Q$11,IF(D13=$R$9,$R$11,IF(D13=$S$9,$S$11,IF(D13=$T$9,$T$11,IF(D13=$U$9,$U$11,IF(D13=$V$9,$V$11))))),IF(C13=$Q$12,IF(D13=$R$9,$R$12,IF(D13=$S$9,$S$12,IF(D13=$T$9,$T$12,IF(D13=$U$9,$U$12,IF(D13=$V$9,$V$12))))),IF(C13=$Q$13,IF(D13=$R$9,$R$13,IF(D13=$S$9,$S$13,IF(D13=$T$9,$T$13,IF(D13=$U$9,$U$13,IF(D13=$V$9,$V$13))))),IF(C13=$Q$14,IF(D13=$R$9,$R$14,IF(D13=$S$9,$S$14,IF(D13=$T$9,$T$14,IF(D13=$U$9,$U$14,IF(D13=$V$9,$V$14))))),""))))) -> Moderado | H13: Baja | I13: =+IF(AND(C10=$Q$13,D10=$R$9),A10,"")&" "&IF(AND(C11=$Q$13,D11=$R$9),A11,"")&" "&IF(AND(C12=$Q$13,D12=$R$9),A12,"")&" "&IF(AND(C13=$Q$13,D13=$R$9),A13,"")&" "&IF(AND(C14=$Q$13,D14=$R$9),A14,"")&" "&IF(AND(C15=$Q$13,D15=$R$9),A15,"")&" "&IF(AND(C16=$Q$13,D16=$R$9),A16,"")&" "&IF(AND(C17=$Q$13,D17=$R$9),A17,"")&" "&IF(AND(C18=$Q$13,D18=$R$9),A18,"")&" "&IF(AND(C19=$Q$13,D19=$R$9),A19,"")&" "&IF(AND(C20=$Q$13,D20=$R$9),A20,"")&" "&IF(AND(C21=$Q$13,D21=$R$9),A21,"")&" "&IF(AND(C22=$Q$13,D22=$R$9),A22,"")&" "&IF(AND(C23=$Q$13,D23=$R$9),A23,"")&" "&IF(AND(C24=$Q$13,D24=$R$9),A24,"")&" "&IF(AND(C25=$Q$13,D25=$R$9),A25,"")&" "&IF(AND(C26=$Q$13,D26=$R$9),A26,"")&" "&IF(AND(C27=$Q$13,D27=$R$9),A27,"")&" "&IF(AND(C28=$Q$13,D28=$R$9),A28,"")&" "&IF(AND(C39=$Q$13,D39=$R$9),A39,"") | J13: =+IF(AND(C10=$Q$13,D10=$S$9),A10,"")&" "&IF(AND(C11=$Q$13,D11=$S$9),A11,"")&" "&IF(AND(C12=$Q$13,D12=$S$9),A12,"")&" "&IF(AND(C13=$Q$13,D13=$S$9),A13,"")&" "&IF(AND(C14=$Q$13,D14=$S$9),A14,"")&" "&IF(AND(C15=$Q$13,D15=$S$9),A15,"")&" "&IF(AND(C16=$Q$13,D16=$S$9),A16,"")&" "&IF(AND(C17=$Q$13,D17=$S$9),A17,"")&" "&IF(AND(C18=$Q$13,D18=$S$9),A18,"")&" "&IF(AND(C19=$Q$13,D19=$S$9),A19,"")&" "&IF(AND(C20=$Q$13,D20=$S$9),A20,"")&" "&IF(AND(C21=$Q$13,D21=$S$9),A21,"")&" "&IF(AND(C22=$Q$13,D22=$S$9),A22,"")&" "&IF(AND(C23=$Q$13,D23=$S$9),A23,"")&" "&IF(AND(C24=$Q$13,D24=$S$9),A24,"")&" "&IF(AND(C25=$Q$13,D25=$S$9),A25,"")&" "&IF(AND(C26=$Q$13,D26=$S$9),A26,"")&" "&IF(AND(C27=$Q$13,D27=$S$9),A27,"")&" "&IF(AND(C28=$Q$13,D28=$S$9),A28,"")&" "&IF(AND(C39=$Q$13,D39=$S$9),A39,"") | K13: =+IF(AND(C10=$Q$13,D10=$T$9),A10,"")&" "&IF(AND(C11=$Q$13,D11=$T$9),A11,"")&" "&IF(AND(C12=$Q$13,D12=$T$9),A12,"")&" "&IF(AND(C13=$Q$13,D13=$T$9),A13,"")&" "&IF(AND(C14=$Q$13,D14=$T$9),A14,"")&" "&IF(AND(C15=$Q$13,D15=$T$9),A15,"")&" "&IF(AND(C16=$Q$13,D16=$T$9),A16,"")&" "&IF(AND(C17=$Q$13,D17=$T$9),A17,"")&" "&IF(AND(C18=$Q$13,D18=$T$9),A18,"")&" "&IF(AND(C19=$Q$13,D19=$T$9),A19,"")&" "&IF(AND(C20=$Q$13,D20=$T$9),A20,"")&" "&IF(AND(C21=$Q$13,D21=$T$9),A21,"")&" "&IF(AND(C22=$Q$13,D22=$T$9),A22,"")&" "&IF(AND(C23=$Q$13,D23=$T$9),A23,"")&" "&IF(AND(C24=$Q$13,D24=$T$9),A24,"")&" "&IF(AND(C25=$Q$13,D25=$T$9),A25,"")&" "&IF(AND(C26=$Q$13,D26=$T$9),A26,"")&" "&IF(AND(C27=$Q$13,D27=$T$9),A27,"")&" "&IF(AND(C28=$Q$13,D28=$T$9),A28,"")&" "&IF(AND(C39=$Q$13,D39=$T$9),A39,"") -> R6 R17 | L13: =+IF(AND(C10=$Q$13,D10=$U$9),A10,"")&" "&IF(AND(C11=$Q$13,D11=$U$9),A11,"")&" "&IF(AND(C12=$Q$13,D12=$U$9),A12,"")&" "&IF(AND(C13=$Q$13,D13=$U$9),A13,"")&" "&IF(AND(C14=$Q$13,D14=$U$9),A14,"")&" "&IF(AND(C15=$Q$13,D15=$U$9),A15,"")&" "&IF(AND(C16=$Q$13,D16=$U$9),A16,"")&" "&IF(AND(C17=$Q$13,D17=$U$9),A17,"")&" "&IF(AND(C18=$Q$13,D18=$U$9),A18,"")&" "&IF(AND(C19=$Q$13,D19=$U$9),A19,"")&" "&IF(AND(C20=$Q$13,D20=$U$9),A20,"")&" "&IF(AND(C21=$Q$13,D21=$U$9),A21,"")&" "&IF(AND(C22=$Q$13,D22=$U$9),A22,"")&" "&IF(AND(C23=$Q$13,D23=$U$9),A23,"")&" "&IF(AND(C24=$Q$13,D24=$U$9),A24,"")&" "&IF(AND(C25=$Q$13,D25=$U$9),A25,"")&" "&IF(AND(C26=$Q$13,D26=$U$9),A26,"")&" "&IF(AND(C27=$Q$13,D27=$U$9),A27,"")&" "&IF(AND(C28=$Q$13,D28=$U$9),A28,"")&" "&IF(AND(C39=$Q$13,D39=$U$9),A39,"") -> R15 | M13: =+IF(AND(C10=$Q$13,D10=$V$9),A10,"")&" "&IF(AND(C11=$Q$13,D11=$V$9),A11,"")&" "&IF(AND(C12=$Q$13,D12=$V$9),A12,"")&" "&IF(AND(C13=$Q$13,D13=$V$9),A13,"")&" "&IF(AND(C14=$Q$13,D14=$V$9),A14,"")&" "&IF(AND(C15=$Q$13,D15=$V$9),A15,"")&" "&IF(AND(C16=$Q$13,D16=$V$9),A16,"")&" "&IF(AND(C17=$Q$13,D17=$V$9),A17,"")&" "&IF(AND(C18=$Q$13,D18=$V$9),A18,"")&" "&IF(AND(C19=$Q$13,D19=$V$9),A19,"")&" "&IF(AND(C20=$Q$13,D20=$V$9),A20,"")&" "&IF(AND(C21=$Q$13,D21=$V$9),A21,"")&" "&IF(AND(C22=$Q$13,D22=$V$9),A22,"")&" "&IF(AND(C23=$Q$13,D23=$V$9),A23,"")&" "&IF(AND(C24=$Q$13,D24=$V$9),A24,"")&" "&IF(AND(C25=$Q$13,D25=$V$9),A25,"")&" "&IF(AND(C26=$Q$13,D26=$V$9),A26,"")&" "&IF(AND(C27=$Q$13,D27=$V$9),A27,"")&" "&IF(AND(C28=$Q$13,D28=$V$9),A28,"")&" "&IF(AND(C39=$Q$13,D39=$V$9),A39,"") -> R10 | P13: 0.4 | Q13: Baja | R13: Bajo | S13: Moderado | T13: Moderado | U13: Alto | V13: Extremo
A14: ='2 IDENTIFICACIÓN'!A14 -> R5 | B14: =+'2 IDENTIFICACIÓN'!J14 -> Posibilidad de afectación reputacional por debilidades en la publicación y actualización de la información obligatoria en la página web institucional, debido a incumplimiento de los lineamientos establecidos en la Ley 1712 de 2014 y la Resolución 1519 de 2020 del MINTIC. | C14: =+'3 PROBABIL E IMPACTO INHERENTE'!F14 -> Media | D14: =+'3 PROBABIL E IMPACTO INHERENTE'!N14 -> Moderado | E14: =+IF(C14=$Q$10,IF(D14=$R$9,$R$10,IF(D14=$S$9,$S$10,IF(D14=$T$9,$T$10,IF(D14=$U$9,$U$10,IF(D14=$V$9,$V$10))))),IF(C14=$Q$11,IF(D14=$R$9,$R$11,IF(D14=$S$9,$S$11,IF(D14=$T$9,$T$11,IF(D14=$U$9,$U$11,IF(D14=$V$9,$V$11))))),IF(C14=$Q$12,IF(D14=$R$9,$R$12,IF(D14=$S$9,$S$12,IF(D14=$T$9,$T$12,IF(D14=$U$9,$U$12,IF(D14=$V$9,$V$12))))),IF(C14=$Q$13,IF(D14=$R$9,$R$13,IF(D14=$S$9,$S$13,IF(D14=$T$9,$T$13,IF(D14=$U$9,$U$13,IF(D14=$V$9,$V$13))))),IF(C14=$Q$14,IF(D14=$R$9,$R$14,IF(D14=$S$9,$S$14,IF(D14=$T$9,$T$14,IF(D14=$U$9,$U$14,IF(D14=$V$9,$V$14))))),""))))) -> Moderado | H14: Muy Baja | I14: =+IF(AND(C10=$Q$14,D10=$R$9),A10,"")&" "&IF(AND(C11=$Q$14,D11=$R$9),A11,"")&" "&IF(AND(C12=$Q$14,D12=$R$9),A12,"")&" "&IF(AND(C13=$Q$14,D13=$R$9),A13,"")&" "&IF(AND(C14=$Q$14,D14=$R$9),A14,"")&" "&IF(AND(C15=$Q$14,D15=$R$9),A15,"")&" "&IF(AND(C16=$Q$14,D16=$R$9),A16,"")&" "&IF(AND(C17=$Q$14,D17=$R$9),A17,"")&" "&IF(AND(C18=$Q$14,D18=$R$9),A18,"")&" "&IF(AND(C19=$Q$14,D19=$R$9),A19,"")&" "&IF(AND(C20=$Q$14,D20=$R$9),A20,"")&" "&IF(AND(C21=$Q$14,D21=$R$9),A21,"")&" "&IF(AND(C22=$Q$14,D22=$R$9),A22,"")&" "&IF(AND(C23=$Q$14,D23=$R$9),A23,"")&" "&IF(AND(C24=$Q$14,D24=$R$9),A24,"")&" "&IF(AND(C25=$Q$14,D25=$R$9),A25,"")&" "&IF(AND(C26=$Q$14,D26=$R$9),A26,"")&" "&IF(AND(C27=$Q$14,D27=$R$9),A27,"")&" "&IF(AND(C28=$Q$14,D28=$R$9),A28,"")&" "&IF(AND(C39=$Q$14,D39=$R$9),A39,"") -> R11 | J14: =+IF(AND(C10=$Q$14,D10=$S$9),A10,"")&" "&IF(AND(C11=$Q$14,D11=$S$9),A11,"")&" "&IF(AND(C12=$Q$14,D12=$S$9),A12,"")&" "&IF(AND(C13=$Q$14,D13=$S$9),A13,"")&" "&IF(AND(C14=$Q$14,D14=$S$9),A14,"")&" "&IF(AND(C15=$Q$14,D15=$S$9),A15,"")&" "&IF(AND(C16=$Q$14,D16=$S$9),A16,"")&" "&IF(AND(C17=$Q$14,D17=$S$9),A17,"")&" "&IF(AND(C18=$Q$14,D18=$S$9),A18,"")&" "&IF(AND(C19=$Q$14,D19=$S$9),A19,"")&" "&IF(AND(C20=$Q$14,D20=$S$9),A20,"")&" "&IF(AND(C21=$Q$14,D21=$S$9),A21,"")&" "&IF(AND(C22=$Q$14,D22=$S$9),A22,"")&" "&IF(AND(C23=$Q$14,D23=$S$9),A23,"")&" "&IF(AND(C24=$Q$14,D24=$S$9),A24,"")&" "&IF(AND(C25=$Q$14,D25=$S$9),A25,"")&" "&IF(AND(C26=$Q$14,D26=$S$9),A26,"")&" "&IF(AND(C27=$Q$14,D27=$S$9),A27,"")&" "&IF(AND(C28=$Q$14,D28=$S$9),A28,"")&" "&IF(AND(C39=$Q$14,D39=$S$9),A39,"") | K14: =+IF(AND(C10=$Q$14,D10=$T$9),A10,"")&" "&IF(AND(C11=$Q$14,D11=$T$9),A11,"")&" "&IF(AND(C12=$Q$14,D12=$T$9),A12,"")&" "&IF(AND(C13=$Q$14,D13=$T$9),A13,"")&" "&IF(AND(C14=$Q$14,D14=$T$9),A14,"")&" "&IF(AND(C15=$Q$14,D15=$T$9),A15,"")&" "&IF(AND(C16=$Q$14,D16=$T$9),A16,"")&" "&IF(AND(C17=$Q$14,D17=$T$9),A17,"")&" "&IF(AND(C18=$Q$14,D18=$T$9),A18,"")&" "&IF(AND(C19=$Q$14,D19=$T$9),A19,"")&" "&IF(AND(C20=$Q$14,D20=$T$9),A20,"")&" "&IF(AND(C21=$Q$14,D21=$T$9),A21,"")&" "&IF(AND(C22=$Q$14,D22=$T$9),A22,"")&" "&IF(AND(C23=$Q$14,D23=$T$9),A23,"")&" "&IF(AND(C24=$Q$14,D24=$T$9),A24,"")&" "&IF(AND(C25=$Q$14,D25=$T$9),A25,"")&" "&IF(AND(C26=$Q$14,D26=$T$9),A26,"")&" "&IF(AND(C27=$Q$14,D27=$T$9),A27,"")&" "&IF(AND(C28=$Q$14,D28=$T$9),A28,"")&" "&IF(AND(C39=$Q$14,D39=$T$9),A39,"") -> R4 | L14: =+IF(AND(C10=$Q$14,D10=$U$9),A10,"")&" "&IF(AND(C11=$Q$14,D11=$U$9),A11,"")&" "&IF(AND(C12=$Q$14,D12=$U$9),A12,"")&" "&IF(AND(C13=$Q$14,D13=$U$9),A13,"")&" "&IF(AND(C14=$Q$14,D14=$U$9),A14,"")&" "&IF(AND(C15=$Q$14,D15=$U$9),A15,"")&" "&IF(AND(C16=$Q$14,D16=$U$9),A16,"")&" "&IF(AND(C17=$Q$14,D17=$U$9),A17,"")&" "&IF(AND(C18=$Q$14,D18=$U$9),A18,"")&" "&IF(AND(C19=$Q$14,D19=$U$9),A19,"")&" "&IF(AND(C20=$Q$14,D20=$U$9),A20,"")&" "&IF(AND(C21=$Q$14,D21=$U$9),A21,"")&" "&IF(AND(C22=$Q$14,D22=$U$9),A22,"")&" "&IF(AND(C23=$Q$14,D23=$U$9),A23,"")&" "&IF(AND(C24=$Q$14,D24=$U$9),A24,"")&" "&IF(AND(C25=$Q$14,D25=$U$9),A25,"")&" "&IF(AND(C26=$Q$14,D26=$U$9),A26,"")&" "&IF(AND(C27=$Q$14,D27=$U$9),A27,"")&" "&IF(AND(C28=$Q$14,D28=$U$9),A28,"")&" "&IF(AND(C39=$Q$14,D39=$U$9),A39,"") | M14: =+IF(AND(C10=$Q$14,D10=$V$9),A10,"")&" "&IF(AND(C11=$Q$14,D11=$V$9),A11,"")&" "&IF(AND(C12=$Q$14,D12=$V$9),A12,"")&" "&IF(AND(C13=$Q$14,D13=$V$9),A13,"")&" "&IF(AND(C14=$Q$14,D14=$V$9),A14,"")&" "&IF(AND(C15=$Q$14,D15=$V$9),A15,"")&" "&IF(AND(C16=$Q$14,D16=$V$9),A16,"")&" "&IF(AND(C17=$Q$14,D17=$V$9),A17,"")&" "&IF(AND(C18=$Q$14,D18=$V$9),A18,"")&" "&IF(AND(C19=$Q$14,D19=$V$9),A19,"")&" "&IF(AND(C20=$Q$14,D20=$V$9),A20,"")&" "&IF(AND(C21=$Q$14,D21=$V$9),A21,"")&" "&IF(AND(C22=$Q$14,D22=$V$9),A22,"")&" "&IF(AND(C23=$Q$14,D23=$V$9),A23,"")&" "&IF(AND(C24=$Q$14,D24=$V$9),A24,"")&" "&IF(AND(C25=$Q$14,D25=$V$9),A25,"")&" "&IF(AND(C26=$Q$14,D26=$V$9),A26,"")&" "&IF(AND(C27=$Q$14,D27=$V$9),A27,"")&" "&IF(AND(C28=$Q$14,D28=$V$9),A28,"")&" "&IF(AND(C39=$Q$14,D39=$V$9),A39,"") | P14: 0.2 | Q14: Muy Baja | R14: Bajo | S14: Bajo | T14: Moderado | U14: Alto | V14: Extremo
A15: ='2 IDENTIFICACIÓN'!A15 -> R6 | B15: =+'2 IDENTIFICACIÓN'!J15 -> Posibilidad de afectación reputacional por investigaciones y sanciones disciplinarias por entes de control, debido a la falta de seguimiento al cumplimiento de metas del Plan de Desarrollo Municipal programadas para la vigencia. | C15: =+'3 PROBABIL E IMPACTO INHERENTE'!F15 -> Baja | D15: =+'3 PROBABIL E IMPACTO INHERENTE'!N15 -> Moderado | E15: =+IF(C15=$Q$10,IF(D15=$R$9,$R$10,IF(D15=$S$9,$S$10,IF(D15=$T$9,$T$10,IF(D15=$U$9,$U$10,IF(D15=$V$9,$V$10))))),IF(C15=$Q$11,IF(D15=$R$9,$R$11,IF(D15=$S$9,$S$11,IF(D15=$T$9,$T$11,IF(D15=$U$9,$U$11,IF(D15=$V$9,$V$11))))),IF(C15=$Q$12,IF(D15=$R$9,$R$12,IF(D15=$S$9,$S$12,IF(D15=$T$9,$T$12,IF(D15=$U$9,$U$12,IF(D15=$V$9,$V$12))))),IF(C15=$Q$13,IF(D15=$R$9,$R$13,IF(D15=$S$9,$S$13,IF(D15=$T$9,$T$13,IF(D15=$U$9,$U$13,IF(D15=$V$9,$V$13))))),IF(C15=$Q$14,IF(D15=$R$9,$R$14,IF(D15=$S$9,$S$14,IF(D15=$T$9,$T$14,IF(D15=$U$9,$U$14,IF(D15=$V$9,$V$14))))),""))))) -> Moderado
A16: ='2 IDENTIFICACIÓN'!A16 -> R7 | B16: =+'2 IDENTIFICACIÓN'!J16 -> Posibilidad de efecto dañoso sobre bienes de uso público por pérdida, extravío, hurto o faltantes en inventario de bienes muebles de la entidad, debido a deficiencias en la actualización, verificación y control del inventario de bienes muebles. | C16: =+'3 PROBABIL E IMPACTO INHERENTE'!F16 -> Media | D16: =+'3 PROBABIL E IMPACTO INHERENTE'!N16 -> Catastrófico | E16: =+IF(C16=$Q$10,IF(D16=$R$9,$R$10,IF(D16=$S$9,$S$10,IF(D16=$T$9,$T$10,IF(D16=$U$9,$U$10,IF(D16=$V$9,$V$10))))),IF(C16=$Q$11,IF(D16=$R$9,$R$11,IF(D16=$S$9,$S$11,IF(D16=$T$9,$T$11,IF(D16=$U$9,$U$11,IF(D16=$V$9,$V$11))))),IF(C16=$Q$12,IF(D16=$R$9,$R$12,IF(D16=$S$9,$S$12,IF(D16=$T$9,$T$12,IF(D16=$U$9,$U$12,IF(D16=$V$9,$V$12))))),IF(C16=$Q$13,IF(D16=$R$9,$R$13,IF(D16=$S$9,$S$13,IF(D16=$T$9,$T$13,IF(D16=$U$9,$U$13,IF(D16=$V$9,$V$13))))),IF(C16=$Q$14,IF(D16=$R$9,$R$14,IF(D16=$S$9,$S$14,IF(D16=$T$9,$T$14,IF(D16=$U$9,$U$14,IF(D16=$V$9,$V$14))))),""))))) -> Extremo | R16: NIVELES DE RIESGO
A17: ='2 IDENTIFICACIÓN'!A17 -> R8 | B17: =+'2 IDENTIFICACIÓN'!J17 -> Posibilidad de efecto dañoso sobre el recurso público por deficiencias en la gestión de las etapas precontractual, contractual y postcontractual, debido a incumplimiento de los lineamientos, requisitos y obligaciones establecidos en la normatividad vigente y en los documentos contractuales, generando pagos sobre obligaciones parcialmente ejecutadas o no cumplidas. | C17: =+'3 PROBABIL E IMPACTO INHERENTE'!F17 -> Media | D17: =+'3 PROBABIL E IMPACTO INHERENTE'!N17 -> Catastrófico | E17: =+IF(C17=$Q$10,IF(D17=$R$9,$R$10,IF(D17=$S$9,$S$10,IF(D17=$T$9,$T$10,IF(D17=$U$9,$U$10,IF(D17=$V$9,$V$10))))),IF(C17=$Q$11,IF(D17=$R$9,$R$11,IF(D17=$S$9,$S$11,IF(D17=$T$9,$T$11,IF(D17=$U$9,$U$11,IF(D17=$V$9,$V$11))))),IF(C17=$Q$12,IF(D17=$R$9,$R$12,IF(D17=$S$9,$S$12,IF(D17=$T$9,$T$12,IF(D17=$U$9,$U$12,IF(D17=$V$9,$V$12))))),IF(C17=$Q$13,IF(D17=$R$9,$R$13,IF(D17=$S$9,$S$13,IF(D17=$T$9,$T$13,IF(D17=$U$9,$U$13,IF(D17=$V$9,$V$13))))),IF(C17=$Q$14,IF(D17=$R$9,$R$14,IF(D17=$S$9,$S$14,IF(D17=$T$9,$T$14,IF(D17=$U$9,$U$14,IF(D17=$V$9,$V$14))))),""))))) -> Extremo | R17: Extremo
A18: ='2 IDENTIFICACIÓN'!A18 -> R9 | B18: =+'2 IDENTIFICACIÓN'!J18 -> Posibilidad de efecto dañoso sobre el recurso público por pago de sanción e intereses moratorios, debido a trámite inoportuno a los requerimientos de los entes de control y vigilancia, de acuerdo con sus lineamientos y términos de ley. | C18: =+'3 PROBABIL E IMPACTO INHERENTE'!F18 -> Media | D18: =+'3 PROBABIL E IMPACTO INHERENTE'!N18 -> Menor | E18: =+IF(C18=$Q$10,IF(D18=$R$9,$R$10,IF(D18=$S$9,$S$10,IF(D18=$T$9,$T$10,IF(D18=$U$9,$U$10,IF(D18=$V$9,$V$10))))),IF(C18=$Q$11,IF(D18=$R$9,$R$11,IF(D18=$S$9,$S$11,IF(D18=$T$9,$T$11,IF(D18=$U$9,$U$11,IF(D18=$V$9,$V$11))))),IF(C18=$Q$12,IF(D18=$R$9,$R$12,IF(D18=$S$9,$S$12,IF(D18=$T$9,$T$12,IF(D18=$U$9,$U$12,IF(D18=$V$9,$V$12))))),IF(C18=$Q$13,IF(D18=$R$9,$R$13,IF(D18=$S$9,$S$13,IF(D18=$T$9,$T$13,IF(D18=$U$9,$U$13,IF(D18=$V$9,$V$13))))),IF(C18=$Q$14,IF(D18=$R$9,$R$14,IF(D18=$S$9,$S$14,IF(D18=$T$9,$T$14,IF(D18=$U$9,$U$14,IF(D18=$V$9,$V$14))))),""))))) -> Moderado | R18: Alto
A19: ='2 IDENTIFICACIÓN'!A19 -> R10 | B19: =+'2 IDENTIFICACIÓN'!J19 -> Posibilidad de afectación económica y reputacional por afectaciones en la disponibilidad y ejecución de los recursos del Sistema General de Participaciones (SGP) administrados por la Secretaría de Educación, debido a inconsistencias en los procesos financieros y de tesorería relacionados con el manejo de pagos y descuentos efectuados sobre dichos recursos. | C19: =+'3 PROBABIL E IMPACTO INHERENTE'!F19 -> Baja | D19: =+'3 PROBABIL E IMPACTO INHERENTE'!N19 -> Catastrófico | E19: =+IF(C19=$Q$10,IF(D19=$R$9,$R$10,IF(D19=$S$9,$S$10,IF(D19=$T$9,$T$10,IF(D19=$U$9,$U$10,IF(D19=$V$9,$V$10))))),IF(C19=$Q$11,IF(D19=$R$9,$R$11,IF(D19=$S$9,$S$11,IF(D19=$T$9,$T$11,IF(D19=$U$9,$U$11,IF(D19=$V$9,$V$11))))),IF(C19=$Q$12,IF(D19=$R$9,$R$12,IF(D19=$S$9,$S$12,IF(D19=$T$9,$T$12,IF(D19=$U$9,$U$12,IF(D19=$V$9,$V$12))))),IF(C19=$Q$13,IF(D19=$R$9,$R$13,IF(D19=$S$9,$S$13,IF(D19=$T$9,$T$13,IF(D19=$U$9,$U$13,IF(D19=$V$9,$V$13))))),IF(C19=$Q$14,IF(D19=$R$9,$R$14,IF(D19=$S$9,$S$14,IF(D19=$T$9,$T$14,IF(D19=$U$9,$U$14,IF(D19=$V$9,$V$14))))),""))))) -> Extremo | R19: Moderado
A20: ='2 IDENTIFICACIÓN'!A20 -> R11 | B20: =+'2 IDENTIFICACIÓN'!J20 -> Posibilidad de afectación reputacional por demoras en el trámite de novedades de retiro y liquidación derivadas del fallecimiento del personal docente, directivo docente y administrativo de las Instituciones Educativas Oficiales, debido a falencias en los procesos de gestión y actualización de la información administrativa y de nómina. | C20: =+'3 PROBABIL E IMPACTO INHERENTE'!F20 -> Muy Baja | D20: =+'3 PROBABIL E IMPACTO INHERENTE'!N20 -> Leve | E20: =+IF(C20=$Q$10,IF(D20=$R$9,$R$10,IF(D20=$S$9,$S$10,IF(D20=$T$9,$T$10,IF(D20=$U$9,$U$10,IF(D20=$V$9,$V$10))))),IF(C20=$Q$11,IF(D20=$R$9,$R$11,IF(D20=$S$9,$S$11,IF(D20=$T$9,$T$11,IF(D20=$U$9,$U$11,IF(D20=$V$9,$V$11))))),IF(C20=$Q$12,IF(D20=$R$9,$R$12,IF(D20=$S$9,$S$12,IF(D20=$T$9,$T$12,IF(D20=$U$9,$U$12,IF(D20=$V$9,$V$12))))),IF(C20=$Q$13,IF(D20=$R$9,$R$13,IF(D20=$S$9,$S$13,IF(D20=$T$9,$T$13,IF(D20=$U$9,$U$13,IF(D20=$V$9,$V$13))))),IF(C20=$Q$14,IF(D20=$R$9,$R$14,IF(D20=$S$9,$S$14,IF(D20=$T$9,$T$14,IF(D20=$U$9,$U$14,IF(D20=$V$9,$V$14))))),""))))) -> Bajo | R20: Bajo
A21: ='2 IDENTIFICACIÓN'!A21 -> R12 | B21: =+'2 IDENTIFICACIÓN'!J21 -> Posibilidad de pérdida reputacional por soborno entrante en los trámites administrativos del personal docente, directivo docente y administrativo, al recibir o solicitar ventajas indebidas en actuaciones relacionadas con traslados, permutas, nombramientos en vacancias temporales, ascensos o mejoramientos salariales, debido a al incumplimiento de los requisitos y lineamientos establecidos. | C21: =+'3 PROBABIL E IMPACTO INHERENTE'!F21 -> Alta | D21: =+'3 PROBABIL E IMPACTO INHERENTE'!N21 -> Leve | E21: =+IF(C21=$Q$10,IF(D21=$R$9,$R$10,IF(D21=$S$9,$S$10,IF(D21=$T$9,$T$10,IF(D21=$U$9,$U$10,IF(D21=$V$9,$V$10))))),IF(C21=$Q$11,IF(D21=$R$9,$R$11,IF(D21=$S$9,$S$11,IF(D21=$T$9,$T$11,IF(D21=$U$9,$U$11,IF(D21=$V$9,$V$11))))),IF(C21=$Q$12,IF(D21=$R$9,$R$12,IF(D21=$S$9,$S$12,IF(D21=$T$9,$T$12,IF(D21=$U$9,$U$12,IF(D21=$V$9,$V$12))))),IF(C21=$Q$13,IF(D21=$R$9,$R$13,IF(D21=$S$9,$S$13,IF(D21=$T$9,$T$13,IF(D21=$U$9,$U$13,IF(D21=$V$9,$V$13))))),IF(C21=$Q$14,IF(D21=$R$9,$R$14,IF(D21=$S$9,$S$14,IF(D21=$T$9,$T$14,IF(D21=$U$9,$U$14,IF(D21=$V$9,$V$14))))),""))))) -> Moderado
A22: ='2 IDENTIFICACIÓN'!A22 -> R13 | B22: =+'2 IDENTIFICACIÓN'!J22 -> Posibilidad de pérdida reputacional por soborno entrante en la asignación de cupos a Instituciones Educativas, al recibir o solicitar ventajas indebidas para favorecer el acceso al servicio educativo, debido a incumplimiento de los criterios de priorización establecidos en la resolución expedida por el Área de Cobertura de la Secretaría de Educación de Bucaramanga. | C22: =+'3 PROBABIL E IMPACTO INHERENTE'!F22 -> Muy Alta | D22: =+'3 PROBABIL E IMPACTO INHERENTE'!N22 -> Mayor | E22: =+IF(C22=$Q$10,IF(D22=$R$9,$R$10,IF(D22=$S$9,$S$10,IF(D22=$T$9,$T$10,IF(D22=$U$9,$U$10,IF(D22=$V$9,$V$10))))),IF(C22=$Q$11,IF(D22=$R$9,$R$11,IF(D22=$S$9,$S$11,IF(D22=$T$9,$T$11,IF(D22=$U$9,$U$11,IF(D22=$V$9,$V$11))))),IF(C22=$Q$12,IF(D22=$R$9,$R$12,IF(D22=$S$9,$S$12,IF(D22=$T$9,$T$12,IF(D22=$U$9,$U$12,IF(D22=$V$9,$V$12))))),IF(C22=$Q$13,IF(D22=$R$9,$R$13,IF(D22=$S$9,$S$13,IF(D22=$T$9,$T$13,IF(D22=$U$9,$U$13,IF(D22=$V$9,$V$13))))),IF(C22=$Q$14,IF(D22=$R$9,$R$14,IF(D22=$S$9,$S$14,IF(D22=$T$9,$T$14,IF(D22=$U$9,$U$14,IF(D22=$V$9,$V$14))))),""))))) -> Alto
A23: ='2 IDENTIFICACIÓN'!A23 -> R14 | B23: =+'2 IDENTIFICACIÓN'!J23 -> Posibilidad de pérdida reputacional por soborno entrante en los procesos de liquidación y pago de nómina del personal docente, directivo docente y administrativo, al aceptar o solicitar ventajas indebidas para autorizar pagos de salarios u horas extras diferentes a las aprobadas, debido a deficiencias en la validación de requisitos, novedades y soportes establecidos. | C23: =+'3 PROBABIL E IMPACTO INHERENTE'!F23 -> Alta | D23: =+'3 PROBABIL E IMPACTO INHERENTE'!N23 -> Moderado | E23: =+IF(C23=$Q$10,IF(D23=$R$9,$R$10,IF(D23=$S$9,$S$10,IF(D23=$T$9,$T$10,IF(D23=$U$9,$U$10,IF(D23=$V$9,$V$10))))),IF(C23=$Q$11,IF(D23=$R$9,$R$11,IF(D23=$S$9,$S$11,IF(D23=$T$9,$T$11,IF(D23=$U$9,$U$11,IF(D23=$V$9,$V$11))))),IF(C23=$Q$12,IF(D23=$R$9,$R$12,IF(D23=$S$9,$S$12,IF(D23=$T$9,$T$12,IF(D23=$U$9,$U$12,IF(D23=$V$9,$V$12))))),IF(C23=$Q$13,IF(D23=$R$9,$R$13,IF(D23=$S$9,$S$13,IF(D23=$T$9,$T$13,IF(D23=$U$9,$U$13,IF(D23=$V$9,$V$13))))),IF(C23=$Q$14,IF(D23=$R$9,$R$14,IF(D23=$S$9,$S$14,IF(D23=$T$9,$T$14,IF(D23=$U$9,$U$14,IF(D23=$V$9,$V$14))))),""))))) -> Alto
A24: ='2 IDENTIFICACIÓN'!A24 -> R15 | B24: =+'2 IDENTIFICACIÓN'!J24 -> Posibilidad de pérdida reputacional por corrupción en el trámite de licencias, registros y autorizaciones de funcionamiento de Instituciones Educativas y programas de Educación para el Trabajo y Desarrollo Humano (EDTH), debido a favorecimientos, priorización, agilización o aprobación indebida de solicitudes sin el cumplimiento de los requisitos, términos y criterios establecidos. | C24: =+'3 PROBABIL E IMPACTO INHERENTE'!F24 -> Baja | D24: =+'3 PROBABIL E IMPACTO INHERENTE'!N24 -> Mayor | E24: =+IF(C24=$Q$10,IF(D24=$R$9,$R$10,IF(D24=$S$9,$S$10,IF(D24=$T$9,$T$10,IF(D24=$U$9,$U$10,IF(D24=$V$9,$V$10))))),IF(C24=$Q$11,IF(D24=$R$9,$R$11,IF(D24=$S$9,$S$11,IF(D24=$T$9,$T$11,IF(D24=$U$9,$U$11,IF(D24=$V$9,$V$11))))),IF(C24=$Q$12,IF(D24=$R$9,$R$12,IF(D24=$S$9,$S$12,IF(D24=$T$9,$T$12,IF(D24=$U$9,$U$12,IF(D24=$V$9,$V$12))))),IF(C24=$Q$13,IF(D24=$R$9,$R$13,IF(D24=$S$9,$S$13,IF(D24=$T$9,$T$13,IF(D24=$U$9,$U$13,IF(D24=$V$9,$V$13))))),IF(C24=$Q$14,IF(D24=$R$9,$R$14,IF(D24=$S$9,$S$14,IF(D24=$T$9,$T$14,IF(D24=$U$9,$U$14,IF(D24=$V$9,$V$14))))),""))))) -> Alto
A25: ='2 IDENTIFICACIÓN'!A25 -> R16 | B25: =+'2 IDENTIFICACIÓN'!J25 -> Posibilidad de pérdida reputacional por soborno entrante en los procesos de contratación, al recibir o solicitar ventajas indebidas para favorecer la adjudicación de contratos, debido a incumplimiento de los principios y requisitos establecidos en la normatividad vigente. | C25: =+'3 PROBABIL E IMPACTO INHERENTE'!F25 -> Media | D25: =+'3 PROBABIL E IMPACTO INHERENTE'!N25 -> Moderado | E25: =+IF(C25=$Q$10,IF(D25=$R$9,$R$10,IF(D25=$S$9,$S$10,IF(D25=$T$9,$T$10,IF(D25=$U$9,$U$10,IF(D25=$V$9,$V$10))))),IF(C25=$Q$11,IF(D25=$R$9,$R$11,IF(D25=$S$9,$S$11,IF(D25=$T$9,$T$11,IF(D25=$U$9,$U$11,IF(D25=$V$9,$V$11))))),IF(C25=$Q$12,IF(D25=$R$9,$R$12,IF(D25=$S$9,$S$12,IF(D25=$T$9,$T$12,IF(D25=$U$9,$U$12,IF(D25=$V$9,$V$12))))),IF(C25=$Q$13,IF(D25=$R$9,$R$13,IF(D25=$S$9,$S$13,IF(D25=$T$9,$T$13,IF(D25=$U$9,$U$13,IF(D25=$V$9,$V$13))))),IF(C25=$Q$14,IF(D25=$R$9,$R$14,IF(D25=$S$9,$S$14,IF(D25=$T$9,$T$14,IF(D25=$U$9,$U$14,IF(D25=$V$9,$V$14))))),""))))) -> Moderado
A26: ='2 IDENTIFICACIÓN'!A26 -> R17 | B26: =+'2 IDENTIFICACIÓN'!J26 -> Posibilidad de pérdida económica por usar la entidad para dar apariencia de legalidad a los activos provenientes de actividades delictivas, para canalizar recursos hacia la realización de actividades terroristas o la proliferación de armas de destrucción masiva, debido a fallas u omisiones en la verificación de la información declarada por los proponentes en los procesos de selección. | C26: =+'3 PROBABIL E IMPACTO INHERENTE'!F26 -> Baja | D26: =+'3 PROBABIL E IMPACTO INHERENTE'!N26 -> Moderado | E26: =+IF(C26=$Q$10,IF(D26=$R$9,$R$10,IF(D26=$S$9,$S$10,IF(D26=$T$9,$T$10,IF(D26=$U$9,$U$10,IF(D26=$V$9,$V$10))))),IF(C26=$Q$11,IF(D26=$R$9,$R$11,IF(D26=$S$9,$S$11,IF(D26=$T$9,$T$11,IF(D26=$U$9,$U$11,IF(D26=$V$9,$V$11))))),IF(C26=$Q$12,IF(D26=$R$9,$R$12,IF(D26=$S$9,$S$12,IF(D26=$T$9,$T$12,IF(D26=$U$9,$U$12,IF(D26=$V$9,$V$12))))),IF(C26=$Q$13,IF(D26=$R$9,$R$13,IF(D26=$S$9,$S$13,IF(D26=$T$9,$T$13,IF(D26=$U$9,$U$13,IF(D26=$V$9,$V$13))))),IF(C26=$Q$14,IF(D26=$R$9,$R$14,IF(D26=$S$9,$S$14,IF(D26=$T$9,$T$14,IF(D26=$U$9,$U$14,IF(D26=$V$9,$V$14))))),""))))) -> Moderado
A27: ='2 IDENTIFICACIÓN'!A27 -> R18 | B27: =+'2 IDENTIFICACIÓN'!J27 -> por debido a | C27: =+'3 PROBABIL E IMPACTO INHERENTE'!F27 | D27: =+'3 PROBABIL E IMPACTO INHERENTE'!N27 | E27: =+IF(C27=$Q$10,IF(D27=$R$9,$R$10,IF(D27=$S$9,$S$10,IF(D27=$T$9,$T$10,IF(D27=$U$9,$U$10,IF(D27=$V$9,$V$10))))),IF(C27=$Q$11,IF(D27=$R$9,$R$11,IF(D27=$S$9,$S$11,IF(D27=$T$9,$T$11,IF(D27=$U$9,$U$11,IF(D27=$V$9,$V$11))))),IF(C27=$Q$12,IF(D27=$R$9,$R$12,IF(D27=$S$9,$S$12,IF(D27=$T$9,$T$12,IF(D27=$U$9,$U$12,IF(D27=$V$9,$V$12))))),IF(C27=$Q$13,IF(D27=$R$9,$R$13,IF(D27=$S$9,$S$13,IF(D27=$T$9,$T$13,IF(D27=$U$9,$U$13,IF(D27=$V$9,$V$13))))),IF(C27=$Q$14,IF(D27=$R$9,$R$14,IF(D27=$S$9,$S$14,IF(D27=$T$9,$T$14,IF(D27=$U$9,$U$14,IF(D27=$V$9,$V$14))))),"")))))
A28: ='2 IDENTIFICACIÓN'!A28 -> R19 | B28: =+'2 IDENTIFICACIÓN'!J28 -> por debido a | C28: =+'3 PROBABIL E IMPACTO INHERENTE'!F28 | D28: =+'3 PROBABIL E IMPACTO INHERENTE'!N28 | E28: =+IF(C28=$Q$10,IF(D28=$R$9,$R$10,IF(D28=$S$9,$S$10,IF(D28=$T$9,$T$10,IF(D28=$U$9,$U$10,IF(D28=$V$9,$V$10))))),IF(C28=$Q$11,IF(D28=$R$9,$R$11,IF(D28=$S$9,$S$11,IF(D28=$T$9,$T$11,IF(D28=$U$9,$U$11,IF(D28=$V$9,$V$11))))),IF(C28=$Q$12,IF(D28=$R$9,$R$12,IF(D28=$S$9,$S$12,IF(D28=$T$9,$T$12,IF(D28=$U$9,$U$12,IF(D28=$V$9,$V$12))))),IF(C28=$Q$13,IF(D28=$R$9,$R$13,IF(D28=$S$9,$S$13,IF(D28=$T$9,$T$13,IF(D28=$U$9,$U$13,IF(D28=$V$9,$V$13))))),IF(C28=$Q$14,IF(D28=$R$9,$R$14,IF(D28=$S$9,$S$14,IF(D28=$T$9,$T$14,IF(D28=$U$9,$U$14,IF(D28=$V$9,$V$14))))),"")))))
A29: ='2 IDENTIFICACIÓN'!A29 -> R20 | B29: =+'2 IDENTIFICACIÓN'!J29 -> por debido a | C29: =+'3 PROBABIL E IMPACTO INHERENTE'!F29 | D29: =+'3 PROBABIL E IMPACTO INHERENTE'!N29 | E29: =+IF(C29=$Q$10,IF(D29=$R$9,$R$10,IF(D29=$S$9,$S$10,IF(D29=$T$9,$T$10,IF(D29=$U$9,$U$10,IF(D29=$V$9,$V$10))))),IF(C29=$Q$11,IF(D29=$R$9,$R$11,IF(D29=$S$9,$S$11,IF(D29=$T$9,$T$11,IF(D29=$U$9,$U$11,IF(D29=$V$9,$V$11))))),IF(C29=$Q$12,IF(D29=$R$9,$R$12,IF(D29=$S$9,$S$12,IF(D29=$T$9,$T$12,IF(D29=$U$9,$U$12,IF(D29=$V$9,$V$12))))),IF(C29=$Q$13,IF(D29=$R$9,$R$13,IF(D29=$S$9,$S$13,IF(D29=$T$9,$T$13,IF(D29=$U$9,$U$13,IF(D29=$V$9,$V$13))))),IF(C29=$Q$14,IF(D29=$R$9,$R$14,IF(D29=$S$9,$S$14,IF(D29=$T$9,$T$14,IF(D29=$U$9,$U$14,IF(D29=$V$9,$V$14))))),"")))))
A30: ='2 IDENTIFICACIÓN'!A30 -> R21 | B30: =+'2 IDENTIFICACIÓN'!J30 -> por debido a | C30: =+'3 PROBABIL E IMPACTO INHERENTE'!F30 | D30: =+'3 PROBABIL E IMPACTO INHERENTE'!N30 | E30: =+IF(C30=$Q$10,IF(D30=$R$9,$R$10,IF(D30=$S$9,$S$10,IF(D30=$T$9,$T$10,IF(D30=$U$9,$U$10,IF(D30=$V$9,$V$10))))),IF(C30=$Q$11,IF(D30=$R$9,$R$11,IF(D30=$S$9,$S$11,IF(D30=$T$9,$T$11,IF(D30=$U$9,$U$11,IF(D30=$V$9,$V$11))))),IF(C30=$Q$12,IF(D30=$R$9,$R$12,IF(D30=$S$9,$S$12,IF(D30=$T$9,$T$12,IF(D30=$U$9,$U$12,IF(D30=$V$9,$V$12))))),IF(C30=$Q$13,IF(D30=$R$9,$R$13,IF(D30=$S$9,$S$13,IF(D30=$T$9,$T$13,IF(D30=$U$9,$U$13,IF(D30=$V$9,$V$13))))),IF(C30=$Q$14,IF(D30=$R$9,$R$14,IF(D30=$S$9,$S$14,IF(D30=$T$9,$T$14,IF(D30=$U$9,$U$14,IF(D30=$V$9,$V$14))))),"")))))
A31: ='2 IDENTIFICACIÓN'!A31 -> R22 | B31: =+'2 IDENTIFICACIÓN'!J31 -> por debido a | C31: =+'3 PROBABIL E IMPACTO INHERENTE'!F31 | D31: =+'3 PROBABIL E IMPACTO INHERENTE'!N31 | E31: =+IF(C31=$Q$10,IF(D31=$R$9,$R$10,IF(D31=$S$9,$S$10,IF(D31=$T$9,$T$10,IF(D31=$U$9,$U$10,IF(D31=$V$9,$V$10))))),IF(C31=$Q$11,IF(D31=$R$9,$R$11,IF(D31=$S$9,$S$11,IF(D31=$T$9,$T$11,IF(D31=$U$9,$U$11,IF(D31=$V$9,$V$11))))),IF(C31=$Q$12,IF(D31=$R$9,$R$12,IF(D31=$S$9,$S$12,IF(D31=$T$9,$T$12,IF(D31=$U$9,$U$12,IF(D31=$V$9,$V$12))))),IF(C31=$Q$13,IF(D31=$R$9,$R$13,IF(D31=$S$9,$S$13,IF(D31=$T$9,$T$13,IF(D31=$U$9,$U$13,IF(D31=$V$9,$V$13))))),IF(C31=$Q$14,IF(D31=$R$9,$R$14,IF(D31=$S$9,$S$14,IF(D31=$T$9,$T$14,IF(D31=$U$9,$U$14,IF(D31=$V$9,$V$14))))),"")))))
A32: ='2 IDENTIFICACIÓN'!A32 -> R23 | B32: =+'2 IDENTIFICACIÓN'!J32 -> por debido a | C32: =+'3 PROBABIL E IMPACTO INHERENTE'!F32 | D32: =+'3 PROBABIL E IMPACTO INHERENTE'!N32 | E32: =+IF(C32=$Q$10,IF(D32=$R$9,$R$10,IF(D32=$S$9,$S$10,IF(D32=$T$9,$T$10,IF(D32=$U$9,$U$10,IF(D32=$V$9,$V$10))))),IF(C32=$Q$11,IF(D32=$R$9,$R$11,IF(D32=$S$9,$S$11,IF(D32=$T$9,$T$11,IF(D32=$U$9,$U$11,IF(D32=$V$9,$V$11))))),IF(C32=$Q$12,IF(D32=$R$9,$R$12,IF(D32=$S$9,$S$12,IF(D32=$T$9,$T$12,IF(D32=$U$9,$U$12,IF(D32=$V$9,$V$12))))),IF(C32=$Q$13,IF(D32=$R$9,$R$13,IF(D32=$S$9,$S$13,IF(D32=$T$9,$T$13,IF(D32=$U$9,$U$13,IF(D32=$V$9,$V$13))))),IF(C32=$Q$14,IF(D32=$R$9,$R$14,IF(D32=$S$9,$S$14,IF(D32=$T$9,$T$14,IF(D32=$U$9,$U$14,IF(D32=$V$9,$V$14))))),"")))))
... A39: ='2 IDENTIFICACIÓN'!A39 -> R30 | B39: =+'2 IDENTIFICACIÓN'!J39 -> por debido a | C39: =+'3 PROBABIL E IMPACTO INHERENTE'!F39 | D39: =+'3 PROBABIL E IMPACTO INHERENTE'!N39 | E39: =+IF(C39=$Q$10,IF(D39=$R$9,$R$10,IF(D39=$S$9,$S$10,IF(D39=$T$9,$T$10,IF(D39=$U$9,$U$10,IF(D39=$V$9,$V$10))))),IF(C39=$Q$11,IF(D39=$R$9,$R$11,IF(D39=$S$9,$S$11,IF(D39=$T$9,$T$11,IF(D39=$U$9,$U$11,IF(D39=$V$9,$V$11))))),IF(C39=$Q$12,IF(D39=$R$9,$R$12,IF(D39=$S$9,$S$12,IF(D39=$T$9,$T$12,IF(D39=$U$9,$U$12,IF(D39=$V$9,$V$12))))),IF(C39=$Q$13,IF(D39=$R$9,$R$13,IF(D39=$S$9,$S$13,IF(D39=$T$9,$T$13,IF(D39=$U$9,$U$13,IF(D39=$V$9,$V$13))))),IF(C39=$Q$14,IF(D39=$R$9,$R$14,IF(D39=$S$9,$S$14,IF(D39=$T$9,$T$14,IF(D39=$U$9,$U$14,IF(D39=$V$9,$V$14))))),"")))))
A41: CONTROL DE CAMBIOS
A42: VERSIÓN | B42: FECHA | D42: DESCRIPCIÓN | F42: RESPONSABLE
A43: 0.0 | B43: 46163 | D43: Creación del documento. Este documento estará en prueba durante 3 meses, pasado este tiempo, se ajustará de versión con los cambios respectivos o se deja en firme, pero con cambio de versión. | F43: Profesional Especializado

Sheet 5 VALORACIÓN DEL CONTROL
B1: PROCESO PLANEACIÓN ESTRATÉGICA | J1: Código: F-DPM-10100-238,37-068
J2: Fecha: 21-05-2026
B3: MAPA DE RIESGOS INTEGRALES | J3: Versión: 0.0
A5: ENTIDAD: | B5: ='2 IDENTIFICACIÓN'!B5 -> ALCALDÍA DE BUCARAMANGA | F5: PROCESO: | G5: ='2 IDENTIFICACIÓN'!G5 -> GESTIÓN DE SERVICIOS DE LA EDUCACIÓN PÚBLICA | I5: VIGENCIA: | J5: ='2 IDENTIFICACIÓN'!J5 -> 2026
S6: Peso del Control + Peso de la implementación | T6: % Probabilidad Riesgo Inherente-(% Probabilidad Riesgo Inherente*Valor Total del Control) | U6: % Impacto Riesgo Inherente-(% Impacto Riesgo Inherente*Valor Total del Control)
F7: VALORACIÓN DEL CONTROL | J7: Atributos del control | Y7: Nivel | Z7: % MIN | AA7: % MAX
A8: No. Riesgo | B8: Riesgo | C8: % Probabilidad Riesgo Inherente | D8: % Impacto Riesgo Inherente | E8: No. Control | F8: Descripción del Control | J8: Eficiencia | O8: Formalización del control | Y8: Muy Baja | Z8: 0.01 | AA8: 0.2
F9: Responsable (Cargo y/o Aplicativo) | G9: Acción (Inicia con un verbo) | H9: Complemento (Periodicidad - Observaciones o Desviaciones) | I9: Descripción del control | J9: Tipo de control | K9: Peso del Control | L9: Afectación o Desplazamiento en la Matriz | M9: Implementación | N9: Peso de la implementación | O9: Documentación | P9: Frecuencia | Q9: Evidencia (Trazabilidad de la ejecución) | R9: Ejecución | S9: Valor Total del Control | T9: Probabilidad residual | U9: Impacto Residual | V9: Probabilidad residual Final | W9: Impacto Residual Final | Y9: Baja | Z9: 0.21 | AA9: 0.4
A10: ='2 IDENTIFICACIÓN'!A10 -> R1 | B10: =+'2 IDENTIFICACIÓN'!J10 -> Posibilidad de afectación económica y reputacional por inconsistencias en la caracterización y registro de la información de los estudiantes en el SIMAT, debido a deficiencias en el suministro, actualización y validación de la información reportada por las Instituciones Educativas, generando disminución en la asignación de recursos del Sistema General de Participaciones para la prestación del servicio educativo. | C10: =+'3 PROBABIL E IMPACTO INHERENTE'!E10 -> 1 | D10: =+'3 PROBABIL E IMPACTO INHERENTE'!M10 -> 0.8 | E10: 1 | F10: El profesional especializado y su equipo de Cobertura de la SEB | G10: verifica que la información suministrada en el SIMAT por las instituciones educativas sea la idónea, | H10: a través de la validación de la información en el sistema. | I10: =+CONCATENATE(F10," ",G10," ",H10) -> El profesional especializado y su equipo de Cobertura de la SEB verifica que la información suministrada en el SIMAT por las instituciones educativas sea la idónea, a través de la validación de la información en el sistema. | J10: Preventivo | K10: =+IFERROR(VLOOKUP($J10,'11 FORMULAS'!$B$51:$C$53,2,0),"") -> 0.25 | L10: =+IFERROR(VLOOKUP($J10,'11 FORMULAS'!$B$51:$D$53,3,0),"") -> Probabilidad | M10: Manual | N10: =+IFERROR(VLOOKUP($M10,'11 FORMULAS'!$B$54:$C$55,2,0),"") -> 0.15 | O10: Procedimientos | P10: Anual | Q10: Con registro manual | R10: Interna | S10: =+IFERROR($K10+$N10,"") -> 0.4 | T10: =IF($L10='11 FORMULAS'!$D$51,$C$10-($C$10*$S$10),$C$10) -> 0.6 | U10: =IF(L10='11 FORMULAS'!$D$53,$D10-($D10*$S10),$D10) -> 0.8 | V10: =+IF(T15="","",T15) -> 1 | W10: =+IF(U15="","",U15) -> 0.8 | Y10: Media | Z10: 0.41 | AA10: 0.6
E11: 2 | I11: =+CONCATENATE(F11," ",G11," ",H11) | K11: =+IFERROR(VLOOKUP($J11,'11 FORMULAS'!$B$51:$C$53,2,0),"") | L11: =+IFERROR(VLOOKUP($J11,'11 FORMULAS'!$B$51:$D$53,3,0),"") | N11: =+IFERROR(VLOOKUP($M11,'11 FORMULAS'!$B$54:$C$55,2,0),"") | S11: =+IFERROR($K11+$N11,"") | T11: =IF($L11='11 FORMULAS'!$D$51,$C$10-($C$10*$S$10),$C$10) -> 1 | U11: =IF(L11='11 FORMULAS'!$D$53,$D$10-($D$10*$S$10),$D$10) -> 0.8 | Y11: Alta | Z11: 0.61 | AA11: 0.8
E12: 3 | I12: =+CONCATENATE(F12," ",G12," ",H12) | K12: =+IFERROR(VLOOKUP($J12,'11 FORMULAS'!$B$51:$C$53,2,0),"") | L12: =+IFERROR(VLOOKUP($J12,'11 FORMULAS'!$B$51:$D$53,3,0),"") | N12: =+IFERROR(VLOOKUP($M12,'11 FORMULAS'!$B$54:$C$55,2,0),"") | S12: =+IFERROR($K12+$N12,"") | T12: =IF($L12='11 FORMULAS'!$D$51,$C$10-($C$10*$S$10),$C$10) -> 1 | U12: =IF(L12='11 FORMULAS'!$D$53,$D$10-($D$10*$S$10),$D$10) -> 0.8 | Y12: Muy Alta | Z12: 0.81 | AA12: 1
E13: 4 | I13: =+CONCATENATE(F13," ",G13," ",H13) | K13: =+IFERROR(VLOOKUP($J13,'11 FORMULAS'!$B$51:$C$53,2,0),"") | L13: =+IFERROR(VLOOKUP($J13,'11 FORMULAS'!$B$51:$D$53,3,0),"") | N13: =+IFERROR(VLOOKUP($M13,'11 FORMULAS'!$B$54:$C$55,2,0),"") | S13: =+IFERROR($K13+$N13,"") | T13: =IF($L13='11 FORMULAS'!$D$51,$C$10-($C$10*$S$10),$C$10) -> 1 | U13: =IF(L13='11 FORMULAS'!$D$53,$D$10-($D$10*$S$10),$D$10) -> 0.8
E14: 5 | I14: =+CONCATENATE(F14," ",G14," ",H14) | K14: =+IFERROR(VLOOKUP($J14,'11 FORMULAS'!$B$51:$C$53,2,0),"") | L14: =+IFERROR(VLOOKUP($J14,'11 FORMULAS'!$B$51:$D$53,3,0),"") | N14: =+IFERROR(VLOOKUP($M14,'11 FORMULAS'!$B$54:$C$55,2,0),"") | S14: =+IFERROR($K14+$N14,"") | T14: =IF($L14='11 FORMULAS'!$D$51,$C$10-($C$10*$S$10),$C$10) -> 1 | U14: =IF(L14='11 FORMULAS'!$D$53,$D$10-($D$10*$S$10),$D$10) -> 0.8
E15: 6 | I15: =+CONCATENATE(F15," ",G15," ",H15) | K15: =+IFERROR(VLOOKUP($J15,'11 FORMULAS'!$B$51:$C$53,2,0),"") | L15: =+IFERROR(VLOOKUP($J15,'11 FORMULAS'!$B$51:$D$53,3,0),"") | N15: =+IFERROR(VLOOKUP($M15,'11 FORMULAS'!$B$54:$C$55,2,0),"") | S15: =+IFERROR($K15+$N15,"") | T15: =IF($L15='11 FORMULAS'!$D$51,$C$10-($C$10*$S$10),$C$10) -> 1 | U15: =IF(L15='11 FORMULAS'!$D$53,$D$10-($D$10*$S$10),$D$10) -> 0.8
A16: ='2 IDENTIFICACIÓN'!A11 -> R2 | B16: =+'2 IDENTIFICACIÓN'!J11 -> Posibilidad de afectación reputacional por publicaciones extemporáneas en el SECOP, debido a demoras en la entrega y remisión de la información requerida para la gestión contractual. | C16: =+'3 PROBABIL E IMPACTO INHERENTE'!E11 -> 0.6 | D16: =+'3 PROBABIL E IMPACTO INHERENTE'!M11 -> 0.2 | E16: 1 | F16: Los profesionales encargados del área de Contratación | G16: verifican las publicaciones de los contratos de la Secretaría de Educación en el SECOP, | H16: a través de seguimientos a muestras representativas. | I16: =+CONCATENATE(F16," ",G16," ",H16) -> Los profesionales encargados del área de Contratación verifican las publicaciones de los contratos de la Secretaría de Educación en el SECOP, a través de seguimientos a muestras representativas. | J16: Preventivo | K16: =+IFERROR(VLOOKUP($J16,'11 FORMULAS'!$B$51:$C$53,2,0),"") -> 0.25 | L16: =+IFERROR(VLOOKUP($J16,'11 FORMULAS'!$B$51:$D$53,3,0),"") -> Probabilidad | M16: Manual | N16: =+IFERROR(VLOOKUP($M16,'11 FORMULAS'!$B$54:$C$55,2,0),"") -> 0.15 | O16: Procedimientos | P16: Cuatrimestral | Q16: Con registro manual | R16: Interna | S16: =+IFERROR($K16+$N16,"") -> 0.4 | T16: =IF($L16='11 FORMULAS'!$D$51,$C$16-($C$16*$S$16),$C$16) -> 0.36 | U16: =IF(L16='11 FORMULAS'!$D$53,$D$16-($D$16*$S$16),$D$16) -> 0.2 | V16: =+IF(T21="","",T21) -> 0.6 | W16: =+IF(U21="","",U21) -> 0.2
E17: 2 | I17: =+CONCATENATE(F17," ",G17," ",H17) | K17: =+IFERROR(VLOOKUP($J17,'11 FORMULAS'!$B$51:$C$53,2,0),"") | L17: =+IFERROR(VLOOKUP($J17,'11 FORMULAS'!$B$51:$D$53,3,0),"") | N17: =+IFERROR(VLOOKUP($M17,'11 FORMULAS'!$B$54:$C$55,2,0),"") | S17: =+IFERROR($K17+$N17,"") | T17: =IF($L17='11 FORMULAS'!$D$51,$C$16-($C$16*$S$16),$C$16) -> 0.6 | U17: =IF(L17='11 FORMULAS'!$D$53,$D$16-($D$16*$S$16),$D$16) -> 0.2
E18: 3 | I18: =+CONCATENATE(F18," ",G18," ",H18) | K18: =+IFERROR(VLOOKUP($J18,'11 FORMULAS'!$B$51:$C$53,2,0),"") | L18: =+IFERROR(VLOOKUP($J18,'11 FORMULAS'!$B$51:$D$53,3,0),"") | N18: =+IFERROR(VLOOKUP($M18,'11 FORMULAS'!$B$54:$C$55,2,0),"") | S18: =+IFERROR($K18+$N18,"") | T18: =IF($L18='11 FORMULAS'!$D$51,$C$16-($C$16*$S$16),$C$16) -> 0.6 | U18: =IF(L18='11 FORMULAS'!$D$53,$D$16-($D$16*$S$16),$D$16) -> 0.2
E19: 4 | I19: =+CONCATENATE(F19," ",G19," ",H19) | K19: =+IFERROR(VLOOKUP($J19,'11 FORMULAS'!$B$51:$C$53,2,0),"") | L19: =+IFERROR(VLOOKUP($J19,'11 FORMULAS'!$B$51:$D$53,3,0),"") | N19: =+IFERROR(VLOOKUP($M19,'11 FORMULAS'!$B$54:$C$55,2,0),"") | S19: =+IFERROR($K19+$N19,"") | T19: =IF($L19='11 FORMULAS'!$D$51,$C$16-($C$16*$S$16),$C$16) -> 0.6 | U19: =IF(L19='11 FORMULAS'!$D$53,$D$16-($D$16*$S$16),$D$16) -> 0.2
E20: 5 | I20: =+CONCATENATE(F20," ",G20," ",H20) | K20: =+IFERROR(VLOOKUP($J20,'11 FORMULAS'!$B$51:$C$53,2,0),"") | L20: =+IFERROR(VLOOKUP($J20,'11 FORMULAS'!$B$51:$D$53,3,0),"") | N20: =+IFERROR(VLOOKUP($M20,'11 FORMULAS'!$B$54:$C$55,2,0),"") | S20: =+IFERROR($K20+$N20,"") | T20: =IF($L20='11 FORMULAS'!$D$51,$C$16-($C$16*$S$16),$C$16) -> 0.6 | U20: =IF(L20='11 FORMULAS'!$D$53,$D$16-($D$16*$S$16),$D$16) -> 0.2
E21: 6 | I21: =+CONCATENATE(F21," ",G21," ",H21) | K21: =+IFERROR(VLOOKUP($J21,'11 FORMULAS'!$B$51:$C$53,2,0),"") | L21: =+IFERROR(VLOOKUP($J21,'11 FORMULAS'!$B$51:$D$53,3,0),"") | N21: =+IFERROR(VLOOKUP($M21,'11 FORMULAS'!$B$54:$C$55,2,0),"") | S21: =+IFERROR($K21+$N21,"") | T21: =IF($L21='11 FORMULAS'!$D$51,$C$16-($C$16*$S$16),$C$16) -> 0.6 | U21: =IF(L21='11 FORMULAS'!$D$53,$D$16-($D$16*$S$16),$D$16) -> 0.2
A22: ='2 IDENTIFICACIÓN'!A12 -> R3 | B22: =+'2 IDENTIFICACIÓN'!J12 -> Posibilidad de afectación reputacional por posibles investigaciones y sanciones disciplinarias por entes de control, debido a incumplimiento de la Ley 594 del 2000 en los documentos generados por la Secretaría de Educación. | C22: =+'3 PROBABIL E IMPACTO INHERENTE'!E12 -> 0.6 | D22: =+'3 PROBABIL E IMPACTO INHERENTE'!M12 -> 0.6 | E22: 1 | F22: El Área de Archivo de la Secretaría de Educación | G22: aplica los lineamientos y procedimientos establecidos para la organización, inventario, conservación y transferencias documentales, | H22: de conformidad con las Tablas de Retención Documental, Tablas de Valoración Documental y las directrices emitidas por el Archivo General de la Nación. | I22: =+CONCATENATE(F22," ",G22," ",H22) -> El Área de Archivo de la Secretaría de Educación aplica los lineamientos y procedimientos establecidos para la organización, inventario, conservación y transferencias documentales, de conformidad con las Tablas de Retención Documental, Tablas de Valoración Documental y las directrices emitidas por el Archivo General de la Nación. | J22: Preventivo | K22: =+IFERROR(VLOOKUP($J22,'11 FORMULAS'!$B$51:$C$53,2,0),"") -> 0.25 | L22: =+IFERROR(VLOOKUP($J22,'11 FORMULAS'!$B$51:$D$53,3,0),"") -> Probabilidad | M22: Manual | N22: =+IFERROR(VLOOKUP($M22,'11 FORMULAS'!$B$54:$C$55,2,0),"") -> 0.15 | O22: Procedimientos | P22: Cuatrimestral | Q22: Con registro manual | R22: Interna | S22: =+IFERROR($K22+$N22,"") -> 0.4 | T22: =IF($L22='11 FORMULAS'!$D$51,$C$22-($C$22*$S$22),$C$22) -> 0.36 | U22: =IF(L22='11 FORMULAS'!$D$53,$D$22-($D$22*$S$22),$D$22) -> 0.6 | V22: =+IF(T27="","",T27) -> 0.6 | W22: =+IF(U27="","",U27) -> 0.6
E23: 2 | I23: =+CONCATENATE(F23," ",G23," ",H23) | K23: =+IFERROR(VLOOKUP($J23,'11 FORMULAS'!$B$51:$C$53,2,0),"") | L23: =+IFERROR(VLOOKUP($J23,'11 FORMULAS'!$B$51:$D$53,3,0),"") | N23: =+IFERROR(VLOOKUP($M23,'11 FORMULAS'!$B$54:$C$55,2,0),"") | S23: =+IFERROR($K23+$N23,"") | T23: =IF($L23='11 FORMULAS'!$D$51,$C$22-($C$22*$S$22),$C$22) -> 0.6 | U23: =IF(L23='11 FORMULAS'!$D$53,$D$22-($D$22*$S$22),$D$22) -> 0.6
E24: 3 | I24: =+CONCATENATE(F24," ",G24," ",H24) | K24: =+IFERROR(VLOOKUP($J24,'11 FORMULAS'!$B$51:$C$53,2,0),"") | L24: =+IFERROR(VLOOKUP($J24,'11 FORMULAS'!$B$51:$D$53,3,0),"") | N24: =+IFERROR(VLOOKUP($M24,'11 FORMULAS'!$B$54:$C$55,2,0),"") | S24: =+IFERROR($K24+$N24,"") | T24: =IF($L24='11 FORMULAS'!$D$51,$C$22-($C$22*$S$22),$C$22) -> 0.6 | U24: =IF(L24='11 FORMULAS'!$D$53,$D$22-($D$22*$S$22),$D$22) -> 0.6
E25: 4 | I25: =+CONCATENATE(F25," ",G25," ",H25) | K25: =+IFERROR(VLOOKUP($J25,'11 FORMULAS'!$B$51:$C$53,2,0),"") | L25: =+IFERROR(VLOOKUP($J25,'11 FORMULAS'!$B$51:$D$53,3,0),"") | N25: =+IFERROR(VLOOKUP($M25,'11 FORMULAS'!$B$54:$C$55,2,0),"") | S25: =+IFERROR($K25+$N25,"") | T25: =IF($L25='11 FORMULAS'!$D$51,$C$22-($C$22*$S$22),$C$22) -> 0.6 | U25: =IF(L25='11 FORMULAS'!$D$53,$D$22-($D$22*$S$22),$D$22) -> 0.6
E26: 5 | I26: =+CONCATENATE(F26," ",G26," ",H26) | K26: =+IFERROR(VLOOKUP($J26,'11 FORMULAS'!$B$51:$C$53,2,0),"") | L26: =+IFERROR(VLOOKUP($J26,'11 FORMULAS'!$B$51:$D$53,3,0),"") | N26: =+IFERROR(VLOOKUP($M26,'11 FORMULAS'!$B$54:$C$55,2,0),"") | S26: =+IFERROR($K26+$N26,"") | T26: =IF($L26='11 FORMULAS'!$D$51,$C$22-($C$22*$S$22),$C$22) -> 0.6 | U26: =IF(L26='11 FORMULAS'!$D$53,$D$22-($D$22*$S$22),$D$22) -> 0.6
E27: 6 | I27: =+CONCATENATE(F27," ",G27," ",H27) | K27: =+IFERROR(VLOOKUP($J27,'11 FORMULAS'!$B$51:$C$53,2,0),"") | L27: =+IFERROR(VLOOKUP($J27,'11 FORMULAS'!$B$51:$D$53,3,0),"") | N27: =+IFERROR(VLOOKUP($M27,'11 FORMULAS'!$B$54:$C$55,2,0),"") | S27: =+IFERROR($K27+$N27,"") | T27: =IF($L27='11 FORMULAS'!$D$51,$C$22-($C$22*$S$22),$C$22) -> 0.6 | U27: =IF(L27='11 FORMULAS'!$D$53,$D$22-($D$22*$S$22),$D$22) -> 0.6
A28: ='2 IDENTIFICACIÓN'!A13 -> R4 | B28: =+'2 IDENTIFICACIÓN'!J13 -> Posibilidad de afectación reputacional por incumplimiento de las acciones establecidas en los planes de mejoramiento derivados de auditorías internas y externas, debido a debilidades en el seguimiento y cumplimiento de los tiempos definidos para su ejecución. | C28: =+'3 PROBABIL E IMPACTO INHERENTE'!E13 -> 0.2 | D28: =+'3 PROBABIL E IMPACTO INHERENTE'!M13 -> 0.6 | E28: 1 | F28: La profesional encargada | G28: revisa las acciones correctivas establecidas y plasmadas en los Planes de Mejoramiento de auditorías internas y externas suscritos, | H28: a través de seguimientos con los responsables de su cumplimiento | I28: =+CONCATENATE(F28," ",G28," ",H28) -> La profesional encargada revisa las acciones correctivas establecidas y plasmadas en los Planes de Mejoramiento de auditorías internas y externas suscritos, a través de seguimientos con los responsables de su cumplimiento | J28: Preventivo | K28: =+IFERROR(VLOOKUP($J28,'11 FORMULAS'!$B$51:$C$53,2,0),"") -> 0.25 | L28: =+IFERROR(VLOOKUP($J28,'11 FORMULAS'!$B$51:$D$53,3,0),"") -> Probabilidad | M28: Manual | N28: =+IFERROR(VLOOKUP($M28,'11 FORMULAS'!$B$54:$C$55,2,0),"") -> 0.15 | O28: Procedimientos | P28: Cuatrimestral | Q28: Con registro manual | R28: Interna | S28: =+IFERROR($K28+$N28,"") -> 0.4 | T28: =IF($L28='11 FORMULAS'!$D$51,$C$28-($C$28*$S$28),$C$28) -> 0.12 | U28: =IF(L28='11 FORMULAS'!$D$53,$D$28-($D$28*$S$28),$D$28) -> 0.6 | V28: =+IF(T33="","",T33) -> 0.2 | W28: =+IF(U33="","",U33) -> 0.6
E29: 2 | I29: =+CONCATENATE(F29," ",G29," ",H29) | K29: =+IFERROR(VLOOKUP($J29,'11 FORMULAS'!$B$51:$C$53,2,0),"") | L29: =+IFERROR(VLOOKUP($J29,'11 FORMULAS'!$B$51:$D$53,3,0),"") | N29: =+IFERROR(VLOOKUP($M29,'11 FORMULAS'!$B$54:$C$55,2,0),"") | S29: =+IFERROR($K29+$N29,"") | T29: =IF($L29='11 FORMULAS'!$D$51,$C$28-($C$28*$S$28),$C$28) -> 0.2 | U29: =IF(L29='11 FORMULAS'!$D$53,$D$28-($D$28*$S$28),$D$28) -> 0.6
E30: 3 | I30: =+CONCATENATE(F30," ",G30," ",H30) | K30: =+IFERROR(VLOOKUP($J30,'11 FORMULAS'!$B$51:$C$53,2,0),"") | L30: =+IFERROR(VLOOKUP($J30,'11 FORMULAS'!$B$51:$D$53,3,0),"") | N30: =+IFERROR(VLOOKUP($M30,'11 FORMULAS'!$B$54:$C$55,2,0),"") | S30: =+IFERROR($K30+$N30,"") | T30: =IF($L30='11 FORMULAS'!$D$51,$C$28-($C$28*$S$28),$C$28) -> 0.2 | U30: =IF(L30='11 FORMULAS'!$D$53,$D$28-($D$28*$S$28),$D$28) -> 0.6
E31: 4 | I31: =+CONCATENATE(F31," ",G31," ",H31) | K31: =+IFERROR(VLOOKUP($J31,'11 FORMULAS'!$B$51:$C$53,2,0),"") | L31: =+IFERROR(VLOOKUP($J31,'11 FORMULAS'!$B$51:$D$53,3,0),"") | N31: =+IFERROR(VLOOKUP($M31,'11 FORMULAS'!$B$54:$C$55,2,0),"") | S31: =+IFERROR($K31+$N31,"") | T31: =IF($L31='11 FORMULAS'!$D$51,$C$28-($C$28*$S$28),$C$28) -> 0.2 | U31: =IF(L31='11 FORMULAS'!$D$53,$D$28-($D$28*$S$28),$D$28) -> 0.6
E32: 5 | I32: =+CONCATENATE(F32," ",G32," ",H32) | K32: =+IFERROR(VLOOKUP($J32,'11 FORMULAS'!$B$51:$C$53,2,0),"") | L32: =+IFERROR(VLOOKUP($J32,'11 FORMULAS'!$B$51:$D$53,3,0),"") | N32: =+IFERROR(VLOOKUP($M32,'11 FORMULAS'!$B$54:$C$55,2,0),"") | S32: =+IFERROR($K32+$N32,"") | T32: =IF($L32='11 FORMULAS'!$D$51,$C$28-($C$28*$S$28),$C$28) -> 0.2 | U32: =IF(L32='11 FORMULAS'!$D$53,$D$28-($D$28*$S$28),$D$28) -> 0.6
E33: 6 | I33: =+CONCATENATE(F33," ",G33," ",H33) | K33: =+IFERROR(VLOOKUP($J33,'11 FORMULAS'!$B$51:$C$53,2,0),"") | L33: =+IFERROR(VLOOKUP($J33,'11 FORMULAS'!$B$51:$D$53,3,0),"") | N33: =+IFERROR(VLOOKUP($M33,'11 FORMULAS'!$B$54:$C$55,2,0),"") | S33: =+IFERROR($K33+$N33,"") | T33: =IF($L33='11 FORMULAS'!$D$51,$C$28-($C$28*$S$28),$C$28) -> 0.2 | U33: =IF(L33='11 FORMULAS'!$D$53,$D$28-($D$28*$S$28),$D$28) -> 0.6
A34: ='2 IDENTIFICACIÓN'!A14 -> R5 | B34: =+'2 IDENTIFICACIÓN'!J14 -> Posibilidad de afectación reputacional por debilidades en la publicación y actualización de la información obligatoria en la página web institucional, debido a incumplimiento de los lineamientos establecidos en la Ley 1712 de 2014 y la Resolución 1519 de 2020 del MINTIC. | C34: =+'3 PROBABIL E IMPACTO INHERENTE'!E14 -> 0.6 | D34: =+'3 PROBABIL E IMPACTO INHERENTE'!M14 -> 0.6 | E34: 1 | F34: El profesional asignado por el líder del proceso | G34: verifica la información sujeta a publicación y actualización en la página web institucional, | H34: de acuerdo con los lineamientos establecidos en la Resolución 1519 de 2020 y sus anexos. | I34: =+CONCATENATE(F34," ",G34," ",H34) -> El profesional asignado por el líder del proceso verifica la información sujeta a publicación y actualización en la página web institucional, de acuerdo con los lineamientos establecidos en la Resolución 1519 de 2020 y sus anexos. | J34: Preventivo | K34: =+IFERROR(VLOOKUP($J34,'11 FORMULAS'!$B$51:$C$53,2,0),"") -> 0.25 | L34: =+IFERROR(VLOOKUP($J34,'11 FORMULAS'!$B$51:$D$53,3,0),"") -> Probabilidad | M34: Manual | N34: =+IFERROR(VLOOKUP($M34,'11 FORMULAS'!$B$54:$C$55,2,0),"") -> 0.15 | O34: Procedimientos | P34: Cuatrimestral | Q34: Con registro manual | R34: Interna | S34: =+IFERROR($K34+$N34,"") -> 0.4 | T34: =IF($L34='11 FORMULAS'!$D$51,$C$34-($C$34*$S$34),$C$34) -> 0.36 | U34: =IF($L34='11 FORMULAS'!$D$53,$D$34-($D$34*$S$34),$D$34) -> 0.6 | V34: =+IF(T39="","",T39) -> 0.6 | W34: =+IF(U39="","",U39) -> 0.6
E35: 2 | I35: =+CONCATENATE(F35," ",G35," ",H35) | K35: =+IFERROR(VLOOKUP($J35,'11 FORMULAS'!$B$51:$C$53,2,0),"") | L35: =+IFERROR(VLOOKUP($J35,'11 FORMULAS'!$B$51:$D$53,3,0),"") | N35: =+IFERROR(VLOOKUP($M35,'11 FORMULAS'!$B$54:$C$55,2,0),"") | S35: =+IFERROR($K35+$N35,"") | T35: =IF($L35='11 FORMULAS'!$D$51,$C$34-($C$34*$S$34),$C$34) -> 0.6 | U35: =IF($L35='11 FORMULAS'!$D$53,$D$34-($D$34*$S$34),$D$34) -> 0.6
E36: 3 | I36: =+CONCATENATE(F36," ",G36," ",H36) | K36: =+IFERROR(VLOOKUP($J36,'11 FORMULAS'!$B$51:$C$53,2,0),"") | L36: =+IFERROR(VLOOKUP($J36,'11 FORMULAS'!$B$51:$D$53,3,0),"") | N36: =+IFERROR(VLOOKUP($M36,'11 FORMULAS'!$B$54:$C$55,2,0),"") | S36: =+IFERROR($K36+$N36,"") | T36: =IF($L36='11 FORMULAS'!$D$51,$C$34-($C$34*$S$34),$C$34) -> 0.6 | U36: =IF($L36='11 FORMULAS'!$D$53,$D$34-($D$34*$S$34),$D$34) -> 0.6
E37: 4 | I37: =+CONCATENATE(F37," ",G37," ",H37) | K37: =+IFERROR(VLOOKUP($J37,'11 FORMULAS'!$B$51:$C$53,2,0),"") | L37: =+IFERROR(VLOOKUP($J37,'11 FORMULAS'!$B$51:$D$53,3,0),"") | N37: =+IFERROR(VLOOKUP($M37,'11 FORMULAS'!$B$54:$C$55,2,0),"") | S37: =+IFERROR($K37+$N37,"") | T37: =IF($L37='11 FORMULAS'!$D$51,$C$34-($C$34*$S$34),$C$34) -> 0.6 | U37: =IF($L37='11 FORMULAS'!$D$53,$D$34-($D$34*$S$34),$D$34) -> 0.6
E38: 5 | I38: =+CONCATENATE(F38," ",G38," ",H38) | K38: =+IFERROR(VLOOKUP($J38,'11 FORMULAS'!$B$51:$C$53,2,0),"") | L38: =+IFERROR(VLOOKUP($J38,'11 FORMULAS'!$B$51:$D$53,3,0),"") | N38: =+IFERROR(VLOOKUP($M38,'11 FORMULAS'!$B$54:$C$55,2,0),"") | S38: =+IFERROR($K38+$N38,"") | T38: =IF($L38='11 FORMULAS'!$D$51,$C$34-($C$34*$S$34),$C$34) -> 0.6 | U38: =IF($L38='11 FORMULAS'!$D$53,$D$34-($D$34*$S$34),$D$34) -> 0.6
E39: 6 | I39: =+CONCATENATE(F39," ",G39," ",H39) | K39: =+IFERROR(VLOOKUP($J39,'11 FORMULAS'!$B$51:$C$53,2,0),"") | L39: =+IFERROR(VLOOKUP($J39,'11 FORMULAS'!$B$51:$D$53,3,0),"") | N39: =+IFERROR(VLOOKUP($M39,'11 FORMULAS'!$B$54:$C$55,2,0),"") | S39: =+IFERROR($K39+$N39,"") | T39: =IF($L39='11 FORMULAS'!$D$51,$C$34-($C$34*$S$34),$C$34) -> 0.6 | U39: =IF($L39='11 FORMULAS'!$D$53,$D$34-($D$34*$S$34),$D$34) -> 0.6
A40: ='2 IDENTIFICACIÓN'!A15 -> R6 | B40: =+'2 IDENTIFICACIÓN'!J15 -> Posibilidad de afectación reputacional por investigaciones y sanciones disciplinarias por entes de control, debido a la falta de seguimiento al cumplimiento de metas del Plan de Desarrollo Municipal programadas para la vigencia. | C40: =+'3 PROBABIL E IMPACTO INHERENTE'!E15 -> 0.4 | D40: =+'3 PROBABIL E IMPACTO INHERENTE'!M15 -> 0.6 | E40: 1 | F40: La Secretaría de Educación | G40: verifica el avance en el cumplimiento físico de las metas y la ejecución de los recursos financieros del Plan de Desarrollo Municipal 2026-2027, mediante seguimiento periódico, | H40: con el fin de gestionar oportunamente la apropiación de recursos y la solicitud de vigencias futuras que garanticen el cumplimiento de las metas programadas para la vigencia. | I40: =+CONCATENATE(F40," ",G40," ",H40) -> La Secretaría de Educación verifica el avance en el cumplimiento físico de las metas y la ejecución de los recursos financieros del Plan de Desarrollo Municipal 2026-2027, mediante seguimiento periódico, con el fin de gestionar oportunamente la apropiación de recursos y la solicitud de vigencias futuras que garanticen el cumplimiento de las metas programadas para la vigencia. | J40: Preventivo | K40: =+IFERROR(VLOOKUP($J40,'11 FORMULAS'!$B$51:$C$53,2,0),"") -> 0.25 | L40: =+IFERROR(VLOOKUP($J40,'11 FORMULAS'!$B$51:$D$53,3,0),"") -> Probabilidad | M40: Manual | N40: =+IFERROR(VLOOKUP($M40,'11 FORMULAS'!$B$54:$C$55,2,0),"") -> 0.15 | O40: Procedimientos | P40: Cuatrimestral | Q40: Con registro manual | R40: Interna | S40: =+IFERROR($K40+$N40,"") -> 0.4 | T40: =IF($L40='11 FORMULAS'!$D$51,$C$40-($C$40*$S$40),$C$40) -> 0.24 | U40: =IF($L40='11 FORMULAS'!$D$53,$D$40-($D$40*$S$40),$D$40) -> 0.6 | V40: =+IF(T45="","",T45) -> 0.4 | W40: =+IF(U45="","",U45) -> 0.6
E41: 2 | I41: =+CONCATENATE(F41," ",G41," ",H41) | K41: =+IFERROR(VLOOKUP($J41,'11 FORMULAS'!$B$51:$C$53,2,0),"") | L41: =+IFERROR(VLOOKUP($J41,'11 FORMULAS'!$B$51:$D$53,3,0),"") | N41: =+IFERROR(VLOOKUP($M41,'11 FORMULAS'!$B$54:$C$55,2,0),"") | S41: =+IFERROR($K41+$N41,"") | T41: =IF($L41='11 FORMULAS'!$D$51,$C$40-($C$40*$S$40),$C$40) -> 0.4 | U41: =IF($L41='11 FORMULAS'!$D$53,$D$40-($D$40*$S$40),$D$40) -> 0.6
E42: 3 | I42: =+CONCATENATE(F42," ",G42," ",H42) | K42: =+IFERROR(VLOOKUP($J42,'11 FORMULAS'!$B$51:$C$53,2,0),"") | L42: =+IFERROR(VLOOKUP($J42,'11 FORMULAS'!$B$51:$D$53,3,0),"") | N42: =+IFERROR(VLOOKUP($M42,'11 FORMULAS'!$B$54:$C$55,2,0),"") | S42: =+IFERROR($K42+$N42,"") | T42: =IF($L42='11 FORMULAS'!$D$51,$C$40-($C$40*$S$40),$C$40) -> 0.4 | U42: =IF($L42='11 FORMULAS'!$D$53,$D$40-($D$40*$S$40),$D$40) -> 0.6
E43: 4 | I43: =+CONCATENATE(F43," ",G43," ",H43) | K43: =+IFERROR(VLOOKUP($J43,'11 FORMULAS'!$B$51:$C$53,2,0),"") | L43: =+IFERROR(VLOOKUP($J43,'11 FORMULAS'!$B$51:$D$53,3,0),"") | N43: =+IFERROR(VLOOKUP($M43,'11 FORMULAS'!$B$54:$C$55,2,0),"") | S43: =+IFERROR($K43+$N43,"") | T43: =IF($L43='11 FORMULAS'!$D$51,$C$40-($C$40*$S$40),$C$40) -> 0.4 | U43: =IF($L43='11 FORMULAS'!$D$53,$D$40-($D$40*$S$40),$D$40) -> 0.6
E44: 5 | I44: =+CONCATENATE(F44," ",G44," ",H44) | K44: =+IFERROR(VLOOKUP($J44,'11 FORMULAS'!$B$51:$C$53,2,0),"") | L44: =+IFERROR(VLOOKUP($J44,'11 FORMULAS'!$B$51:$D$53,3,0),"") | N44: =+IFERROR(VLOOKUP($M44,'11 FORMULAS'!$B$54:$C$55,2,0),"") | S44: =+IFERROR($K44+$N44,"") | T44: =IF($L44='11 FORMULAS'!$D$51,$C$40-($C$40*$S$40),$C$40) -> 0.4 | U44: =IF($L44='11 FORMULAS'!$D$53,$D$40-($D$40*$S$40),$D$40) -> 0.6
E45: 6 | I45: =+CONCATENATE(F45," ",G45," ",H45) | K45: =+IFERROR(VLOOKUP($J45,'11 FORMULAS'!$B$51:$C$53,2,0),"") | L45: =+IFERROR(VLOOKUP($J45,'11 FORMULAS'!$B$51:$D$53,3,0),"") | N45: =+IFERROR(VLOOKUP($M45,'11 FORMULAS'!$B$54:$C$55,2,0),"") | S45: =+IFERROR($K45+$N45,"") | T45: =IF($L45='11 FORMULAS'!$D$51,$C$40-($C$40*$S$40),$C$40) -> 0.4 | U45: =IF($L45='11 FORMULAS'!$D$53,$D$40-($D$40*$S$40),$D$40) -> 0.6
A46: ='2 IDENTIFICACIÓN'!A16 -> R7 | B46: =+'2 IDENTIFICACIÓN'!J16 -> Posibilidad de efecto dañoso sobre bienes de uso público por pérdida, extravío, hurto o faltantes en inventario de bienes muebles de la entidad, debido a deficiencias en la actualización, verificación y control del inventario de bienes muebles. | C46: =+'3 PROBABIL E IMPACTO INHERENTE'!E16 -> 0.6 | D46: =+'3 PROBABIL E IMPACTO INHERENTE'!M16 -> 1 | E46: 1 | F46: El servidor público | G46: verifica la existencia y estado de los bienes muebles asignados a su cargo, | H46: a través de la revisión y validación de la información registrada en el formato Estado Actual del Inventario Resumido del Servidor Público F-INV-8500-238,37-015 y el reporte oportuno de novedades o inconsistencias al área de Inventarios. | I46: =+CONCATENATE(F46," ",G46," ",H46) -> El servidor público verifica la existencia y estado de los bienes muebles asignados a su cargo, a través de la revisión y validación de la información registrada en el formato Estado Actual del Inventario Resumido del Servidor Público F-INV-8500-238,37-015 y el reporte oportuno de novedades o inconsistencias al área de Inventarios. | J46: Preventivo | K46: =+IFERROR(VLOOKUP($J46,'11 FORMULAS'!$B$51:$C$53,2,0),"") -> 0.25 | L46: =+IFERROR(VLOOKUP($J46,'11 FORMULAS'!$B$51:$D$53,3,0),"") -> Probabilidad | M46: Manual | N46: =+IFERROR(VLOOKUP($M46,'11 FORMULAS'!$B$54:$C$55,2,0),"") -> 0.15 | O46: Procedimientos | P46: Cuatrimestral | Q46: Con registro manual | R46: Interna | S46: =+IFERROR($K46+$N46,"") -> 0.4 | T46: =IF($L46='11 FORMULAS'!$D$51,$C$46-($C$46*$S$46),$C$46) -> 0.36 | U46: =IF($L46='11 FORMULAS'!$D$53,$D$46-($D$46*$S$46),$D$46) -> 1 | V46: =+IF(T51="","",T51) -> 0.6 | W46: =+IF(U51="","",U51) -> 1
E47: 2 | I47: =+CONCATENATE(F47," ",G47," ",H47) | K47: =+IFERROR(VLOOKUP($J47,'11 FORMULAS'!$B$51:$C$53,2,0),"") | L47: =+IFERROR(VLOOKUP($J47,'11 FORMULAS'!$B$51:$D$53,3,0),"") | N47: =+IFERROR(VLOOKUP($M47,'11 FORMULAS'!$B$54:$C$55,2,0),"") | S47: =+IFERROR($K47+$N47,"") | T47: =IF($L47='11 FORMULAS'!$D$51,$C$46-($C$46*$S$46),$C$46) -> 0.6 | U47: =IF($L47='11 FORMULAS'!$D$53,$D$46-($D$46*$S$46),$D$46) -> 1
E48: 3 | I48: =+CONCATENATE(F48," ",G48," ",H48) | K48: =+IFERROR(VLOOKUP($J48,'11 FORMULAS'!$B$51:$C$53,2,0),"") | L48: =+IFERROR(VLOOKUP($J48,'11 FORMULAS'!$B$51:$D$53,3,0),"") | N48: =+IFERROR(VLOOKUP($M48,'11 FORMULAS'!$B$54:$C$55,2,0),"") | S48: =+IFERROR($K48+$N48,"") | T48: =IF($L48='11 FORMULAS'!$D$51,$C$46-($C$46*$S$46),$C$46) -> 0.6 | U48: =IF($L48='11 FORMULAS'!$D$53,$D$46-($D$46*$S$46),$D$46) -> 1
E49: 4 | I49: =+CONCATENATE(F49," ",G49," ",H49) | K49: =+IFERROR(VLOOKUP($J49,'11 FORMULAS'!$B$51:$C$53,2,0),"") | L49: =+IFERROR(VLOOKUP($J49,'11 FORMULAS'!$B$51:$D$53,3,0),"") | N49: =+IFERROR(VLOOKUP($M49,'11 FORMULAS'!$B$54:$C$55,2,0),"") | S49: =+IFERROR($K49+$N49,"") | T49: =IF($L49='11 FORMULAS'!$D$51,$C$46-($C$46*$S$46),$C$46) -> 0.6 | U49: =IF($L49='11 FORMULAS'!$D$53,$D$46-($D$46*$S$46),$D$46) -> 1
E50: 5 | I50: =+CONCATENATE(F50," ",G50," ",H50) | K50: =+IFERROR(VLOOKUP($J50,'11 FORMULAS'!$B$51:$C$53,2,0),"") | L50: =+IFERROR(VLOOKUP($J50,'11 FORMULAS'!$B$51:$D$53,3,0),"") | N50: =+IFERROR(VLOOKUP($M50,'11 FORMULAS'!$B$54:$C$55,2,0),"") | S50: =+IFERROR($K50+$N50,"") | T50: =IF($L50='11 FORMULAS'!$D$51,$C$46-($C$46*$S$46),$C$46) -> 0.6 | U50: =IF($L50='11 FORMULAS'!$D$53,$D$46-($D$46*$S$46),$D$46) -> 1
E51: 6 | I51: =+CONCATENATE(F51," ",G51," ",H51) | K51: =+IFERROR(VLOOKUP($J51,'11 FORMULAS'!$B$51:$C$53,2,0),"") | L51: =+IFERROR(VLOOKUP($J51,'11 FORMULAS'!$B$51:$D$53,3,0),"") | N51: =+IFERROR(VLOOKUP($M51,'11 FORMULAS'!$B$54:$C$55,2,0),"") | S51: =+IFERROR($K51+$N51,"") | T51: =IF($L51='11 FORMULAS'!$D$51,$C$46-($C$46*$S$46),$C$46) -> 0.6 | U51: =IF($L51='11 FORMULAS'!$D$53,$D$46-($D$46*$S$46),$D$46) -> 1
A52: ='2 IDENTIFICACIÓN'!A17 -> R8 | B52: =+'2 IDENTIFICACIÓN'!J17 -> Posibilidad de efecto dañoso sobre el recurso público por deficiencias en la gestión de las etapas precontractual, contractual y postcontractual, debido a incumplimiento de los lineamientos, requisitos y obligaciones establecidos en la normatividad vigente y en los documentos contractuales, generando pagos sobre obligaciones parcialmente ejecutadas o no cumplidas. | C52: =+'3 PROBABIL E IMPACTO INHERENTE'!E17 -> 0.6 | D52: =+'3 PROBABIL E IMPACTO INHERENTE'!M17 -> 1 | E52: 1 | F52: Los profesionales encargados de la contratación y los supervisores designados | G52: verifican el cumplimiento de los lineamientos, requisitos y obligaciones establecidos en la normatividad vigente y en los documentos contractuales durante las etapas precontractual, contractual y postcontractual de los procesos celebrados por la Secretaría de Educación, diferentes a contratos de prestación de servicios, | H52: mediante la aplicación de listas de chequeo y revisión del avance y ejecución contractual. | I52: =+CONCATENATE(F52," ",G52," ",H52) -> Los profesionales encargados de la contratación y los supervisores designados verifican el cumplimiento de los lineamientos, requisitos y obligaciones establecidos en la normatividad vigente y en los documentos contractuales durante las etapas precontractual, contractual y postcontractual de los procesos celebrados por la Secretaría de Educación, diferentes a contratos de prestación de servicios, mediante la aplicación de listas de chequeo y revisión del avance y ejecución contractual. | J52: Preventivo | K52: =+IFERROR(VLOOKUP($J52,'11 FORMULAS'!$B$51:$C$53,2,0),"") -> 0.25 | L52: =+IFERROR(VLOOKUP($J52,'11 FORMULAS'!$B$51:$D$53,3,0),"") -> Probabilidad | M52: Manual | N52: =+IFERROR(VLOOKUP($M52,'11 FORMULAS'!$B$54:$C$55,2,0),"") -> 0.15 | O52: Procedimientos | P52: Cuatrimestral | Q52: Con registro manual | R52: Interna | S52: =+IFERROR($K52+$N52,"") -> 0.4 | T52: =IF($L52='11 FORMULAS'!$D$51,$C$52-($C$52*$S$52),$C$52) -> 0.36 | U52: =IF($L52='11 FORMULAS'!$D$53,$D$52-($D$52*$S$52),$D$52) -> 1 | V52: =+IF(T57="","",T57) -> 0.6 | W52: =+IF(U57="","",U57) -> 1
E53: 2 | I53: =+CONCATENATE(F53," ",G53," ",H53) | K53: =+IFERROR(VLOOKUP($J53,'11 FORMULAS'!$B$51:$C$53,2,0),"") | L53: =+IFERROR(VLOOKUP($J53,'11 FORMULAS'!$B$51:$D$53,3,0),"") | N53: =+IFERROR(VLOOKUP($M53,'11 FORMULAS'!$B$54:$C$55,2,0),"") | S53: =+IFERROR($K53+$N53,"") | T53: =IF($L53='11 FORMULAS'!$D$51,$C$52-($C$52*$S$52),$C$52) -> 0.6 | U53: =IF($L53='11 FORMULAS'!$D$53,$D$52-($D$52*$S$52),$D$52) -> 1
E54: 3 | I54: =+CONCATENATE(F54," ",G54," ",H54) | K54: =+IFERROR(VLOOKUP($J54,'11 FORMULAS'!$B$51:$C$53,2,0),"") | L54: =+IFERROR(VLOOKUP($J54,'11 FORMULAS'!$B$51:$D$53,3,0),"") | N54: =+IFERROR(VLOOKUP($M54,'11 FORMULAS'!$B$54:$C$55,2,0),"") | S54: =+IFERROR($K54+$N54,"") | T54: =IF($L54='11 FORMULAS'!$D$51,$C$52-($C$52*$S$52),$C$52) -> 0.6 | U54: =IF($L54='11 FORMULAS'!$D$53,$D$52-($D$52*$S$52),$D$52) -> 1
E55: 4 | I55: =+CONCATENATE(F55," ",G55," ",H55) | K55: =+IFERROR(VLOOKUP($J55,'11 FORMULAS'!$B$51:$C$53,2,0),"") | L55: =+IFERROR(VLOOKUP($J55,'11 FORMULAS'!$B$51:$D$53,3,0),"") | N55: =+IFERROR(VLOOKUP($M55,'11 FORMULAS'!$B$54:$C$55,2,0),"") | S55: =+IFERROR($K55+$N55,"") | T55: =IF($L55='11 FORMULAS'!$D$51,$C$52-($C$52*$S$52),$C$52) -> 0.6 | U55: =IF($L55='11 FORMULAS'!$D$53,$D$52-($D$52*$S$52),$D$52) -> 1
E56: 5 | I56: =+CONCATENATE(F56," ",G56," ",H56) | K56: =+IFERROR(VLOOKUP($J56,'11 FORMULAS'!$B$51:$C$53,2,0),"") | L56: =+IFERROR(VLOOKUP($J56,'11 FORMULAS'!$B$51:$D$53,3,0),"") | N56: =+IFERROR(VLOOKUP($M56,'11 FORMULAS'!$B$54:$C$55,2,0),"") | S56: =+IFERROR($K56+$N56,"") | T56: =IF($L56='11 FORMULAS'!$D$51,$C$52-($C$52*$S$52),$C$52) -> 0.6 | U56: =IF($L56='11 FORMULAS'!$D$53,$D$52-($D$52*$S$52),$D$52) -> 1
E57: 6 | I57: =+CONCATENATE(F57," ",G57," ",H57) | K57: =+IFERROR(VLOOKUP($J57,'11 FORMULAS'!$B$51:$C$53,2,0),"") | L57: =+IFERROR(VLOOKUP($J57,'11 FORMULAS'!$B$51:$D$53,3,0),"") | N57: =+IFERROR(VLOOKUP($M57,'11 FORMULAS'!$B$54:$C$55,2,0),"") | S57: =+IFERROR($K57+$N57,"") | T57: =IF($L57='11 FORMULAS'!$D$51,$C$52-($C$52*$S$52),$C$52) -> 0.6 | U57: =IF($L57='11 FORMULAS'!$D$53,$D$52-($D$52*$S$52),$D$52) -> 1
A58: ='2 IDENTIFICACIÓN'!A18 -> R9 | B58: =+'2 IDENTIFICACIÓN'!J18 -> Posibilidad de efecto dañoso sobre el recurso público por pago de sanción e intereses moratorios, debido a trámite inoportuno a los requerimientos de los entes de control y vigilancia, de acuerdo con sus lineamientos y términos de ley. | C58: =+'3 PROBABIL E IMPACTO INHERENTE'!E18 -> 0.6 | D58: =+'3 PROBABIL E IMPACTO INHERENTE'!M18 -> 0.4 | E58: 1 | F58: La persona encargada | G58: verifica el cumplimiento de los términos establecidos para la atención de los requerimientos de los entes de control y vigilancia asignados a la Secretaría de Educación, | H58: a través del seguimiento y validación de las fechas de vencimiento y respuesta registradas en los mecanismos institucionales de control y seguimiento, identificando alertas frente a posibles incumplimientos. | I58: =+CONCATENATE(F58," ",G58," ",H58) -> La persona encargada verifica el cumplimiento de los términos establecidos para la atención de los requerimientos de los entes de control y vigilancia asignados a la Secretaría de Educación, a través del seguimiento y validación de las fechas de vencimiento y respuesta registradas en los mecanismos institucionales de control y seguimiento, identificando alertas frente a posibles incumplimientos. | J58: Preventivo | K58: =+IFERROR(VLOOKUP($J58,'11 FORMULAS'!$B$51:$C$53,2,0),"") -> 0.25 | L58: =+IFERROR(VLOOKUP($J58,'11 FORMULAS'!$B$51:$D$53,3,0),"") -> Probabilidad | M58: Manual | N58: =+IFERROR(VLOOKUP($M58,'11 FORMULAS'!$B$54:$C$55,2,0),"") -> 0.15 | O58: Procedimientos | P58: Cuatrimestral | Q58: Con registro manual | R58: Interna | S58: =+IFERROR($K58+$N58,"") -> 0.4 | T58: =IF($L58='11 FORMULAS'!$D$51,$C$58-($C$58*$S$58),$C$58) -> 0.36 | U58: =IF($L58='11 FORMULAS'!$D$53,$D$58-($D$58*$S$58),$D$58) -> 0.4 | V58: =+IF(T63="","",T63) -> 0.6 | W58: =+IF(U63="","",U63) -> 0.4
E59: 2 | I59: =+CONCATENATE(F59," ",G59," ",H59) | K59: =+IFERROR(VLOOKUP($J59,'11 FORMULAS'!$B$51:$C$53,2,0),"") | L59: =+IFERROR(VLOOKUP($J59,'11 FORMULAS'!$B$51:$D$53,3,0),"") | N59: =+IFERROR(VLOOKUP($M59,'11 FORMULAS'!$B$54:$C$55,2,0),"") | S59: =+IFERROR($K59+$N59,"") | T59: =IF($L59='11 FORMULAS'!$D$51,$C$58-($C$58*$S$58),$C$58) -> 0.6 | U59: =IF($L59='11 FORMULAS'!$D$53,$D$58-($D$58*$S$58),$D$58) -> 0.4
E60: 3 | I60: =+CONCATENATE(F60," ",G60," ",H60) | K60: =+IFERROR(VLOOKUP($J60,'11 FORMULAS'!$B$51:$C$53,2,0),"") | L60: =+IFERROR(VLOOKUP($J60,'11 FORMULAS'!$B$51:$D$53,3,0),"") | N60: =+IFERROR(VLOOKUP($M60,'11 FORMULAS'!$B$54:$C$55,2,0),"") | S60: =+IFERROR($K60+$N60,"") | T60: =IF($L60='11 FORMULAS'!$D$51,$C$58-($C$58*$S$58),$C$58) -> 0.6 | U60: =IF($L60='11 FORMULAS'!$D$53,$D$58-($D$58*$S$58),$D$58) -> 0.4
E61: 4 | I61: =+CONCATENATE(F61," ",G61," ",H61) | K61: =+IFERROR(VLOOKUP($J61,'11 FORMULAS'!$B$51:$C$53,2,0),"") | L61: =+IFERROR(VLOOKUP($J61,'11 FORMULAS'!$B$51:$D$53,3,0),"") | N61: =+IFERROR(VLOOKUP($M61,'11 FORMULAS'!$B$54:$C$55,2,0),"") | S61: =+IFERROR($K61+$N61,"") | T61: =IF($L61='11 FORMULAS'!$D$51,$C$58-($C$58*$S$58),$C$58) -> 0.6 | U61: =IF($L61='11 FORMULAS'!$D$53,$D$58-($D$58*$S$58),$D$58) -> 0.4
E62: 5 | I62: =+CONCATENATE(F62," ",G62," ",H62) | K62: =+IFERROR(VLOOKUP($J62,'11 FORMULAS'!$B$51:$C$53,2,0),"") | L62: =+IFERROR(VLOOKUP($J62,'11 FORMULAS'!$B$51:$D$53,3,0),"") | N62: =+IFERROR(VLOOKUP($M62,'11 FORMULAS'!$B$54:$C$55,2,0),"") | S62: =+IFERROR($K62+$N62,"") | T62: =IF($L62='11 FORMULAS'!$D$51,$C$58-($C$58*$S$58),$C$58) -> 0.6 | U62: =IF($L62='11 FORMULAS'!$D$53,$D$58-($D$58*$S$58),$D$58) -> 0.4
E63: 6 | I63: =+CONCATENATE(F63," ",G63," ",H63) | K63: =+IFERROR(VLOOKUP($J63,'11 FORMULAS'!$B$51:$C$53,2,0),"") | L63: =+IFERROR(VLOOKUP($J63,'11 FORMULAS'!$B$51:$D$53,3,0),"") | N63: =+IFERROR(VLOOKUP($M63,'11 FORMULAS'!$B$54:$C$55,2,0),"") | S63: =+IFERROR($K63+$N63,"") | T63: =IF($L63='11 FORMULAS'!$D$51,$C$58-($C$58*$S$58),$C$58) -> 0.6 | U63: =IF($L63='11 FORMULAS'!$D$53,$D$58-($D$58*$S$58),$D$58) -> 0.4
A64: ='2 IDENTIFICACIÓN'!A19 -> R10 | B64: =+'2 IDENTIFICACIÓN'!J19 -> Posibilidad de afectación económica y reputacional por afectaciones en la disponibilidad y ejecución de los recursos del Sistema General de Participaciones (SGP) administrados por la Secretaría de Educación, debido a inconsistencias en los procesos financieros y de tesorería relacionados con el manejo de pagos y descuentos efectuados sobre dichos recursos. | C64: =+'3 PROBABIL E IMPACTO INHERENTE'!E19 -> 0.4 | D64: =+'3 PROBABIL E IMPACTO INHERENTE'!M19 -> 1 | E64: 1 | F64: El profesional del área de presupuesto de la Secretaría de Educación | G64: verifica los movimientos bancarios, | H64: a través de los soportes recibidos del área de tesorería de la Secretaría de Educación | I64: =+CONCATENATE(F64," ",G64," ",H64) -> El profesional del área de presupuesto de la Secretaría de Educación verifica los movimientos bancarios, a través de los soportes recibidos del área de tesorería de la Secretaría de Educación | J64: Preventivo | K64: =+IFERROR(VLOOKUP($J64,'11 FORMULAS'!$B$51:$C$53,2,0),"") -> 0.25 | L64: =+IFERROR(VLOOKUP($J64,'11 FORMULAS'!$B$51:$D$53,3,0),"") -> Probabilidad | M64: Manual | N64: =+IFERROR(VLOOKUP($M64,'11 FORMULAS'!$B$54:$C$55,2,0),"") -> 0.15 | O64: Procedimientos | P64: Cuatrimestral | Q64: Con registro manual | R64: Interna | S64: =+IFERROR($K64+$N64,"") -> 0.4 | T64: =IF($L64='11 FORMULAS'!$D$51,$C$64-($C$64*$S$64),$C$64) -> 0.24 | U64: =IF($L64='11 FORMULAS'!$D$53,$D$64-($D$64*$S$64),$D$64) -> 1 | V64: =+IF(T69="","",T69) -> 0.4 | W64: =+IF(U69="","",U69) -> 1
E65: 2 | I65: =+CONCATENATE(F65," ",G65," ",H65) | K65: =+IFERROR(VLOOKUP($J65,'11 FORMULAS'!$B$51:$C$53,2,0),"") | L65: =+IFERROR(VLOOKUP($J65,'11 FORMULAS'!$B$51:$D$53,3,0),"") | N65: =+IFERROR(VLOOKUP($M65,'11 FORMULAS'!$B$54:$C$55,2,0),"") | S65: =+IFERROR($K65+$N65,"") | T65: =IF($L65='11 FORMULAS'!$D$51,$C$64-($C$64*$S$64),$C$64) -> 0.4 | U65: =IF($L65='11 FORMULAS'!$D$53,$D$64-($D$64*$S$64),$D$64) -> 1
E66: 3 | I66: =+CONCATENATE(F66," ",G66," ",H66) | K66: =+IFERROR(VLOOKUP($J66,'11 FORMULAS'!$B$51:$C$53,2,0),"") | L66: =+IFERROR(VLOOKUP($J66,'11 FORMULAS'!$B$51:$D$53,3,0),"") | N66: =+IFERROR(VLOOKUP($M66,'11 FORMULAS'!$B$54:$C$55,2,0),"") | S66: =+IFERROR($K66+$N66,"") | T66: =IF($L66='11 FORMULAS'!$D$51,$C$64-($C$64*$S$64),$C$64) -> 0.4 | U66: =IF($L66='11 FORMULAS'!$D$53,$D$64-($D$64*$S$64),$D$64) -> 1
E67: 4 | I67: =+CONCATENATE(F67," ",G67," ",H67) | K67: =+IFERROR(VLOOKUP($J67,'11 FORMULAS'!$B$51:$C$53,2,0),"") | L67: =+IFERROR(VLOOKUP($J67,'11 FORMULAS'!$B$51:$D$53,3,0),"") | N67: =+IFERROR(VLOOKUP($M67,'11 FORMULAS'!$B$54:$C$55,2,0),"") | S67: =+IFERROR($K67+$N67,"") | T67: =IF($L67='11 FORMULAS'!$D$51,$C$64-($C$64*$S$64),$C$64) -> 0.4 | U67: =IF($L67='11 FORMULAS'!$D$53,$D$64-($D$64*$S$64),$D$64) -> 1
E68: 5 | I68: =+CONCATENATE(F68," ",G68," ",H68) | K68: =+IFERROR(VLOOKUP($J68,'11 FORMULAS'!$B$51:$C$53,2,0),"") | L68: =+IFERROR(VLOOKUP($J68,'11 FORMULAS'!$B$51:$D$53,3,0),"") | N68: =+IFERROR(VLOOKUP($M68,'11 FORMULAS'!$B$54:$C$55,2,0),"") | S68: =+IFERROR($K68+$N68,"") | T68: =IF($L68='11 FORMULAS'!$D$51,$C$64-($C$64*$S$64),$C$64) -> 0.4 | U68: =IF($L68='11 FORMULAS'!$D$53,$D$64-($D$64*$S$64),$D$64) -> 1
E69: 6 | I69: =+CONCATENATE(F69," ",G69," ",H69) | K69: =+IFERROR(VLOOKUP($J69,'11 FORMULAS'!$B$51:$C$53,2,0),"") | L69: =+IFERROR(VLOOKUP($J69,'11 FORMULAS'!$B$51:$D$53,3,0),"") | N69: =+IFERROR(VLOOKUP($M69,'11 FORMULAS'!$B$54:$C$55,2,0),"") | S69: =+IFERROR($K69+$N69,"") | T69: =IF($L69='11 FORMULAS'!$D$51,$C$64-($C$64*$S$64),$C$64) -> 0.4 | U69: =IF($L69='11 FORMULAS'!$D$53,$D$64-($D$64*$S$64),$D$64) -> 1
A70: ='2 IDENTIFICACIÓN'!A20 -> R11 | B70: =+'2 IDENTIFICACIÓN'!J20 -> Posibilidad de afectación reputacional por demoras en el trámite de novedades de retiro y liquidación derivadas del fallecimiento del personal docente, directivo docente y administrativo de las Instituciones Educativas Oficiales, debido a falencias en los procesos de gestión y actualización de la información administrativa y de nómina. | C70: =+'3 PROBABIL E IMPACTO INHERENTE'!E20 -> 0.2 | D70: =+'3 PROBABIL E IMPACTO INHERENTE'!M20 -> 0.2 | E70: 1 | F70: El área de talento humano | G70: verifica el cumplimiento de los requisitos establecidos en la normatividad vigente para el pago de la liquidación de personal docente, directivo docente y administrativo de Instituciones Educativas Oficiales fallecidos, | H70: a los beneficiarios que acrediten el derecho. | I70: =+CONCATENATE(F70," ",G70," ",H70) -> El área de talento humano verifica el cumplimiento de los requisitos establecidos en la normatividad vigente para el pago de la liquidación de personal docente, directivo docente y administrativo de Instituciones Educativas Oficiales fallecidos, a los beneficiarios que acrediten el derecho. | J70: Preventivo | K70: =+IFERROR(VLOOKUP($J70,'11 FORMULAS'!$B$51:$C$53,2,0),"") -> 0.25 | L70: =+IFERROR(VLOOKUP($J70,'11 FORMULAS'!$B$51:$D$53,3,0),"") -> Probabilidad | M70: Manual | N70: =+IFERROR(VLOOKUP($M70,'11 FORMULAS'!$B$54:$C$55,2,0),"") -> 0.15 | O70: Procedimientos | P70: Cuatrimestral | Q70: Con registro manual | R70: Interna | S70: =+IFERROR($K70+$N70,"") -> 0.4 | T70: =IF($L70='11 FORMULAS'!$D$51,$C$70-($C$70*$S$70),$C$70) -> 0.12 | U70: =IF($L70='11 FORMULAS'!$D$53,$D$70-($D$70*$S$70),$D$70) -> 0.2 | V70: =+IF(T75="","",T75) -> 0.2 | W70: =+IF(U75="","",U75) -> 0.2
E71: 2 | I71: =+CONCATENATE(F71," ",G71," ",H71) | K71: =+IFERROR(VLOOKUP($J71,'11 FORMULAS'!$B$51:$C$53,2,0),"") | L71: =+IFERROR(VLOOKUP($J71,'11 FORMULAS'!$B$51:$D$53,3,0),"") | N71: =+IFERROR(VLOOKUP($M71,'11 FORMULAS'!$B$54:$C$55,2,0),"") | S71: =+IFERROR($K71+$N71,"") | T71: =IF($L71='11 FORMULAS'!$D$51,$C$70-($C$70*$S$70),$C$70) -> 0.2 | U71: =IF($L71='11 FORMULAS'!$D$53,$D$70-($D$70*$S$70),$D$70) -> 0.2
E72: 3 | I72: =+CONCATENATE(F72," ",G72," ",H72) | K72: =+IFERROR(VLOOKUP($J72,'11 FORMULAS'!$B$51:$C$53,2,0),"") | L72: =+IFERROR(VLOOKUP($J72,'11 FORMULAS'!$B$51:$D$53,3,0),"") | N72: =+IFERROR(VLOOKUP($M72,'11 FORMULAS'!$B$54:$C$55,2,0),"") | S72: =+IFERROR($K72+$N72,"") | T72: =IF($L72='11 FORMULAS'!$D$51,$C$70-($C$70*$S$70),$C$70) -> 0.2 | U72: =IF($L72='11 FORMULAS'!$D$53,$D$70-($D$70*$S$70),$D$70) -> 0.2
E73: 4 | I73: =+CONCATENATE(F73," ",G73," ",H73) | K73: =+IFERROR(VLOOKUP($J73,'11 FORMULAS'!$B$51:$C$53,2,0),"") | L73: =+IFERROR(VLOOKUP($J73,'11 FORMULAS'!$B$51:$D$53,3,0),"") | N73: =+IFERROR(VLOOKUP($M73,'11 FORMULAS'!$B$54:$C$55,2,0),"") | S73: =+IFERROR($K73+$N73,"") | T73: =IF($L73='11 FORMULAS'!$D$51,$C$70-($C$70*$S$70),$C$70) -> 0.2 | U73: =IF($L73='11 FORMULAS'!$D$53,$D$70-($D$70*$S$70),$D$70) -> 0.2
E74: 5 | I74: =+CONCATENATE(F74," ",G74," ",H74) | K74: =+IFERROR(VLOOKUP($J74,'11 FORMULAS'!$B$51:$C$53,2,0),"") | L74: =+IFERROR(VLOOKUP($J74,'11 FORMULAS'!$B$51:$D$53,3,0),"") | N74: =+IFERROR(VLOOKUP($M74,'11 FORMULAS'!$B$54:$C$55,2,0),"") | S74: =+IFERROR($K74+$N74,"") | T74: =IF($L74='11 FORMULAS'!$D$51,$C$70-($C$70*$S$70),$C$70) -> 0.2 | U74: =IF($L74='11 FORMULAS'!$D$53,$D$70-($D$70*$S$70),$D$70) -> 0.2
E75: 6 | I75: =+CONCATENATE(F75," ",G75," ",H75) | K75: =+IFERROR(VLOOKUP($J75,'11 FORMULAS'!$B$51:$C$53,2,0),"") | L75: =+IFERROR(VLOOKUP($J75,'11 FORMULAS'!$B$51:$D$53,3,0),"") | N75: =+IFERROR(VLOOKUP($M75,'11 FORMULAS'!$B$54:$C$55,2,0),"") | S75: =+IFERROR($K75+$N75,"") | T75: =IF($L75='11 FORMULAS'!$D$51,$C$70-($C$70*$S$70),$C$70) -> 0.2 | U75: =IF($L75='11 FORMULAS'!$D$53,$D$70-($D$70*$S$70),$D$70) -> 0.2
A76: ='2 IDENTIFICACIÓN'!A21 -> R12 | B76: =+'2 IDENTIFICACIÓN'!J21 -> Posibilidad de pérdida reputacional por soborno entrante en los trámites administrativos del personal docente, directivo docente y administrativo, al recibir o solicitar ventajas indebidas en actuaciones relacionadas con traslados, permutas, nombramientos en vacancias temporales, ascensos o mejoramientos salariales, debido a al incumplimiento de los requisitos y lineamientos establecidos. | C76: =+'3 PROBABIL E IMPACTO INHERENTE'!E21 -> 0.8 | D76: =+'3 PROBABIL E IMPACTO INHERENTE'!M21 -> 0.2 | E76: 1 | F76: El personal de Talento Humano | G76: verifica que las actuaciones relacionadas con traslados, permutas, nombramientos en vacancias temporales, ascensos y mejoramientos salariales del personal docente, directivo docente y administrativo, | H76: se encuentren debidamente soportadas de conformidad con la normatividad vigente | I76: =+CONCATENATE(F76," ",G76," ",H76) -> El personal de Talento Humano verifica que las actuaciones relacionadas con traslados, permutas, nombramientos en vacancias temporales, ascensos y mejoramientos salariales del personal docente, directivo docente y administrativo, se encuentren debidamente soportadas de conformidad con la normatividad vigente | J76: Preventivo | K76: =+IFERROR(VLOOKUP($J76,'11 FORMULAS'!$B$51:$C$53,2,0),"") -> 0.25 | L76: =+IFERROR(VLOOKUP($J76,'11 FORMULAS'!$B$51:$D$53,3,0),"") -> Probabilidad | M76: Manual | N76: =+IFERROR(VLOOKUP($M76,'11 FORMULAS'!$B$54:$C$55,2,0),"") -> 0.15 | O76: Procedimientos | P76: Cuatrimestral | Q76: Con registro manual | R76: Interna | S76: =+IFERROR($K76+$N76,"") -> 0.4 | T76: =IF($L76='11 FORMULAS'!$D$51,$C$76-($C$76*$S$76),$C$76) -> 0.48 | U76: =IF($L76='11 FORMULAS'!$D$53,$D$76-($D$76*$S$76),$D$76) -> 0.2 | V76: =+IF(T81="","",T81) -> 0.8 | W76: =+IF(U81="","",U81) -> 0.2
E77: 2 | I77: =+CONCATENATE(F77," ",G77," ",H77) | K77: =+IFERROR(VLOOKUP($J77,'11 FORMULAS'!$B$51:$C$53,2,0),"") | L77: =+IFERROR(VLOOKUP($J77,'11 FORMULAS'!$B$51:$D$53,3,0),"") | N77: =+IFERROR(VLOOKUP($M77,'11 FORMULAS'!$B$54:$C$55,2,0),"") | S77: =+IFERROR($K77+$N77,"") | T77: =IF($L77='11 FORMULAS'!$D$51,$C$76-($C$76*$S$76),$C$76) -> 0.8 | U77: =IF($L77='11 FORMULAS'!$D$53,$D$76-($D$76*$S$76),$D$76) -> 0.2
E78: 3 | I78: =+CONCATENATE(F78," ",G78," ",H78) | K78: =+IFERROR(VLOOKUP($J78,'11 FORMULAS'!$B$51:$C$53,2,0),"") | L78: =+IFERROR(VLOOKUP($J78,'11 FORMULAS'!$B$51:$D$53,3,0),"") | N78: =+IFERROR(VLOOKUP($M78,'11 FORMULAS'!$B$54:$C$55,2,0),"") | S78: =+IFERROR($K78+$N78,"") | T78: =IF($L78='11 FORMULAS'!$D$51,$C$76-($C$76*$S$76),$C$76) -> 0.8 | U78: =IF($L78='11 FORMULAS'!$D$53,$D$76-($D$76*$S$76),$D$76) -> 0.2
E79: 4 | I79: =+CONCATENATE(F79," ",G79," ",H79) | K79: =+IFERROR(VLOOKUP($J79,'11 FORMULAS'!$B$51:$C$53,2,0),"") | L79: =+IFERROR(VLOOKUP($J79,'11 FORMULAS'!$B$51:$D$53,3,0),"") | N79: =+IFERROR(VLOOKUP($M79,'11 FORMULAS'!$B$54:$C$55,2,0),"") | S79: =+IFERROR($K79+$N79,"") | T79: =IF($L79='11 FORMULAS'!$D$51,$C$76-($C$76*$S$76),$C$76) -> 0.8 | U79: =IF($L79='11 FORMULAS'!$D$53,$D$76-($D$76*$S$76),$D$76) -> 0.2
E80: 5 | I80: =+CONCATENATE(F80," ",G80," ",H80) | K80: =+IFERROR(VLOOKUP($J80,'11 FORMULAS'!$B$51:$C$53,2,0),"") | L80: =+IFERROR(VLOOKUP($J80,'11 FORMULAS'!$B$51:$D$53,3,0),"") | N80: =+IFERROR(VLOOKUP($M80,'11 FORMULAS'!$B$54:$C$55,2,0),"") | S80: =+IFERROR($K80+$N80,"") | T80: =IF($L80='11 FORMULAS'!$D$51,$C$76-($C$76*$S$76),$C$76) -> 0.8 | U80: =IF($L80='11 FORMULAS'!$D$53,$D$76-($D$76*$S$76),$D$76) -> 0.2
E81: 6 | I81: =+CONCATENATE(F81," ",G81," ",H81) | K81: =+IFERROR(VLOOKUP($J81,'11 FORMULAS'!$B$51:$C$53,2,0),"") | L81: =+IFERROR(VLOOKUP($J81,'11 FORMULAS'!$B$51:$D$53,3,0),"") | N81: =+IFERROR(VLOOKUP($M81,'11 FORMULAS'!$B$54:$C$55,2,0),"") | S81: =+IFERROR($K81+$N81,"") | T81: =IF($L81='11 FORMULAS'!$D$51,$C$76-($C$76*$S$76),$C$76) -> 0.8 | U81: =IF($L81='11 FORMULAS'!$D$53,$D$76-($D$76*$S$76),$D$76) -> 0.2
A82: ='2 IDENTIFICACIÓN'!A22 -> R13 | B82: =+'2 IDENTIFICACIÓN'!J22 -> Posibilidad de pérdida reputacional por soborno entrante en la asignación de cupos a Instituciones Educativas, al recibir o solicitar ventajas indebidas para favorecer el acceso al servicio educativo, debido a incumplimiento de los criterios de priorización establecidos en la resolución expedida por el Área de Cobertura de la Secretaría de Educación de Bucaramanga. | C82: =+'3 PROBABIL E IMPACTO INHERENTE'!E22 -> 1 | D82: =+'3 PROBABIL E IMPACTO INHERENTE'!M22 -> 0.8 | E82: 1 | F82: El profesional responsable del Área de Cobertura de la Secretaría de Educación de Bucaramanga | G82: verifica la aplicación de los criterios de priorización establecidos en la resolución vigente y los lineamientos del Ministerio de Educación Nacional para la asignación de cupos escolares, | H82: con el fin de garantizar la transparencia y objetividad en el acceso al servicio educativo. | I82: =+CONCATENATE(F82," ",G82," ",H82) -> El profesional responsable del Área de Cobertura de la Secretaría de Educación de Bucaramanga verifica la aplicación de los criterios de priorización establecidos en la resolución vigente y los lineamientos del Ministerio de Educación Nacional para la asignación de cupos escolares, con el fin de garantizar la transparencia y objetividad en el acceso al servicio educativo. | J82: Preventivo | K82: =+IFERROR(VLOOKUP($J82,'11 FORMULAS'!$B$51:$C$53,2,0),"") -> 0.25 | L82: =+IFERROR(VLOOKUP($J82,'11 FORMULAS'!$B$51:$D$53,3,0),"") -> Probabilidad | M82: Manual | N82: =+IFERROR(VLOOKUP($M82,'11 FORMULAS'!$B$54:$C$55,2,0),"") -> 0.15 | O82: Procedimientos | P82: Cuatrimestral | Q82: Con registro manual | R82: Interna | S82: =+IFERROR($K82+$N82,"") -> 0.4 | T82: =IF($L82='11 FORMULAS'!$D$51,$C$76-($C$76*$S$76),$C$76) -> 0.48 | U82: =IF($L82='11 FORMULAS'!$D$53,$D$82-($D$82*$S$82),$D$82) -> 0.8 | V82: =+IF(T87="","",T87) -> 0.8 | W82: =+IF(U87="","",U87) -> 0.8
E83: 2 | I83: =+CONCATENATE(F83," ",G83," ",H83) | K83: =+IFERROR(VLOOKUP($J83,'11 FORMULAS'!$B$51:$C$53,2,0),"") | L83: =+IFERROR(VLOOKUP($J83,'11 FORMULAS'!$B$51:$D$53,3,0),"") | N83: =+IFERROR(VLOOKUP($M83,'11 FORMULAS'!$B$54:$C$55,2,0),"") | S83: =+IFERROR($K83+$N83,"") | T83: =IF($L83='11 FORMULAS'!$D$51,$C$76-($C$76*$S$76),$C$76) -> 0.8 | U83: =IF($L83='11 FORMULAS'!$D$53,$D$82-($D$82*$S$82),$D$82) -> 0.8
E84: 3 | I84: =+CONCATENATE(F84," ",G84," ",H84) | K84: =+IFERROR(VLOOKUP($J84,'11 FORMULAS'!$B$51:$C$53,2,0),"") | L84: =+IFERROR(VLOOKUP($J84,'11 FORMULAS'!$B$51:$D$53,3,0),"") | N84: =+IFERROR(VLOOKUP($M84,'11 FORMULAS'!$B$54:$C$55,2,0),"") | S84: =+IFERROR($K84+$N84,"") | T84: =IF($L84='11 FORMULAS'!$D$51,$C$76-($C$76*$S$76),$C$76) -> 0.8 | U84: =IF($L84='11 FORMULAS'!$D$53,$D$82-($D$82*$S$82),$D$82) -> 0.8
E85: 4 | I85: =+CONCATENATE(F85," ",G85," ",H85) | K85: =+IFERROR(VLOOKUP($J85,'11 FORMULAS'!$B$51:$C$53,2,0),"") | L85: =+IFERROR(VLOOKUP($J85,'11 FORMULAS'!$B$51:$D$53,3,0),"") | N85: =+IFERROR(VLOOKUP($M85,'11 FORMULAS'!$B$54:$C$55,2,0),"") | S85: =+IFERROR($K85+$N85,"") | T85: =IF($L85='11 FORMULAS'!$D$51,$C$76-($C$76*$S$76),$C$76) -> 0.8 | U85: =IF($L85='11 FORMULAS'!$D$53,$D$82-($D$82*$S$82),$D$82) -> 0.8
E86: 5 | I86: =+CONCATENATE(F86," ",G86," ",H86) | K86: =+IFERROR(VLOOKUP($J86,'11 FORMULAS'!$B$51:$C$53,2,0),"") | L86: =+IFERROR(VLOOKUP($J86,'11 FORMULAS'!$B$51:$D$53,3,0),"") | N86: =+IFERROR(VLOOKUP($M86,'11 FORMULAS'!$B$54:$C$55,2,0),"") | S86: =+IFERROR($K86+$N86,"") | T86: =IF($L86='11 FORMULAS'!$D$51,$C$76-($C$76*$S$76),$C$76) -> 0.8 | U86: =IF($L86='11 FORMULAS'!$D$53,$D$82-($D$82*$S$82),$D$82) -> 0.8
E87: 6 | I87: =+CONCATENATE(F87," ",G87," ",H87) | K87: =+IFERROR(VLOOKUP($J87,'11 FORMULAS'!$B$51:$C$53,2,0),"") | L87: =+IFERROR(VLOOKUP($J87,'11 FORMULAS'!$B$51:$D$53,3,0),"") | N87: =+IFERROR(VLOOKUP($M87,'11 FORMULAS'!$B$54:$C$55,2,0),"") | S87: =+IFERROR($K87+$N87,"") | T87: =IF($L87='11 FORMULAS'!$D$51,$C$76-($C$76*$S$76),$C$76) -> 0.8 | U87: =IF($L87='11 FORMULAS'!$D$53,$D$82-($D$82*$S$82),$D$82) -> 0.8
A88: ='2 IDENTIFICACIÓN'!A23 -> R14 | B88: =+'2 IDENTIFICACIÓN'!J23 -> Posibilidad de pérdida reputacional por soborno entrante en los procesos de liquidación y pago de nómina del personal docente, directivo docente y administrativo, al aceptar o solicitar ventajas indebidas para autorizar pagos de salarios u horas extras diferentes a las aprobadas, debido a deficiencias en la validación de requisitos, novedades y soportes establecidos. | C88: =+'3 PROBABIL E IMPACTO INHERENTE'!E23 -> 0.8 | D88: =+'3 PROBABIL E IMPACTO INHERENTE'!M23 -> 0.6 | E88: 1 | F88: El personal encargado de nómina | G88: verifica la prenómina y los soportes de horas extras del personal docente, directivo docente y administrativo, | H88: con el fin de validar que los pagos y reconocimientos económicos correspondan a las novedades y requisitos debidamente aprobados. | I88: =+CONCATENATE(F88," ",G88," ",H88) -> El personal encargado de nómina verifica la prenómina y los soportes de horas extras del personal docente, directivo docente y administrativo, con el fin de validar que los pagos y reconocimientos económicos correspondan a las novedades y requisitos debidamente aprobados. | J88: Preventivo | K88: =+IFERROR(VLOOKUP($J88,'11 FORMULAS'!$B$51:$C$53,2,0),"") -> 0.25 | L88: =+IFERROR(VLOOKUP($J88,'11 FORMULAS'!$B$51:$D$53,3,0),"") -> Probabilidad | M88: Manual | N88: =+IFERROR(VLOOKUP($M88,'11 FORMULAS'!$B$54:$C$55,2,0),"") -> 0.15 | O88: Procedimientos | P88: Cuatrimestral | Q88: Con registro manual | R88: Interna | S88: =+IFERROR($K88+$N88,"") -> 0.4 | T88: =IF($L88='11 FORMULAS'!$D$51,$C$88-($C$88*$S$88),$C$88) -> 0.48 | U88: =IF($L88='11 FORMULAS'!$D$53,$D$88-($D$88*$S$88),$D$88) -> 0.6 | V88: =+IF(T93="","",T93) -> 0.8 | W88: =+IF(U93="","",U93) -> 0.6
E89: 2 | I89: =+CONCATENATE(F89," ",G89," ",H89) | K89: =+IFERROR(VLOOKUP($J89,'11 FORMULAS'!$B$51:$C$53,2,0),"") | L89: =+IFERROR(VLOOKUP($J89,'11 FORMULAS'!$B$51:$D$53,3,0),"") | N89: =+IFERROR(VLOOKUP($M89,'11 FORMULAS'!$B$54:$C$55,2,0),"") | S89: =+IFERROR($K89+$N89,"") | T89: =IF($L89='11 FORMULAS'!$D$51,$C$88-($C$88*$S$88),$C$88) -> 0.8 | U89: =IF($L89='11 FORMULAS'!$D$53,$D$88-($D$88*$S$88),$D$88) -> 0.6
E90: 3 | I90: =+CONCATENATE(F90," ",G90," ",H90) | K90: =+IFERROR(VLOOKUP($J90,'11 FORMULAS'!$B$51:$C$53,2,0),"") | L90: =+IFERROR(VLOOKUP($J90,'11 FORMULAS'!$B$51:$D$53,3,0),"") | N90: =+IFERROR(VLOOKUP($M90,'11 FORMULAS'!$B$54:$C$55,2,0),"") | S90: =+IFERROR($K90+$N90,"") | T90: =IF($L90='11 FORMULAS'!$D$51,$C$88-($C$88*$S$88),$C$88) -> 0.8 | U90: =IF($L90='11 FORMULAS'!$D$53,$D$88-($D$88*$S$88),$D$88) -> 0.6
E91: 4 | I91: =+CONCATENATE(F91," ",G91," ",H91) | K91: =+IFERROR(VLOOKUP($J91,'11 FORMULAS'!$B$51:$C$53,2,0),"") | L91: =+IFERROR(VLOOKUP($J91,'11 FORMULAS'!$B$51:$D$53,3,0),"") | N91: =+IFERROR(VLOOKUP($M91,'11 FORMULAS'!$B$54:$C$55,2,0),"") | S91: =+IFERROR($K91+$N91,"") | T91: =IF($L91='11 FORMULAS'!$D$51,$C$88-($C$88*$S$88),$C$88) -> 0.8 | U91: =IF($L91='11 FORMULAS'!$D$53,$D$88-($D$88*$S$88),$D$88) -> 0.6
E92: 5 | I92: =+CONCATENATE(F92," ",G92," ",H92) | K92: =+IFERROR(VLOOKUP($J92,'11 FORMULAS'!$B$51:$C$53,2,0),"") | L92: =+IFERROR(VLOOKUP($J92,'11 FORMULAS'!$B$51:$D$53,3,0),"") | N92: =+IFERROR(VLOOKUP($M92,'11 FORMULAS'!$B$54:$C$55,2,0),"") | S92: =+IFERROR($K92+$N92,"") | T92: =IF($L92='11 FORMULAS'!$D$51,$C$88-($C$88*$S$88),$C$88) -> 0.8 | U92: =IF($L92='11 FORMULAS'!$D$53,$D$88-($D$88*$S$88),$D$88) -> 0.6
E93: 6 | I93: =+CONCATENATE(F93," ",G93," ",H93) | K93: =+IFERROR(VLOOKUP($J93,'11 FORMULAS'!$B$51:$C$53,2,0),"") | L93: =+IFERROR(VLOOKUP($J93,'11 FORMULAS'!$B$51:$D$53,3,0),"") | N93: =+IFERROR(VLOOKUP($M93,'11 FORMULAS'!$B$54:$C$55,2,0),"") | S93: =+IFERROR($K93+$N93,"") | T93: =IF($L93='11 FORMULAS'!$D$51,$C$88-($C$88*$S$88),$C$88) -> 0.8 | U93: =IF($L93='11 FORMULAS'!$D$53,$D$88-($D$88*$S$88),$D$88) -> 0.6
